Workbook

Sheet ANEXO No 1
A1: INSTITUCIÓN EDUCATIVA SANTA ANA
A2: MUNICIPIO DE COLOMBIA- HUILA
A3: NIT: 813.007.522-4
A4: CODIGO DANE No.241206001078
A5: DIRECCION: VEREDA SANTA ANA
A7: ANEXO No 1o.
A8: EJECUCION PRESUPUESTAL DE INGRESOS
A9: VIGENCIA 2025 | D9: VIGENCIA 2013
G11: TRIM. 1° | I11: TRIM. 2 | L11: TRIM. 3 | N11: TRIM. 4 | O11: X
E15: ANEXO 8 | F15: ANEXO 7 | G15: ANEXO 5 | H15: ANEXO 4 | I15: ANEXO 6 | J15: ANEXO 9
A16: CÓDIGO COMPLETO | B16: NIVEL | C16: TIPO | D16: NOMBRE DE LA CUENTA | E16: VENTA DE BIENES Y SERVICIOS | F16: TRANSFERENCIAS DE OTRAS ENTIDADES DEL GOBIERNO GENERAL | G16: TRANSFERENCIAS DEPARTAMENTALES | H16: CALIDAD POR GRATUIDAD | I16: TRANSFERENCIAS MUNICIPALES | J16: RECURSOS DE CAPITAL | K16: PRESUPUESTO INICIAL | L16: MODIFICACIONES | N16: PRESUPUESTO DEFINITIVO | O16: RECAUDOS EFECTIVOS | T16: PRESUPUESTO POR EJECUTAR
L17: ADICIONES | M17: REDUCCIONES | O17: 1º TRIMESTRE | P17: 2º TRIMESTRE | Q17: 3º TRIMESTRE | R17: 4º TRIMESTRE | S17: ACUMULADO
A18: 1 | B18: 1 | C18: A | D18: Ingresos | E18: =+E19+E57 -> 0 | F18: =+F19+F57 -> 0 | G18: =+G19+G57 -> 50270000 | H18: =+H19+H57 -> 30000000 | I18: =+I19+I57 -> 10000000 | J18: =+J19 -> 500000 | K18: =+K19+K57 -> 90770000 | L18: =+L19+L57 -> 76546402 | M18: =+M19+M57 -> 0 | N18: =+N19+N57 -> 1.673164e+08 | O18: =+O19+O57 -> 1.2393101e+08 | P18: =+P19+P57 -> 1208022 | Q18: =+Q19+Q57 -> 42893392 | R18: =+R19+R57 -> 245274 | ... T18: =+T19+T57 -> -961292
A19: 1.1 | B19: 2 | C19: A | D19: Ingresos Corrientes | E19: =+E20 -> 0 | F19: =+F20 -> 0 | G19: =+G20 -> 50270000 | H19: =+H20 -> 30000000 | I19: =+I20 -> 10000000 | J19: =+J20 -> 500000 | K19: =+K20 -> 90270000 | L19: =+L20 -> 68741666 | ... T19: =+T20 -> 0
A20: 1.1.02 | B20: 3 | C20: A | D20: Ingresos no tributarios | E20: =+E21 -> 0 | F20: =+F47 -> 0 | G20: =+G50 -> 50270000 | H20: =+H45 -> 30000000 | I20: =+I54 -> 10000000 | J20: =+J57 -> 500000 | K20: =+K21+K42 -> 90270000 | L20: =+L21+L42 -> 68741666 | M20: =+M21+M42 -> 0 | N20: =+N21+N42 -> 159011666 | O20: =+O21+O42 -> 1.1606586e+08 | P20: =+P21+P42 -> 663465 | Q20: =+Q21+Q42 -> 42282342 | R20: =+R21+R42 -> 0 | ... T20: =+T21+T42 -> 0
A21: 1.1.02.05 | B21: 4 | C21: A | D21: Venta de bienes y servicios | E21: =+E22 -> 0 | F21: =+F22 -> 0 | G21: =+G22 -> 0 | H21: =+H22 -> 0 | I21: =+I22 -> 0 | J21: =+J22 -> 0 | K21: =+K22 -> 0 | L21: =+L22 -> 0 | ... T21: =+T22 -> 0
A22: 1.1.02.05.002 | B22: 5 | C22: A | D22: Ventas incidentales de establecimientos no de mercado | E22: =+E23+E27+E29+E33 -> 0 | F22: =+F23+F27+F29+F33 -> 0 | G22: =+G23+G27+G29+G33 -> 0 | H22: =+H23+H27+H29+H33 -> 0 | I22: =+I23+I27+I29+I33 -> 0 | J22: =+J23+J27+J29+J33 -> 0 | K22: =+K23+K27+K29+K33 -> 0 | L22: =+L23+L27+L29+L33 -> 0 | ... T22: =+T23+T27+T29+T33 -> 0
A23: 1.1.02.05.002.00 | B23: 6 | C23: A | D23: Agricultura, silvicultura y productos de la pesca | E23: =SUM(E24:E26) -> 0 | F23: =SUM(F24:F26) -> 0 | G23: =SUM(G24:G26) -> 0 | H23: =SUM(H24:H26) -> 0 | I23: =SUM(I24:I26) -> 0 | J23: =SUM(J24:J26) -> 0 | K23: =SUM(K24:K26) -> 0 | L23: =SUM(L24:L26) -> 0 | ... T23: =SUM(T24:T26) -> 0
A24: 1.1.02.05.002.00.01 | B24: 7 | C24: C | D24: Productos de la agricultura y la horticultura | K24: =SUM(E24:J24) -> 0 | N24: =+K24+L24-M24 -> 0 | S24: =SUM(O24:R24) -> 0 | T24: =+N24-S24 -> 0
A25: 1.1.02.05.002.00.02 | B25: 7 | C25: C | D25: Animales vivos y productos animales (Excepto la carne) | K25: =SUM(E25:J25) -> 0 | N25: =+K25+L25-M25 -> 0 | S25: =SUM(O25:R25) -> 0 | T25: =+N25-S25 -> 0
A26: 1.1.02.05.002.00.03 | B26: 7 | C26: C | D26: Pescado y otros productos de la pesca | K26: =SUM(E26:J26) -> 0 | N26: =+K26+L26-M26 -> 0 | S26: =SUM(O26:R26) -> 0 | T26: =+N26-S26 -> 0
A27: 1.1.02.05.002.06 | B27: 6 | C27: A | D27: Servicios de alojamiento; servicios de suministro de comidas y bebidas; servicios de transporte; y servicios de distribución de electricidad, gas y agua | E27: =+E28 -> 0 | F27: =+F28 -> 0 | G27: =+G28 -> 0 | H27: =+H28 -> 0 | I27: =+I28 -> 0 | J27: =+J28 -> 0 | K27: =+K28 -> 0 | L27: =+L28 -> 0 | ... T27: =+T28 -> 0
A28: 1.1.02.05.002.06.01 | B28: 7 | C28: C | D28: Venta alimentos de procesados | K28: =SUM(E28:J28) -> 0 | N28: =+K28+L28-M28 -> 0 | S28: =SUM(O28:R28) -> 0 | T28: =+N28-S28 -> 0
A29: 1.1.02.05.002.07 | B29: 6 | C29: A | D29: Servicios financieros y servicios conexos, servicios inmobiliarios y servicios de leasing | E29: =+E30+E31+E32 -> 0 | F29: =+F30+F31+F32 -> 0 | G29: =+G30+G31+G32 -> 0 | H29: =+H30+H31+H32 -> 0 | I29: =+I30+I31+I32 -> 0 | J29: =+J30+J31+J32 -> 0 | K29: =+K30+K31+K32 -> 0 | L29: =+L30+L31+L32 -> 0 | ... T29: =+T30+T31+T32 -> 0
A30: 1.1.02.05.002.07.01 | B30: 7 | C30: C | D30: Arrendamiento Tienda Escolar | K30: =SUM(E30:J30) -> 0 | N30: =+K30+L30-M30 -> 0 | S30: =SUM(O30:R30) -> 0 | T30: =+N30-S30 -> 0
A31: 1.1.02.05.002.07.02 | B31: 7 | C31: C | D31: Arrendamiento de Muebles y equipos | K31: =SUM(E31:J31) -> 0 | N31: =+K31+L31-M31 -> 0 | S31: =SUM(O31:R31) -> 0 | T31: =+N31-S31 -> 0
A32: 1.1.02.05.002.07.03 | B32: 7 | C32: C | D32: Arrendamiento Otros espacios fisicos | K32: =SUM(E32:J32) -> 0 | N32: =+K32+L32-M32 -> 0 | S32: =SUM(O32:R32) -> 0 | T32: =+N32-S32 -> 0
A33: 1.1.02.05.002.09 | B33: 6 | C33: A | D33: Servicios para la comunidad, sociales y personales | E33: =+E34+E38+E39+E40+E41 -> 0 | F33: =+F34+F38+F39+F40+F41 -> 0 | G33: =+G34+G38+G39+G40+G41 -> 0 | H33: =+H34+H38+H39+H40+H41 -> 0 | I33: =+I34+I38+I39+I40+I41 -> 0 | J33: =+J34+J38+J39+J40+J41 -> 0 | K33: =+K34+K38+K39+K40+K41 -> 0 | L33: =+L34+L38+L39+L40+L41 -> 0 | ... T33: =+T34+T38+T39+T40+T41 -> 0
A34: 1.1.02.05.002.09.01 | B34: 7 | C34: A | D34: Nivel Ciclo Complementario | E34: =SUM(E35:E37) -> 0 | F34: =SUM(F35:F37) -> 0 | G34: =SUM(G35:G37) -> 0 | H34: =SUM(H35:H37) -> 0 | I34: =SUM(I35:I37) -> 0 | J34: =SUM(J35:J37) -> 0 | K34: =SUM(K35:K37) -> 0 | L34: =SUM(L35:L37) -> 0 | ... T34: =SUM(T35:T37) -> 0
A35: 1.1.02.05.002.09.01.01 | B35: 8 | C35: C | D35: Matricula | K35: =SUM(E35:J35) -> 0 | N35: =+K35+L35-M35 -> 0 | S35: =SUM(O35:R35) -> 0 | T35: =+N35-S35 -> 0
A36: 1.1.02.05.002.09.01.02 | B36: 8 | C36: C | D36: Constancias y certificados de estudio | K36: =SUM(E36:J36) -> 0 | N36: =+K36+L36-M36 -> 0 | S36: =SUM(O36:R36) -> 0 | T36: =+N36-S36 -> 0
A37: 1.1.02.05.002.09.01.03 | B37: 8 | C37: C | D37: Derechos de grado | K37: =SUM(E37:J37) -> 0 | N37: =+K37+L37-M37 -> 0 | S37: =SUM(O37:R37) -> 0 | T37: =+N37-S37 -> 0
A38: 1.1.02.05.002.09.02 | B38: 7 | C38: C | D38: Registro Escolar o Certificados de Estudios | K38: =SUM(E38:J38) -> 0 | N38: =+K38+L38-M38 -> 0 | S38: =SUM(O38:R38) -> 0 | T38: =+N38-S38 -> 0
A39: 1.1.02.05.002.09.03 | B39: 7 | C39: C | D39: Constancias | K39: =SUM(E39:J39) -> 0 | N39: =+K39+L39-M39 -> 0 | S39: =SUM(O39:R39) -> 0 | T39: =+N39-S39 -> 0
A40: 1.1.02.05.002.09.04 | B40: 7 | C40: C | D40: Duplicado titulo de Bachiller y Actas de Grado | K40: =SUM(E40:J40) -> 0 | N40: =+K40+L40-M40 -> 0 | S40: =SUM(O40:R40) -> 0 | T40: =+N40-S40 -> 0
A41: 1.1.02.05.002.09.05 | B41: 7 | C41: C | D41: Duplicado certificado de Bachiller Básico | K41: =SUM(E41:J41) -> 0 | N41: =+K41+L41-M41 -> 0 | S41: =SUM(O41:R41) -> 0 | T41: =+N41-S41 -> 0
A42: 1.1.02.06 | B42: 4 | C42: A | D42: Transferencias corrientes | E42: =+E43+E47+E49 -> 0 | F42: =+F43+F47+F49 -> 0 | G42: =+G43+G47+G49 -> 50270000 | H42: =+H43+H47+H49 -> 30000000 | I42: =+I43+I47+I49 -> 10000000 | J42: =+J43+J47+J49 -> 0 | K42: =+K43+K47+K49 -> 90270000 | L42: =+L43+L47+L49 -> 68741666 | ... T42: =+T43+T47+T49 -> 0
A43: 1.1.02.06.001 | B43: 5 | C43: A | D43: Sistema General de Participaciones | E43: =+E44 -> 0 | F43: =+F44 -> 0 | G43: =+G44 -> 0 | H43: =+H44 -> 30000000 | I43: =+I44 -> 0 | J43: =+J44 -> 0 | K43: =+K44 -> 30000000 | L43: =+L44 -> 58783516 | ... T43: =+T44 -> 0
A44: 1.1.02.06.001.01 | B44: 6 | C44: A | D44: Participación para educación | E44: =+E45 -> 0 | F44: =+F45 -> 0 | G44: =+G45 -> 0 | H44: =+H45 -> 30000000 | I44: =+I45 -> 0 | J44: =+J45 -> 0 | K44: =+K45 -> 30000000 | L44: =+L45 -> 58783516 | ... T44: =+T45 -> 0
A45: 1.1.02.06.001.01.03 | B45: 7 | C45: A | D45: Calidad | E45: =+E46 -> 0 | F45: =+F46 -> 0 | G45: =+G46 -> 0 | H45: =+H46 -> 30000000 | I45: =+I46 -> 0 | J45: =+J46 -> 0 | K45: =+K46 -> 30000000 | L45: =+L46 -> 58783516 | ... T45: =+T46 -> 0
A46: 1.1.02.06.001.01.03.02 | B46: 8 | C46: C | D46: Calidad por gratuidad | H46: 30000000 | K46: =SUM(E46:J46) -> 30000000 | L46: 58783516 | N46: =+K46+L46-M46 -> 88783516 | O46: 88783516 | P46: 0 | S46: =SUM(O46:R46) -> 88783516 | T46: =+N46-S46 -> 0
A47: 1.1.02.06.006 | B47: 5 | C47: A | D47: Transferencias de otras entidades del gobierno general | E47: =+E48 -> 0 | F47: =+F48 -> 0 | G47: =+G48 -> 0 | H47: =+H48 -> 0 | I47: =+I48 -> 0 | J47: =+J48 -> 0 | K47: =+K48 -> 0 | L47: =+L48 -> 0 | ... T47: =+T48 -> 0
A48: 1.1.02.06.006.01 | B48: 6 | C48: C | D48: Aportes Nación | K48: =SUM(E48:J48) -> 0 | N48: =+K48+L48-M48 -> 0 | S48: =SUM(O48:R48) -> 0 | T48: =+N48-S48 -> 0
A49: 1.1.02.06.006.06 | B49: 6 | C49: A | D49: Otras unidades de gobierno | E49: =+E50+E54 -> 0 | F49: =+F50+F54 -> 0 | G49: =+G50+G54 -> 50270000 | H49: =+H50+H54 -> 0 | I49: =+I50+I54 -> 10000000 | J49: =+J50+J54 -> 0 | K49: =+K50+K54 -> 60270000 | L49: =+L50+L54 -> 9958150 | ... T49: =+T50+T54 -> 0
A50: 1.1.02.06.006.06.01 | B50: 7 | C50: A | D50: Transferencias Departamentales | E50: =SUM(E51:E53) -> 0 | F50: =SUM(F51:F53) -> 0 | G50: =SUM(G51:G53) -> 50270000 | H50: =SUM(H51:H53) -> 0 | I50: =SUM(I51:I53) -> 0 | J50: =SUM(J51:J53) -> 0 | K50: =SUM(K51:K53) -> 50270000 | L50: =SUM(L51:L53) -> 4958150 | ... T50: =SUM(T51:T53) -> 0
A51: 1.1.02.06.006.06.01.01 | B51: 8 | C51: C | D51: Calidad Departamento SGP | G51: 50270000 | K51: =SUM(E51:J51) -> 50270000 | L51: =4958150 -> 4958150 | N51: =+K51+L51-M51 -> 55228150 | O51: 27282342 | P51: 663465 | Q51: 27282342 | S51: =SUM(O51:R51) -> 55228150 | T51: =+N51-S51 -> 0
A52: 1.1.02.06.006.06.01.02 | B52: 8 | C52: C | D52: Recursos Propios Departamentales | K52: =SUM(E52:J52) -> 0 | N52: =+K52+L52-M52 -> 0 | S52: =SUM(O52:R52) -> 0 | T52: =+N52-S52 -> 0
A53: 1.1.02.06.006.06.01.03 | B53: 8 | C53: C | D53: Otros Aportes Departamentales | K53: =SUM(E53:J53) -> 0 | N53: =+K53+L53-M53 -> 0 | S53: =SUM(O53:R53) -> 0 | T53: =+N53-S53 -> 0
A54: 1.1.02.06.006.06.02 | B54: 7 | C54: A | D54: Transferencias Municipales | E54: =SUM(E55:E56) -> 0 | F54: =SUM(F55:F56) -> 0 | G54: =SUM(G55:G56) -> 0 | H54: =SUM(H55:H56) -> 0 | I54: =SUM(I55:I56) -> 10000000 | J54: =SUM(J55:J56) -> 0 | K54: =SUM(K55:K56) -> 10000000 | L54: =SUM(L55:L56) -> 5000000 | ... T54: =SUM(T55:T56) -> 0
A55: 1.1.02.06.006.06.02.01 | B55: 8 | C55: C | D55: Calidad Municipio SGP | I55: 10000000 | K55: =SUM(E55:J55) -> 10000000 | L55: 5000000 | N55: =+K55+L55-M55 -> 15000000 | Q55: 15000000 | S55: =SUM(O55:R55) -> 15000000 | T55: =+N55-S55 -> 0
A56: 1.1.02.06.006.06.02.02 | B56: 8 | C56: C | D56: Otros Aportes Municipales | K56: =SUM(E56:J56) -> 0 | N56: =+K56+L56-M56 -> 0 | S56: =SUM(O56:R56) -> 0 | T56: =+N56-S56 -> 0
A57: 1.2 | B57: 2 | C57: A | D57: Recursos de capital | E57: =+E58+E61+E67+E75+E81 -> 0 | F57: =+F58+F61+F67+F75+F81 -> 0 | G57: =+G58+G61+G67+G75+G81 -> 0 | H57: =+H58+H61+H67+H75+H81 -> 0 | I57: =+I58+I61+I67+I75+I81 -> 0 | J57: =+J58+J61+J67+J75+J81 -> 500000 | K57: =+K58+K61+K67+K75+K81 -> 500000 | L57: =+L58+L61+L67+L75+L81 -> 7804736.4 | ... T57: =+T58+T61+T67+T75+T81 -> -961292
A58: 1.2.01.02 | B58: 4 | C58: A | D58: Disposición de activos no financieros | E58: =+E59 -> 0 | F58: =+F59 -> 0 | G58: =+G59 -> 0 | H58: =+H59 -> 0 | I58: =+I59 -> 0 | J58: =+J59 -> 0 | K58: =+K59 -> 0 | L58: =+L59 -> 0 | ... T58: =+T59 -> 0
A59: 1.2.01.02.001 | B59: 5 | C59: A | D59: Disposición de activos fijos | E59: =+E60 -> 0 | F59: =+F60 -> 0 | G59: =+G60 -> 0 | H59: =+H60 -> 0 | I59: =+I60 -> 0 | J59: =+J60 -> 0 | K59: =+K60 -> 0 | L59: =+L60 -> 0 | ... T59: =+T60 -> 0
A60: 1.2.01.02.001.02 | B60: 6 | C60: C | D60: Disposición de maquinaria y equipo | K60: =SUM(E60:J60) -> 0 | N60: =+K60+L60-M60 -> 0 | S60: =SUM(O60:R60) -> 0 | T60: =+N60-S60 -> 0
A61: 1.2.05 | B61: 3 | C61: A | D61: Rendimientos financieros | E61: =+E62 -> 0 | F61: =+F62 -> 0 | G61: =+G62 -> 0 | H61: =+H62 -> 0 | I61: =+I62 -> 0 | J61: =+J62 -> 500000 | K61: =+K62 -> 500000 | L61: =+L62 -> 0 | ... T61: =+T62 -> -956292
A62: 1.2.05.02 | B62: 4 | C62: A | D62: Depósitos | E62: =SUM(E63:E66) -> 0 | F62: =SUM(F63:F66) -> 0 | G62: =SUM(G63:G66) -> 0 | H62: =SUM(H63:H66) -> 0 | I62: =SUM(I63:I66) -> 0 | J62: =SUM(J63:J66) -> 500000 | K62: =SUM(K63:K66) -> 500000 | L62: =SUM(L63:L66) -> 0 | ... T62: =SUM(T63:T66) -> -956292
A63: 1.2.05.02.01 | B63: 5 | C63: C | D63: Rendimientos - Gratuidad | J63: 250000 | K63: =SUM(E63:J63) -> 250000 | N63: =+K63+L63-M63 -> 250000 | O63: 38829 | P63: =395502+342 -> 395844 | Q63: 445660 | R63: 175241 | S63: =SUM(O63:R63) -> 1055574 | T63: =+N63-S63 -> -805574
A64: 1.2.05.02.02 | B64: 5 | C64: C | D64: Rendimientos - Recursos Propios | K64: =SUM(E64:J64) -> 0 | N64: =+K64+L64-M64 -> 0 | Q64: 49 | R64: 19 | S64: =SUM(O64:R64) -> 68 | T64: =+N64-S64 -> -68
A65: 1.2.05.02.03 | B65: 5 | C65: C | D65: Rendimientos - Calidad | J65: 250000 | K65: =SUM(E65:J65) -> 250000 | N65: =+K65+L65-M65 -> 250000 | O65: 25303 | P65: 144993 | Q65: 165340 | R65: 65014 | S65: =SUM(O65:R65) -> 400650 | T65: =+N65-S65 -> -150650
A66: 1.2.05.02.04 | B66: 5 | C66: C | D66: Rendimientos - Otras Fuentes | K66: =SUM(E66:J66) -> 0 | N66: =+K66+L66-M66 -> 0 | S66: =SUM(O66:R66) -> 0 | T66: =+N66-S66 -> 0
A67: 1.2.08 | B67: 3 | C67: A | D67: Transferencias de capital | E67: =E68+E71+E73 -> 0 | F67: =F68+F71+F73 -> 0 | G67: =G68+G71+G73 -> 0 | H67: =H68+H71+H73 -> 0 | I67: =I68+I71+I73 -> 0 | J67: =J68+J71+J73 -> 0 | K67: =K68+K71+K73 -> 0 | L67: =L68+L71+L73 -> 10000 | ... T67: =T68+T71+T73 -> -5000
A68: 1.2.08.01 | B68: 4 | C68: A | D68: Donaciones | E68: =+E69 -> 0 | F68: =+F69 -> 0 | G68: =+G69 -> 0 | H68: =+H69 -> 0 | I68: =+I69 -> 0 | J68: =+J69 -> 0 | K68: =+K69 -> 0 | L68: =+L69 -> 10000 | ... T68: =+T69 -> -5000
A69: 1.2.08.01.003 | B69: 5 | C69: A | D69: Del sector privado | E69: =E70 -> 0 | F69: =F70 -> 0 | G69: =G70 -> 0 | H69: =H70 -> 0 | I69: =I70 -> 0 | J69: =J70 -> 0 | K69: =K70 -> 0 | L69: =L70 -> 10000 | ... T69: =T70 -> -5000
A70: 1.2.08.01.003.01 | B70: 6 | C70: C | D70: No condicionadas a la adquisición de un activo | K70: =SUM(E70:J70) -> 0 | L70: 10000 | N70: =+K70+L70-M70 -> 10000 | O70: 10000 | R70: 5000 | S70: =SUM(O70:R70) -> 15000 | T70: =+N70-S70 -> -5000
A71: 1.2.08.02 | B71: 4 | C71: A | D71: Indemnizaciones relacionadas con seguros no de vida | E71: =+E72 -> 0 | F71: =+F72 -> 0 | G71: =+G72 -> 0 | H71: =+H72 -> 0 | I71: =+I72 -> 0 | J71: =+J72 -> 0 | K71: =+K72 -> 0 | L71: =+L72 -> 0 | ... T71: =+T72 -> 0
A72: 1.2.08.02.01 | B72: 5 | C72: C | D72: Indemnización pólizas | K72: =SUM(E72:J72) -> 0 | N72: =+K72+L72-M72 -> 0 | S72: =SUM(O72:R72) -> 0 | T72: =+N72-S72 -> 0
A73: 1.2.08.03 | B73: 4 | C73: A | D73: Compensaciones de capital | E73: =+E74 -> 0 | F73: =+F74 -> 0 | G73: =+G74 -> 0 | H73: =+H74 -> 0 | I73: =+I74 -> 0 | J73: =+J74 -> 0 | K73: =+K74 -> 0 | L73: =+L74 -> 0 | ... T73: =+T74 -> 0
A74: 1.2.08.03.001 | B74: 5 | C74: C | D74: Resarcimiento por procesos de gestión fiscal | K74: =SUM(E74:J74) -> 0 | N74: =+K74+L74-M74 -> 0 | S74: =SUM(O74:R74) -> 0 | T74: =+N74-S74 -> 0
A75: 1.2.10 | B75: 3 | C75: A | D75: Recursos del balance | E75: =+E76 -> 0 | F75: =+F76 -> 0 | G75: =+G76 -> 0 | H75: =+H76 -> 0 | I75: =+I76 -> 0 | J75: =+J76 -> 0 | K75: =+K76 -> 0 | L75: =+L76 -> 7791016.4 | ... T75: =+T76 -> 0
A76: 1.2.10.02 | B76: 4 | C76: A | D76: Superávit fiscal | E76: =SUM(E77:E80) -> 0 | F76: =SUM(F77:F80) -> 0 | G76: =SUM(G77:G80) -> 0 | H76: =SUM(H77:H80) -> 0 | I76: =SUM(I77:I80) -> 0 | J76: =SUM(J77:J80) -> 0 | K76: =SUM(K77:K80) -> 0 | L76: =SUM(L77:L80) -> 7791016.4 | ... T76: =SUM(T77:T80) -> 0
A77: 1.2.10.02.01 | B77: 5 | C77: C | D77: Superávit - Gratuidad | K77: =SUM(E77:J77) -> 0 | L77: 2040931.4 | N77: =+K77+L77-M77 -> 2040931.4 | O77: 2040931.4 | S77: =SUM(O77:R77) -> 2040931.4 | T77: =+N77-S77 -> 0
A78: 1.2.10.02.02 | B78: 5 | C78: C | D78: Superávit - Recursos Propios | K78: =SUM(E78:J78) -> 0 | N78: =+K78+L78-M78 -> 0 | S78: =SUM(O78:R78) -> 0 | T78: =+N78-S78 -> 0
A79: 1.2.10.02.03 | B79: 5 | C79: C | D79: Superávit - Calidad | K79: =SUM(E79:J79) -> 0 | L79: 5750085 | N79: =+K79+L79-M79 -> 5750085 | O79: 5750085 | S79: =SUM(O79:R79) -> 5750085 | T79: =+N79-S79 -> 0
A80: 1.2.10.02.04 | B80: 5 | C80: C | D80: Superávit - Otras Fuentes | K80: =SUM(E80:J80) -> 0 | N80: =+K80+L80-M80 -> 0 | S80: =SUM(O80:R80) -> 0 | T80: =+N80-S80 -> 0
A81: 1.2.13 | B81: 3 | C81: A | D81: Reintegros y otros recursos no apropiados | E81: =+E82+E87 -> 0 | F81: =+F82+F87 -> 0 | G81: =+G82+G87 -> 0 | H81: =+H82+H87 -> 0 | I81: =+I82+I87 -> 0 | J81: =+J82+J87 -> 0 | K81: =+K82+K87 -> 0 | L81: =+L82+L87 -> 3720 | ... T81: =+T82+T87 -> 0
A82: 1.2.13.01 | B82: 4 | C82: A | D82: Reintegros | E82: =SUM(E83:E86) -> 0 | F82: =SUM(F83:F86) -> 0 | G82: =SUM(G83:G86) -> 0 | H82: =SUM(H83:H86) -> 0 | I82: =SUM(I83:I86) -> 0 | J82: =SUM(J83:J86) -> 0 | K82: =SUM(K83:K86) -> 0 | L82: =SUM(L83:L86) -> 0 | ... T82: =SUM(T83:T86) -> 0
A83: 1.2.13.01.01 | B83: 5 | C83: C | D83: Reintegros - Gratuidad | K83: =SUM(E83:J83) -> 0 | N83: =+K83+L83-M83 -> 0 | S83: =SUM(O83:R83) -> 0 | T83: =+N83-S83 -> 0
A84: 1.2.13.01.02 | B84: 5 | C84: C | D84: Reintegros - Recursos Propios | K84: =SUM(E84:J84) -> 0 | N84: =+K84+L84-M84 -> 0 | S84: =SUM(O84:R84) -> 0 | T84: =+N84-S84 -> 0
A85: 1.2.13.01.03 | B85: 5 | C85: C | D85: Reintegros - Calidad | K85: =SUM(E85:J85) -> 0 | N85: =+K85+L85-M85 -> 0 | S85: =SUM(O85:R85) -> 0 | T85: =+N85-S85 -> 0
A86: 1.2.13.01.04 | B86: 5 | C86: C | D86: Reintegros - Otras Fuentes | K86: =SUM(E86:J86) -> 0 | N86: =+K86+L86-M86 -> 0 | S86: =SUM(O86:R86) -> 0 | T86: =+N86-S86 -> 0
A87: 1.2.13.02 | B87: 4 | C87: A | D87: Recursos no apropiados | E87: =SUM(E88:E90) -> 0 | F87: =SUM(F88:F90) -> 0 | G87: =SUM(G88:G90) -> 0 | H87: =SUM(H88:H90) -> 0 | I87: =SUM(I88:I90) -> 0 | J87: =SUM(J88:J90) -> 0 | K87: =SUM(K88:K90) -> 0 | L87: =SUM(L88:L90) -> 3720 | ... T87: =SUM(T88:T90) -> 0
A88: 1.2.13.02.01 | B88: 5 | C88: C | D88: Porcentaje de utilidad de alquiler | K88: =SUM(E88:J88) -> 0 | N88: =+K88+L88-M88 -> 0 | S88: =SUM(O88:R88) -> 0 | T88: =+N88-S88 -> 0
A89: 1.2.13.02.02 | B89: 5 | C89: C | D89: Alquiler beneficiadero de café | K89: =SUM(E89:J89) -> 0 | N89: =+K89+L89-M89 -> 0 | S89: =SUM(O89:R89) -> 0 | T89: =+N89-S89 -> 0
A90: 1.2.13.02.03 | B90: 5 | C90: C | D90: Cuentas por cobrar no adionadas en el superávit fiscal | K90: =SUM(E90:J90) -> 0 | L90: 3720 | N90: =+K90+L90-M90 -> 3720 | P90: 3720 | S90: =SUM(O90:R90) -> 3720 | T90: =+N90-S90 -> 0
D92: DIFERENCIAS ANEXO 3 - 1 | S92: =+S18-'ANEXO No 3'!AJ592 -> 0
A96: NOMBRE | D96: FABIO ORTIGOZA TORRES
A97: C.C. No | D97: 12121642
A98: Rector(a) o Director(a) Rural | D98: Rector
A99: Manifiesto que la información diligenciada se encuentra registrada en los libros y soportes financieros, salvaguardados en el archivo del Establecimiento Educativo
A105: Nota 1: La columna de "Recaudos Efectivos" debe ser concordante con el total del Anexo 3
A106: Nota 2: En la aplicación del Gasto debe tener encuenta Ley 715 de 2001, el Decreto Nacional No 1075 del 26 de Mayo de 2015, Decreto Nacional No.0846 del 29 de mayo de 2023, Guia M.E.N Fondo de Servicios Educativos, la Circular del M.E.N No. 005 del 31 de Marzo de 2009, Directiva Ministerial No. 012 de 2008, Decreto Departamental No. 464 del 09 de Mayo de 2007 , Circulares de la Secretaria de Educación y demás normatividad aplicable

Sheet ANEXO No 2
A1: ='ANEXO No 1'!A1:T1 -> INSTITUCIÓN EDUCATIVA SANTA ANA
A2: ='ANEXO No 1'!A2:T2 -> MUNICIPIO DE COLOMBIA- HUILA
A3: ='ANEXO No 1'!A3:T3 -> NIT: 813.007.522-4
A4: ='ANEXO No 1'!A4:T4 -> CODIGO DANE No.241206001078
A5: ='ANEXO No 1'!A5:T5 -> DIRECCION: VEREDA SANTA ANA
A7: ANEXO No 2
A8: EJECUCION PRESUPUESTAL DE GASTOS E INVERSIÓN
A9: ='ANEXO No 1'!A9:T9 -> VIGENCIA 2025
F11: TRIM. 1° | G11: ='ANEXO No 1'!H11 -> 0 | H11: TRIM. 2 | I11: ='ANEXO No 1'!J11 -> 0 | J11: TRIM. 3 | K11: ='ANEXO No 1'!M11 -> 0 | L11: TRIM. 4 | M11: ='ANEXO No 1'!O11 -> X
A14: CÓDIGO COMPLETO | B14: NIVEL | C14: TIPO | D14: NOMBRE DE LA CUENTA | E14: PRESUPUESTO INICIAL (1) | F14: MODIFICACIONES | J14: PRESUPUESTO DEFINITIVO 1+2-3+4-5 = (6) | K14: DISPONIBILIDAD (CDP) (7) | L14: COMPROMISO (RP) (8) | M14: OBLIGACIONES (9) | N14: PAGOS (10) | O14: APROPIACIÓN DISPONIBLE 6 - 7 = (11) | P14: PRESUPUESTO POR EJECUTAR 6 - 8 = (12)
F15: ADICIONES (2) | G15: REDUCCIONES (3) | H15: CREDITOS (4) | I15: CONTRACREDITOS (5)
A16: 2 | B16: 1 | C16: A | D16: Gastos | E16: =+E17 -> 90770000 | F16: =+F17 -> 76546402 | G16: =+G17 -> 0 | H16: =+H17 -> 2096280 | I16: =+I17 -> 2096280 | J16: =+J17 -> 1.673164e+08 | K16: =+K17 -> 147752288 | L16: =+L17 -> 147752288 | ... P16: =+P17 -> 19564114
A17: 2.1 | B17: 2 | C17: A | D17: Funcionamiento | E17: =+E18+E112 -> 90770000 | F17: =+F18+F112 -> 76546402 | G17: =+G18+G112 -> 0 | H17: =+H18+H112 -> 2096280 | I17: =+I18+I112 -> 2096280 | J17: =+J18+J112 -> 1.673164e+08 | K17: =+K18+K112 -> 147752288 | L17: =+L18+L112 -> 147752288 | ... P17: =+P18+P112 -> 19564114
A18: 2.1.2 | B18: 3 | C18: A | D18: Adquisición de bienes y servicios | E18: =+E19+E65 -> 90770000 | F18: =+F19+F65 -> 76440122 | G18: =+G19+G65 -> 0 | H18: =+H19+H65 -> 2096280 | I18: =+I19+I65 -> 2000000 | J18: =+J19+J65 -> 167306402 | K18: =+K19+K65 -> 147752288 | L18: =+L19+L65 -> 147752288 | ... P18: =+P19+P65 -> 19554114
A19: 2.1.2.01 | B19: 4 | C19: A | D19: Adquisición de activos no financieros | E19: =+E20+E43+E53 -> 4600000 | F19: =+F20+F43+F53 -> 30000000 | G19: =+G20+G43+G53 -> 0 | H19: =+H20+H43+H53 -> 1500000 | I19: =+I20+I43+I53 -> 0 | J19: =+J20+J43+J53 -> 36100000 | K19: =+K20+K43+K53 -> 32500000 | L19: =+L20+L43+L53 -> 32500000 | ... P19: =+P20+P43+P53 -> 3600000
A20: 2.1.2.01.01 | B20: 5 | C20: A | D20: Activos Fijos | E20: =+E21 -> 2600000 | F20: =+F21 -> 20000000 | G20: =+G21 -> 0 | H20: =+H21 -> 1500000 | I20: =+I21 -> 0 | J20: =+J21 -> 24100000 | K20: =+K21 -> 23500000 | L20: =+L21 -> 23500000 | ... P20: =+P21 -> 600000
A21: 2.1.2.01.01.003 | B21: 6 | C21: A | D21: Maquinaria y equipo | E21: =+E22+E25+E30+E32+E39 -> 2600000 | F21: =+F22+F25+F30+F32+F39 -> 20000000 | G21: =+G22+G25+G30+G32+G39 -> 0 | H21: =+H22+H25+H30+H32+H39 -> 1500000 | I21: =+I22+I25+I30+I32+I39 -> 0 | J21: =+J22+J25+J30+J32+J39 -> 24100000 | K21: =+K22+K25+K30+K32+K39 -> 23500000 | L21: =+L22+L25+L30+L32+L39 -> 23500000 | ... P21: =+P22+P25+P30+P32+P39 -> 600000
A22: 2.1.2.01.01.003.01 | B22: 7 | C22: A | D22: Maquinaria para uso general | E22: =SUM(E23:E24) -> 0 | F22: =SUM(F23:F24) -> 0 | G22: =SUM(G23:G24) -> 0 | H22: =SUM(H23:H24) -> 0 | I22: =SUM(I23:I24) -> 0 | J22: =SUM(J23:J24) -> 0 | K22: =SUM(K23:K24) -> 0 | L22: =SUM(L23:L24) -> 0 | ... P22: =SUM(P23:P24) -> 0
A23: 2.1.2.01.01.003.01.02 | B23: 8 | C23: C | D23: Bombas, compresores, motores de fuerza hidráulica y motores de potencia neumática y válvulas y sus partes y piezas | E23: =+'ANEXO No 4'!E23+'ANEXO No 5'!E23+'ANEXO No 6 '!E23+'ANEXO No 7'!E23+'ANEXO No 8'!E23+'ANEXO No 9'!E23 -> 0 | F23: =+'ANEXO No 4'!F23+'ANEXO No 5'!F23+'ANEXO No 6 '!F23+'ANEXO No 7'!F23+'ANEXO No 8'!F23+'ANEXO No 9'!F23 -> 0 | G23: =+'ANEXO No 4'!G23+'ANEXO No 5'!G23+'ANEXO No 6 '!G23+'ANEXO No 7'!G23+'ANEXO No 8'!G23+'ANEXO No 9'!G23 -> 0 | H23: =+'ANEXO No 4'!H23+'ANEXO No 5'!H23+'ANEXO No 6 '!H23+'ANEXO No 7'!H23+'ANEXO No 8'!H23+'ANEXO No 9'!H23 -> 0 | I23: =+'ANEXO No 4'!I23+'ANEXO No 5'!I23+'ANEXO No 6 '!I23+'ANEXO No 7'!I23+'ANEXO No 8'!I23+'ANEXO No 9'!I23 -> 0 | J23: =+'ANEXO No 4'!J23+'ANEXO No 5'!J23+'ANEXO No 6 '!J23+'ANEXO No 7'!J23+'ANEXO No 8'!J23+'ANEXO No 9'!J23 -> 0 | K23: =+'ANEXO No 4'!O23+'ANEXO No 5'!O23+'ANEXO No 6 '!O23+'ANEXO No 7'!O23+'ANEXO No 8'!O23+'ANEXO No 9'!O23 -> 0 | L23: =+'ANEXO No 4'!P23+'ANEXO No 5'!P23+'ANEXO No 6 '!P23+'ANEXO No 7'!P23+'ANEXO No 8'!P23+'ANEXO No 9'!P23 -> 0 | M23: =+'ANEXO No 4'!U23+'ANEXO No 5'!U23+'ANEXO No 6 '!U23+'ANEXO No 7'!U23+'ANEXO No 8'!U23+'ANEXO No 9'!U23 -> 0 | N23: =+'ANEXO No 4'!Z23+'ANEXO No 5'!Z23+'ANEXO No 6 '!Z23+'ANEXO No 7'!Z23+'ANEXO No 8'!Z23+'ANEXO No 9'!Z23 -> 0 | O23: =+J23-K23 -> 0 | P23: =+J23-L23 -> 0
A24: 2.1.2.01.01.003.01.06 | B24: 8 | C24: C | D24: Otras máquinas para usos generales y sus partes y piezas | E24: =+'ANEXO No 4'!E24+'ANEXO No 5'!E24+'ANEXO No 6 '!E24+'ANEXO No 7'!E24+'ANEXO No 8'!E24+'ANEXO No 9'!E24 -> 0 | F24: =+'ANEXO No 4'!F24+'ANEXO No 5'!F24+'ANEXO No 6 '!F24+'ANEXO No 7'!F24+'ANEXO No 8'!F24+'ANEXO No 9'!F24 -> 0 | G24: =+'ANEXO No 4'!G24+'ANEXO No 5'!G24+'ANEXO No 6 '!G24+'ANEXO No 7'!G24+'ANEXO No 8'!G24+'ANEXO No 9'!G24 -> 0 | H24: =+'ANEXO No 4'!H24+'ANEXO No 5'!H24+'ANEXO No 6 '!H24+'ANEXO No 7'!H24+'ANEXO No 8'!H24+'ANEXO No 9'!H24 -> 0 | I24: =+'ANEXO No 4'!I24+'ANEXO No 5'!I24+'ANEXO No 6 '!I24+'ANEXO No 7'!I24+'ANEXO No 8'!I24+'ANEXO No 9'!I24 -> 0 | J24: =+'ANEXO No 4'!J24+'ANEXO No 5'!J24+'ANEXO No 6 '!J24+'ANEXO No 7'!J24+'ANEXO No 8'!J24+'ANEXO No 9'!J24 -> 0 | K24: =+'ANEXO No 4'!O24+'ANEXO No 5'!O24+'ANEXO No 6 '!O24+'ANEXO No 7'!O24+'ANEXO No 8'!O24+'ANEXO No 9'!O24 -> 0 | L24: =+'ANEXO No 4'!P24+'ANEXO No 5'!P24+'ANEXO No 6 '!P24+'ANEXO No 7'!P24+'ANEXO No 8'!P24+'ANEXO No 9'!P24 -> 0 | M24: =+'ANEXO No 4'!U24+'ANEXO No 5'!U24+'ANEXO No 6 '!U24+'ANEXO No 7'!U24+'ANEXO No 8'!U24+'ANEXO No 9'!U24 -> 0 | N24: =+'ANEXO No 4'!Z24+'ANEXO No 5'!Z24+'ANEXO No 6 '!Z24+'ANEXO No 7'!Z24+'ANEXO No 8'!Z24+'ANEXO No 9'!Z24 -> 0 | O24: =+J24-K24 -> 0 | P24: =+J24-L24 -> 0
A25: 2.1.2.01.01.003.02 | B25: 7 | C25: A | D25: Maquinaria para usos especiales | E25: =SUM(E26:E29) -> 0 | F25: =SUM(F26:F29) -> 0 | G25: =SUM(G26:G29) -> 0 | H25: =SUM(H26:H29) -> 0 | I25: =SUM(I26:I29) -> 0 | J25: =SUM(J26:J29) -> 0 | K25: =SUM(K26:K29) -> 0 | L25: =SUM(L26:L29) -> 0 | ... P25: =SUM(P26:P29) -> 0
A26: 2.1.2.01.01.003.02.01 | B26: 8 | C26: C | D26: Maquinaria agropecuaria o silvícola y sus partes y piezas | E26: =+'ANEXO No 4'!E26+'ANEXO No 5'!E26+'ANEXO No 6 '!E26+'ANEXO No 7'!E26+'ANEXO No 8'!E26+'ANEXO No 9'!E26 -> 0 | F26: =+'ANEXO No 4'!F26+'ANEXO No 5'!F26+'ANEXO No 6 '!F26+'ANEXO No 7'!F26+'ANEXO No 8'!F26+'ANEXO No 9'!F26 -> 0 | G26: =+'ANEXO No 4'!G26+'ANEXO No 5'!G26+'ANEXO No 6 '!G26+'ANEXO No 7'!G26+'ANEXO No 8'!G26+'ANEXO No 9'!G26 -> 0 | H26: =+'ANEXO No 4'!H26+'ANEXO No 5'!H26+'ANEXO No 6 '!H26+'ANEXO No 7'!H26+'ANEXO No 8'!H26+'ANEXO No 9'!H26 -> 0 | I26: =+'ANEXO No 4'!I26+'ANEXO No 5'!I26+'ANEXO No 6 '!I26+'ANEXO No 7'!I26+'ANEXO No 8'!I26+'ANEXO No 9'!I26 -> 0 | J26: =+'ANEXO No 4'!J26+'ANEXO No 5'!J26+'ANEXO No 6 '!J26+'ANEXO No 7'!J26+'ANEXO No 8'!J26+'ANEXO No 9'!J26 -> 0 | K26: =+'ANEXO No 4'!O26+'ANEXO No 5'!O26+'ANEXO No 6 '!O26+'ANEXO No 7'!O26+'ANEXO No 8'!O26+'ANEXO No 9'!O26 -> 0 | L26: =+'ANEXO No 4'!P26+'ANEXO No 5'!P26+'ANEXO No 6 '!P26+'ANEXO No 7'!P26+'ANEXO No 8'!P26+'ANEXO No 9'!P26 -> 0 | M26: =+'ANEXO No 4'!U26+'ANEXO No 5'!U26+'ANEXO No 6 '!U26+'ANEXO No 7'!U26+'ANEXO No 8'!U26+'ANEXO No 9'!U26 -> 0 | N26: =+'ANEXO No 4'!Z26+'ANEXO No 5'!Z26+'ANEXO No 6 '!Z26+'ANEXO No 7'!Z26+'ANEXO No 8'!Z26+'ANEXO No 9'!Z26 -> 0 | O26: =+J26-K26 -> 0 | P26: =+J26-L26 -> 0
A27: 2.1.2.01.01.003.02.02 | B27: 8 | C27: C | D27: Máquinas herramientas y sus partes, piezas y accesorios | E27: =+'ANEXO No 4'!E27+'ANEXO No 5'!E27+'ANEXO No 6 '!E27+'ANEXO No 7'!E27+'ANEXO No 8'!E27+'ANEXO No 9'!E27 -> 0 | F27: =+'ANEXO No 4'!F27+'ANEXO No 5'!F27+'ANEXO No 6 '!F27+'ANEXO No 7'!F27+'ANEXO No 8'!F27+'ANEXO No 9'!F27 -> 0 | G27: =+'ANEXO No 4'!G27+'ANEXO No 5'!G27+'ANEXO No 6 '!G27+'ANEXO No 7'!G27+'ANEXO No 8'!G27+'ANEXO No 9'!G27 -> 0 | H27: =+'ANEXO No 4'!H27+'ANEXO No 5'!H27+'ANEXO No 6 '!H27+'ANEXO No 7'!H27+'ANEXO No 8'!H27+'ANEXO No 9'!H27 -> 0 | I27: =+'ANEXO No 4'!I27+'ANEXO No 5'!I27+'ANEXO No 6 '!I27+'ANEXO No 7'!I27+'ANEXO No 8'!I27+'ANEXO No 9'!I27 -> 0 | J27: =+'ANEXO No 4'!J27+'ANEXO No 5'!J27+'ANEXO No 6 '!J27+'ANEXO No 7'!J27+'ANEXO No 8'!J27+'ANEXO No 9'!J27 -> 0 | K27: =+'ANEXO No 4'!O27+'ANEXO No 5'!O27+'ANEXO No 6 '!O27+'ANEXO No 7'!O27+'ANEXO No 8'!O27+'ANEXO No 9'!O27 -> 0 | L27: =+'ANEXO No 4'!P27+'ANEXO No 5'!P27+'ANEXO No 6 '!P27+'ANEXO No 7'!P27+'ANEXO No 8'!P27+'ANEXO No 9'!P27 -> 0 | M27: =+'ANEXO No 4'!U27+'ANEXO No 5'!U27+'ANEXO No 6 '!U27+'ANEXO No 7'!U27+'ANEXO No 8'!U27+'ANEXO No 9'!U27 -> 0 | N27: =+'ANEXO No 4'!Z27+'ANEXO No 5'!Z27+'ANEXO No 6 '!Z27+'ANEXO No 7'!Z27+'ANEXO No 8'!Z27+'ANEXO No 9'!Z27 -> 0 | O27: =+J27-K27 -> 0 | P27: =+J27-L27 -> 0
A28: 2.1.2.01.01.003.02.05 | B28: 8 | C28: C | D28: Maquinaria para la elaboración de alimentos, bebidas y tabaco, y sus partes y piezas | E28: =+'ANEXO No 4'!E28+'ANEXO No 5'!E28+'ANEXO No 6 '!E28+'ANEXO No 7'!E28+'ANEXO No 8'!E28+'ANEXO No 9'!E28 -> 0 | F28: =+'ANEXO No 4'!F28+'ANEXO No 5'!F28+'ANEXO No 6 '!F28+'ANEXO No 7'!F28+'ANEXO No 8'!F28+'ANEXO No 9'!F28 -> 0 | G28: =+'ANEXO No 4'!G28+'ANEXO No 5'!G28+'ANEXO No 6 '!G28+'ANEXO No 7'!G28+'ANEXO No 8'!G28+'ANEXO No 9'!G28 -> 0 | H28: =+'ANEXO No 4'!H28+'ANEXO No 5'!H28+'ANEXO No 6 '!H28+'ANEXO No 7'!H28+'ANEXO No 8'!H28+'ANEXO No 9'!H28 -> 0 | I28: =+'ANEXO No 4'!I28+'ANEXO No 5'!I28+'ANEXO No 6 '!I28+'ANEXO No 7'!I28+'ANEXO No 8'!I28+'ANEXO No 9'!I28 -> 0 | J28: =+'ANEXO No 4'!J28+'ANEXO No 5'!J28+'ANEXO No 6 '!J28+'ANEXO No 7'!J28+'ANEXO No 8'!J28+'ANEXO No 9'!J28 -> 0 | K28: =+'ANEXO No 4'!O28+'ANEXO No 5'!O28+'ANEXO No 6 '!O28+'ANEXO No 7'!O28+'ANEXO No 8'!O28+'ANEXO No 9'!O28 -> 0 | L28: =+'ANEXO No 4'!P28+'ANEXO No 5'!P28+'ANEXO No 6 '!P28+'ANEXO No 7'!P28+'ANEXO No 8'!P28+'ANEXO No 9'!P28 -> 0 | M28: =+'ANEXO No 4'!U28+'ANEXO No 5'!U28+'ANEXO No 6 '!U28+'ANEXO No 7'!U28+'ANEXO No 8'!U28+'ANEXO No 9'!U28 -> 0 | N28: =+'ANEXO No 4'!Z28+'ANEXO No 5'!Z28+'ANEXO No 6 '!Z28+'ANEXO No 7'!Z28+'ANEXO No 8'!Z28+'ANEXO No 9'!Z28 -> 0 | O28: =+J28-K28 -> 0 | P28: =+J28-L28 -> 0
A29: 2.1.2.01.01.003.02.07 | B29: 8 | C29: C | D29: Aparatos de uso doméstico y sus partes y piezas | E29: =+'ANEXO No 4'!E29+'ANEXO No 5'!E29+'ANEXO No 6 '!E29+'ANEXO No 7'!E29+'ANEXO No 8'!E29+'ANEXO No 9'!E29 -> 0 | F29: =+'ANEXO No 4'!F29+'ANEXO No 5'!F29+'ANEXO No 6 '!F29+'ANEXO No 7'!F29+'ANEXO No 8'!F29+'ANEXO No 9'!F29 -> 0 | G29: =+'ANEXO No 4'!G29+'ANEXO No 5'!G29+'ANEXO No 6 '!G29+'ANEXO No 7'!G29+'ANEXO No 8'!G29+'ANEXO No 9'!G29 -> 0 | H29: =+'ANEXO No 4'!H29+'ANEXO No 5'!H29+'ANEXO No 6 '!H29+'ANEXO No 7'!H29+'ANEXO No 8'!H29+'ANEXO No 9'!H29 -> 0 | I29: =+'ANEXO No 4'!I29+'ANEXO No 5'!I29+'ANEXO No 6 '!I29+'ANEXO No 7'!I29+'ANEXO No 8'!I29+'ANEXO No 9'!I29 -> 0 | J29: =+'ANEXO No 4'!J29+'ANEXO No 5'!J29+'ANEXO No 6 '!J29+'ANEXO No 7'!J29+'ANEXO No 8'!J29+'ANEXO No 9'!J29 -> 0 | K29: =+'ANEXO No 4'!O29+'ANEXO No 5'!O29+'ANEXO No 6 '!O29+'ANEXO No 7'!O29+'ANEXO No 8'!O29+'ANEXO No 9'!O29 -> 0 | L29: =+'ANEXO No 4'!P29+'ANEXO No 5'!P29+'ANEXO No 6 '!P29+'ANEXO No 7'!P29+'ANEXO No 8'!P29+'ANEXO No 9'!P29 -> 0 | M29: =+'ANEXO No 4'!U29+'ANEXO No 5'!U29+'ANEXO No 6 '!U29+'ANEXO No 7'!U29+'ANEXO No 8'!U29+'ANEXO No 9'!U29 -> 0 | N29: =+'ANEXO No 4'!Z29+'ANEXO No 5'!Z29+'ANEXO No 6 '!Z29+'ANEXO No 7'!Z29+'ANEXO No 8'!Z29+'ANEXO No 9'!Z29 -> 0 | O29: =+J29-K29 -> 0 | P29: =+J29-L29 -> 0
A30: 2.1.2.01.01.003.03 | B30: 7 | C30: A | D30: Maquinaria de oficina, contabilidad e informática | E30: =SUM(E31) -> 2000000 | F30: =SUM(F31) -> 20000000 | G30: =SUM(G31) -> 0 | H30: =SUM(H31) -> 1500000 | I30: =SUM(I31) -> 0 | J30: =SUM(J31) -> 23500000 | K30: =SUM(K31) -> 23500000 | L30: =SUM(L31) -> 23500000 | ... P30: =SUM(P31) -> 0
A31: 2.1.2.01.01.003.03.02 | B31: 8 | C31: C | D31: Maquinaria de informática y sus partes, piezas y accesorios | E31: =+'ANEXO No 4'!E31+'ANEXO No 5'!E31+'ANEXO No 6 '!E31+'ANEXO No 7'!E31+'ANEXO No 8'!E31+'ANEXO No 9'!E31 -> 2000000 | F31: =+'ANEXO No 4'!F31+'ANEXO No 5'!F31+'ANEXO No 6 '!F31+'ANEXO No 7'!F31+'ANEXO No 8'!F31+'ANEXO No 9'!F31 -> 20000000 | G31: =+'ANEXO No 4'!G31+'ANEXO No 5'!G31+'ANEXO No 6 '!G31+'ANEXO No 7'!G31+'ANEXO No 8'!G31+'ANEXO No 9'!G31 -> 0 | H31: =+'ANEXO No 4'!H31+'ANEXO No 5'!H31+'ANEXO No 6 '!H31+'ANEXO No 7'!H31+'ANEXO No 8'!H31+'ANEXO No 9'!H31 -> 1500000 | I31: =+'ANEXO No 4'!I31+'ANEXO No 5'!I31+'ANEXO No 6 '!I31+'ANEXO No 7'!I31+'ANEXO No 8'!I31+'ANEXO No 9'!I31 -> 0 | J31: =+'ANEXO No 4'!J31+'ANEXO No 5'!J31+'ANEXO No 6 '!J31+'ANEXO No 7'!J31+'ANEXO No 8'!J31+'ANEXO No 9'!J31 -> 23500000 | K31: =+'ANEXO No 4'!O31+'ANEXO No 5'!O31+'ANEXO No 6 '!O31+'ANEXO No 7'!O31+'ANEXO No 8'!O31+'ANEXO No 9'!O31 -> 23500000 | L31: =+'ANEXO No 4'!P31+'ANEXO No 5'!P31+'ANEXO No 6 '!P31+'ANEXO No 7'!P31+'ANEXO No 8'!P31+'ANEXO No 9'!P31 -> 23500000 | M31: =+'ANEXO No 4'!U31+'ANEXO No 5'!U31+'ANEXO No 6 '!U31+'ANEXO No 7'!U31+'ANEXO No 8'!U31+'ANEXO No 9'!U31 -> 23500000 | N31: =+'ANEXO No 4'!Z31+'ANEXO No 5'!Z31+'ANEXO No 6 '!Z31+'ANEXO No 7'!Z31+'ANEXO No 8'!Z31+'ANEXO No 9'!Z31 -> 23500000 | O31: =+J31-K31 -> 0 | P31: =+J31-L31 -> 0
A32: 2.1.2.01.01.003.04 | B32: 7 | C32: A | D32: Maquinaria y aparatos eléctricos | E32: =SUM(E33:E38) -> 600000 | F32: =SUM(F33:F38) -> 0 | G32: =SUM(G33:G38) -> 0 | H32: =SUM(H33:H38) -> 0 | I32: =SUM(I33:I38) -> 0 | J32: =SUM(J33:J38) -> 600000 | K32: =SUM(K33:K38) -> 0 | L32: =SUM(L33:L38) -> 0 | ... P32: =SUM(P33:P38) -> 600000
A33: 2.1.2.01.01.003.04.01 | B33: 8 | C33: C | D33: Motores, generadores y transformadores eléctricos y sus partes y piezas | E33: =+'ANEXO No 4'!E33+'ANEXO No 5'!E33+'ANEXO No 6 '!E33+'ANEXO No 7'!E33+'ANEXO No 8'!E33+'ANEXO No 9'!E33 -> 0 | F33: =+'ANEXO No 4'!F33+'ANEXO No 5'!F33+'ANEXO No 6 '!F33+'ANEXO No 7'!F33+'ANEXO No 8'!F33+'ANEXO No 9'!F33 -> 0 | G33: =+'ANEXO No 4'!G33+'ANEXO No 5'!G33+'ANEXO No 6 '!G33+'ANEXO No 7'!G33+'ANEXO No 8'!G33+'ANEXO No 9'!G33 -> 0 | H33: =+'ANEXO No 4'!H33+'ANEXO No 5'!H33+'ANEXO No 6 '!H33+'ANEXO No 7'!H33+'ANEXO No 8'!H33+'ANEXO No 9'!H33 -> 0 | I33: =+'ANEXO No 4'!I33+'ANEXO No 5'!I33+'ANEXO No 6 '!I33+'ANEXO No 7'!I33+'ANEXO No 8'!I33+'ANEXO No 9'!I33 -> 0 | J33: =+'ANEXO No 4'!J33+'ANEXO No 5'!J33+'ANEXO No 6 '!J33+'ANEXO No 7'!J33+'ANEXO No 8'!J33+'ANEXO No 9'!J33 -> 0 | K33: =+'ANEXO No 4'!O33+'ANEXO No 5'!O33+'ANEXO No 6 '!O33+'ANEXO No 7'!O33+'ANEXO No 8'!O33+'ANEXO No 9'!O33 -> 0 | L33: =+'ANEXO No 4'!P33+'ANEXO No 5'!P33+'ANEXO No 6 '!P33+'ANEXO No 7'!P33+'ANEXO No 8'!P33+'ANEXO No 9'!P33 -> 0 | M33: =+'ANEXO No 4'!U33+'ANEXO No 5'!U33+'ANEXO No 6 '!U33+'ANEXO No 7'!U33+'ANEXO No 8'!U33+'ANEXO No 9'!U33 -> 0 | N33: =+'ANEXO No 4'!Z33+'ANEXO No 5'!Z33+'ANEXO No 6 '!Z33+'ANEXO No 7'!Z33+'ANEXO No 8'!Z33+'ANEXO No 9'!Z33 -> 0 | O33: =+J33-K33 -> 0 | P33: =+J33-L33 -> 0
A34: 2.1.2.01.01.003.04.02 | B34: 8 | C34: C | D34: Aparatos de control eléctrico y distribución de electricidad y sus partes y piezas | E34: =+'ANEXO No 4'!E34+'ANEXO No 5'!E34+'ANEXO No 6 '!E34+'ANEXO No 7'!E34+'ANEXO No 8'!E34+'ANEXO No 9'!E34 -> 0 | F34: =+'ANEXO No 4'!F34+'ANEXO No 5'!F34+'ANEXO No 6 '!F34+'ANEXO No 7'!F34+'ANEXO No 8'!F34+'ANEXO No 9'!F34 -> 0 | G34: =+'ANEXO No 4'!G34+'ANEXO No 5'!G34+'ANEXO No 6 '!G34+'ANEXO No 7'!G34+'ANEXO No 8'!G34+'ANEXO No 9'!G34 -> 0 | H34: =+'ANEXO No 4'!H34+'ANEXO No 5'!H34+'ANEXO No 6 '!H34+'ANEXO No 7'!H34+'ANEXO No 8'!H34+'ANEXO No 9'!H34 -> 0 | I34: =+'ANEXO No 4'!I34+'ANEXO No 5'!I34+'ANEXO No 6 '!I34+'ANEXO No 7'!I34+'ANEXO No 8'!I34+'ANEXO No 9'!I34 -> 0 | J34: =+'ANEXO No 4'!J34+'ANEXO No 5'!J34+'ANEXO No 6 '!J34+'ANEXO No 7'!J34+'ANEXO No 8'!J34+'ANEXO No 9'!J34 -> 0 | K34: =+'ANEXO No 4'!O34+'ANEXO No 5'!O34+'ANEXO No 6 '!O34+'ANEXO No 7'!O34+'ANEXO No 8'!O34+'ANEXO No 9'!O34 -> 0 | L34: =+'ANEXO No 4'!P34+'ANEXO No 5'!P34+'ANEXO No 6 '!P34+'ANEXO No 7'!P34+'ANEXO No 8'!P34+'ANEXO No 9'!P34 -> 0 | M34: =+'ANEXO No 4'!U34+'ANEXO No 5'!U34+'ANEXO No 6 '!U34+'ANEXO No 7'!U34+'ANEXO No 8'!U34+'ANEXO No 9'!U34 -> 0 | N34: =+'ANEXO No 4'!Z34+'ANEXO No 5'!Z34+'ANEXO No 6 '!Z34+'ANEXO No 7'!Z34+'ANEXO No 8'!Z34+'ANEXO No 9'!Z34 -> 0 | O34: =+J34-K34 -> 0 | P34: =+J34-L34 -> 0
A35: 2.1.2.01.01.003.04.03 | B35: 8 | C35: C | D35: Hilos y cables aislados; cable de fibra óptica | E35: =+'ANEXO No 4'!E35+'ANEXO No 5'!E35+'ANEXO No 6 '!E35+'ANEXO No 7'!E35+'ANEXO No 8'!E35+'ANEXO No 9'!E35 -> 0 | F35: =+'ANEXO No 4'!F35+'ANEXO No 5'!F35+'ANEXO No 6 '!F35+'ANEXO No 7'!F35+'ANEXO No 8'!F35+'ANEXO No 9'!F35 -> 0 | G35: =+'ANEXO No 4'!G35+'ANEXO No 5'!G35+'ANEXO No 6 '!G35+'ANEXO No 7'!G35+'ANEXO No 8'!G35+'ANEXO No 9'!G35 -> 0 | H35: =+'ANEXO No 4'!H35+'ANEXO No 5'!H35+'ANEXO No 6 '!H35+'ANEXO No 7'!H35+'ANEXO No 8'!H35+'ANEXO No 9'!H35 -> 0 | I35: =+'ANEXO No 4'!I35+'ANEXO No 5'!I35+'ANEXO No 6 '!I35+'ANEXO No 7'!I35+'ANEXO No 8'!I35+'ANEXO No 9'!I35 -> 0 | J35: =+'ANEXO No 4'!J35+'ANEXO No 5'!J35+'ANEXO No 6 '!J35+'ANEXO No 7'!J35+'ANEXO No 8'!J35+'ANEXO No 9'!J35 -> 0 | K35: =+'ANEXO No 4'!O35+'ANEXO No 5'!O35+'ANEXO No 6 '!O35+'ANEXO No 7'!O35+'ANEXO No 8'!O35+'ANEXO No 9'!O35 -> 0 | L35: =+'ANEXO No 4'!P35+'ANEXO No 5'!P35+'ANEXO No 6 '!P35+'ANEXO No 7'!P35+'ANEXO No 8'!P35+'ANEXO No 9'!P35 -> 0 | M35: =+'ANEXO No 4'!U35+'ANEXO No 5'!U35+'ANEXO No 6 '!U35+'ANEXO No 7'!U35+'ANEXO No 8'!U35+'ANEXO No 9'!U35 -> 0 | N35: =+'ANEXO No 4'!Z35+'ANEXO No 5'!Z35+'ANEXO No 6 '!Z35+'ANEXO No 7'!Z35+'ANEXO No 8'!Z35+'ANEXO No 9'!Z35 -> 0 | O35: =+J35-K35 -> 0 | P35: =+J35-L35 -> 0
A36: 2.1.2.01.01.003.04.04 | B36: 8 | C36: C | D36: Acumuladores, pilas y baterías primarias y sus partes y piezas | E36: =+'ANEXO No 4'!E36+'ANEXO No 5'!E36+'ANEXO No 6 '!E36+'ANEXO No 7'!E36+'ANEXO No 8'!E36+'ANEXO No 9'!E36 -> 600000 | F36: =+'ANEXO No 4'!F36+'ANEXO No 5'!F36+'ANEXO No 6 '!F36+'ANEXO No 7'!F36+'ANEXO No 8'!F36+'ANEXO No 9'!F36 -> 0 | G36: =+'ANEXO No 4'!G36+'ANEXO No 5'!G36+'ANEXO No 6 '!G36+'ANEXO No 7'!G36+'ANEXO No 8'!G36+'ANEXO No 9'!G36 -> 0 | H36: =+'ANEXO No 4'!H36+'ANEXO No 5'!H36+'ANEXO No 6 '!H36+'ANEXO No 7'!H36+'ANEXO No 8'!H36+'ANEXO No 9'!H36 -> 0 | I36: =+'ANEXO No 4'!I36+'ANEXO No 5'!I36+'ANEXO No 6 '!I36+'ANEXO No 7'!I36+'ANEXO No 8'!I36+'ANEXO No 9'!I36 -> 0 | J36: =+'ANEXO No 4'!J36+'ANEXO No 5'!J36+'ANEXO No 6 '!J36+'ANEXO No 7'!J36+'ANEXO No 8'!J36+'ANEXO No 9'!J36 -> 600000 | K36: =+'ANEXO No 4'!O36+'ANEXO No 5'!O36+'ANEXO No 6 '!O36+'ANEXO No 7'!O36+'ANEXO No 8'!O36+'ANEXO No 9'!O36 -> 0 | L36: =+'ANEXO No 4'!P36+'ANEXO No 5'!P36+'ANEXO No 6 '!P36+'ANEXO No 7'!P36+'ANEXO No 8'!P36+'ANEXO No 9'!P36 -> 0 | M36: =+'ANEXO No 4'!U36+'ANEXO No 5'!U36+'ANEXO No 6 '!U36+'ANEXO No 7'!U36+'ANEXO No 8'!U36+'ANEXO No 9'!U36 -> 0 | N36: =+'ANEXO No 4'!Z36+'ANEXO No 5'!Z36+'ANEXO No 6 '!Z36+'ANEXO No 7'!Z36+'ANEXO No 8'!Z36+'ANEXO No 9'!Z36 -> 0 | O36: =+J36-K36 -> 600000 | P36: =+J36-L36 -> 600000
A37: 2.1.2.01.01.003.04.05 | B37: 8 | C37: C | D37: Lámparas eléctricas de incandescencia o descarga; lámparas de arco, equipo para alumbrado eléctrico; sus partes y piezas | E37: =+'ANEXO No 4'!E37+'ANEXO No 5'!E37+'ANEXO No 6 '!E37+'ANEXO No 7'!E37+'ANEXO No 8'!E37+'ANEXO No 9'!E37 -> 0 | F37: =+'ANEXO No 4'!F37+'ANEXO No 5'!F37+'ANEXO No 6 '!F37+'ANEXO No 7'!F37+'ANEXO No 8'!F37+'ANEXO No 9'!F37 -> 0 | G37: =+'ANEXO No 4'!G37+'ANEXO No 5'!G37+'ANEXO No 6 '!G37+'ANEXO No 7'!G37+'ANEXO No 8'!G37+'ANEXO No 9'!G37 -> 0 | H37: =+'ANEXO No 4'!H37+'ANEXO No 5'!H37+'ANEXO No 6 '!H37+'ANEXO No 7'!H37+'ANEXO No 8'!H37+'ANEXO No 9'!H37 -> 0 | I37: =+'ANEXO No 4'!I37+'ANEXO No 5'!I37+'ANEXO No 6 '!I37+'ANEXO No 7'!I37+'ANEXO No 8'!I37+'ANEXO No 9'!I37 -> 0 | J37: =+'ANEXO No 4'!J37+'ANEXO No 5'!J37+'ANEXO No 6 '!J37+'ANEXO No 7'!J37+'ANEXO No 8'!J37+'ANEXO No 9'!J37 -> 0 | K37: =+'ANEXO No 4'!O37+'ANEXO No 5'!O37+'ANEXO No 6 '!O37+'ANEXO No 7'!O37+'ANEXO No 8'!O37+'ANEXO No 9'!O37 -> 0 | L37: =+'ANEXO No 4'!P37+'ANEXO No 5'!P37+'ANEXO No 6 '!P37+'ANEXO No 7'!P37+'ANEXO No 8'!P37+'ANEXO No 9'!P37 -> 0 | M37: =+'ANEXO No 4'!U37+'ANEXO No 5'!U37+'ANEXO No 6 '!U37+'ANEXO No 7'!U37+'ANEXO No 8'!U37+'ANEXO No 9'!U37 -> 0 | N37: =+'ANEXO No 4'!Z37+'ANEXO No 5'!Z37+'ANEXO No 6 '!Z37+'ANEXO No 7'!Z37+'ANEXO No 8'!Z37+'ANEXO No 9'!Z37 -> 0 | O37: =+J37-K37 -> 0 | P37: =+J37-L37 -> 0
A38: 2.1.2.01.01.003.04.06 | B38: 8 | C38: C | D38: Otro equipo eléctrico y sus partes y piezas | E38: =+'ANEXO No 4'!E38+'ANEXO No 5'!E38+'ANEXO No 6 '!E38+'ANEXO No 7'!E38+'ANEXO No 8'!E38+'ANEXO No 9'!E38 -> 0 | F38: =+'ANEXO No 4'!F38+'ANEXO No 5'!F38+'ANEXO No 6 '!F38+'ANEXO No 7'!F38+'ANEXO No 8'!F38+'ANEXO No 9'!F38 -> 0 | G38: =+'ANEXO No 4'!G38+'ANEXO No 5'!G38+'ANEXO No 6 '!G38+'ANEXO No 7'!G38+'ANEXO No 8'!G38+'ANEXO No 9'!G38 -> 0 | H38: =+'ANEXO No 4'!H38+'ANEXO No 5'!H38+'ANEXO No 6 '!H38+'ANEXO No 7'!H38+'ANEXO No 8'!H38+'ANEXO No 9'!H38 -> 0 | I38: =+'ANEXO No 4'!I38+'ANEXO No 5'!I38+'ANEXO No 6 '!I38+'ANEXO No 7'!I38+'ANEXO No 8'!I38+'ANEXO No 9'!I38 -> 0 | J38: =+'ANEXO No 4'!J38+'ANEXO No 5'!J38+'ANEXO No 6 '!J38+'ANEXO No 7'!J38+'ANEXO No 8'!J38+'ANEXO No 9'!J38 -> 0 | K38: =+'ANEXO No 4'!O38+'ANEXO No 5'!O38+'ANEXO No 6 '!O38+'ANEXO No 7'!O38+'ANEXO No 8'!O38+'ANEXO No 9'!O38 -> 0 | L38: =+'ANEXO No 4'!P38+'ANEXO No 5'!P38+'ANEXO No 6 '!P38+'ANEXO No 7'!P38+'ANEXO No 8'!P38+'ANEXO No 9'!P38 -> 0 | M38: =+'ANEXO No 4'!U38+'ANEXO No 5'!U38+'ANEXO No 6 '!U38+'ANEXO No 7'!U38+'ANEXO No 8'!U38+'ANEXO No 9'!U38 -> 0 | N38: =+'ANEXO No 4'!Z38+'ANEXO No 5'!Z38+'ANEXO No 6 '!Z38+'ANEXO No 7'!Z38+'ANEXO No 8'!Z38+'ANEXO No 9'!Z38 -> 0 | O38: =+J38-K38 -> 0 | P38: =+J38-L38 -> 0
A39: 2.1.2.01.01.003.05 | B39: 7 | C39: A | D39: Equipo y aparatos de radio, televisión y comunicaciones | E39: =SUM(E40:E42) -> 0 | F39: =SUM(F40:F42) -> 0 | G39: =SUM(G40:G42) -> 0 | H39: =SUM(H40:H42) -> 0 | I39: =SUM(I40:I42) -> 0 | J39: =SUM(J40:J42) -> 0 | K39: =SUM(K40:K42) -> 0 | L39: =SUM(L40:L42) -> 0 | ... P39: =SUM(P40:P42) -> 0
A40: 2.1.2.01.01.003.05.02 | B40: 8 | C40: C | D40: Aparatos transmisores de televisión y radio; televisión, video y cámaras digitales; teléfonos | E40: =+'ANEXO No 4'!E40+'ANEXO No 5'!E40+'ANEXO No 6 '!E40+'ANEXO No 7'!E40+'ANEXO No 8'!E40+'ANEXO No 9'!E40 -> 0 | F40: =+'ANEXO No 4'!F40+'ANEXO No 5'!F40+'ANEXO No 6 '!F40+'ANEXO No 7'!F40+'ANEXO No 8'!F40+'ANEXO No 9'!F40 -> 0 | G40: =+'ANEXO No 4'!G40+'ANEXO No 5'!G40+'ANEXO No 6 '!G40+'ANEXO No 7'!G40+'ANEXO No 8'!G40+'ANEXO No 9'!G40 -> 0 | H40: =+'ANEXO No 4'!H40+'ANEXO No 5'!H40+'ANEXO No 6 '!H40+'ANEXO No 7'!H40+'ANEXO No 8'!H40+'ANEXO No 9'!H40 -> 0 | I40: =+'ANEXO No 4'!I40+'ANEXO No 5'!I40+'ANEXO No 6 '!I40+'ANEXO No 7'!I40+'ANEXO No 8'!I40+'ANEXO No 9'!I40 -> 0 | J40: =+'ANEXO No 4'!J40+'ANEXO No 5'!J40+'ANEXO No 6 '!J40+'ANEXO No 7'!J40+'ANEXO No 8'!J40+'ANEXO No 9'!J40 -> 0 | K40: =+'ANEXO No 4'!O40+'ANEXO No 5'!O40+'ANEXO No 6 '!O40+'ANEXO No 7'!O40+'ANEXO No 8'!O40+'ANEXO No 9'!O40 -> 0 | L40: =+'ANEXO No 4'!P40+'ANEXO No 5'!P40+'ANEXO No 6 '!P40+'ANEXO No 7'!P40+'ANEXO No 8'!P40+'ANEXO No 9'!P40 -> 0 | M40: =+'ANEXO No 4'!U40+'ANEXO No 5'!U40+'ANEXO No 6 '!U40+'ANEXO No 7'!U40+'ANEXO No 8'!U40+'ANEXO No 9'!U40 -> 0 | N40: =+'ANEXO No 4'!Z40+'ANEXO No 5'!Z40+'ANEXO No 6 '!Z40+'ANEXO No 7'!Z40+'ANEXO No 8'!Z40+'ANEXO No 9'!Z40 -> 0 | O40: =+J40-K40 -> 0 | P40: =+J40-L40 -> 0
A41: 2.1.2.01.01.003.05.03 | B41: 8 | C41: C | D41: Radiorreceptores y receptores de televisión; aparatos para la grabación y reproducción de sonido y video; micrófonos, altavoces, amplificadores, etc. | E41: =+'ANEXO No 4'!E41+'ANEXO No 5'!E41+'ANEXO No 6 '!E41+'ANEXO No 7'!E41+'ANEXO No 8'!E41+'ANEXO No 9'!E41 -> 0 | F41: =+'ANEXO No 4'!F41+'ANEXO No 5'!F41+'ANEXO No 6 '!F41+'ANEXO No 7'!F41+'ANEXO No 8'!F41+'ANEXO No 9'!F41 -> 0 | G41: =+'ANEXO No 4'!G41+'ANEXO No 5'!G41+'ANEXO No 6 '!G41+'ANEXO No 7'!G41+'ANEXO No 8'!G41+'ANEXO No 9'!G41 -> 0 | H41: =+'ANEXO No 4'!H41+'ANEXO No 5'!H41+'ANEXO No 6 '!H41+'ANEXO No 7'!H41+'ANEXO No 8'!H41+'ANEXO No 9'!H41 -> 0 | I41: =+'ANEXO No 4'!I41+'ANEXO No 5'!I41+'ANEXO No 6 '!I41+'ANEXO No 7'!I41+'ANEXO No 8'!I41+'ANEXO No 9'!I41 -> 0 | J41: =+'ANEXO No 4'!J41+'ANEXO No 5'!J41+'ANEXO No 6 '!J41+'ANEXO No 7'!J41+'ANEXO No 8'!J41+'ANEXO No 9'!J41 -> 0 | K41: =+'ANEXO No 4'!O41+'ANEXO No 5'!O41+'ANEXO No 6 '!O41+'ANEXO No 7'!O41+'ANEXO No 8'!O41+'ANEXO No 9'!O41 -> 0 | L41: =+'ANEXO No 4'!P41+'ANEXO No 5'!P41+'ANEXO No 6 '!P41+'ANEXO No 7'!P41+'ANEXO No 8'!P41+'ANEXO No 9'!P41 -> 0 | M41: =+'ANEXO No 4'!U41+'ANEXO No 5'!U41+'ANEXO No 6 '!U41+'ANEXO No 7'!U41+'ANEXO No 8'!U41+'ANEXO No 9'!U41 -> 0 | N41: =+'ANEXO No 4'!Z41+'ANEXO No 5'!Z41+'ANEXO No 6 '!Z41+'ANEXO No 7'!Z41+'ANEXO No 8'!Z41+'ANEXO No 9'!Z41 -> 0 | O41: =+J41-K41 -> 0 | P41: =+J41-L41 -> 0
A42: 2.1.2.01.01.003.05.05 | B42: 8 | C42: C | D42: Discos, cintas, dispositivos de almacenamiento en estado sólido no volátiles y otros medios, no grabados | E42: =+'ANEXO No 4'!E42+'ANEXO No 5'!E42+'ANEXO No 6 '!E42+'ANEXO No 7'!E42+'ANEXO No 8'!E42+'ANEXO No 9'!E42 -> 0 | F42: =+'ANEXO No 4'!F42+'ANEXO No 5'!F42+'ANEXO No 6 '!F42+'ANEXO No 7'!F42+'ANEXO No 8'!F42+'ANEXO No 9'!F42 -> 0 | G42: =+'ANEXO No 4'!G42+'ANEXO No 5'!G42+'ANEXO No 6 '!G42+'ANEXO No 7'!G42+'ANEXO No 8'!G42+'ANEXO No 9'!G42 -> 0 | H42: =+'ANEXO No 4'!H42+'ANEXO No 5'!H42+'ANEXO No 6 '!H42+'ANEXO No 7'!H42+'ANEXO No 8'!H42+'ANEXO No 9'!H42 -> 0 | I42: =+'ANEXO No 4'!I42+'ANEXO No 5'!I42+'ANEXO No 6 '!I42+'ANEXO No 7'!I42+'ANEXO No 8'!I42+'ANEXO No 9'!I42 -> 0 | J42: =+'ANEXO No 4'!J42+'ANEXO No 5'!J42+'ANEXO No 6 '!J42+'ANEXO No 7'!J42+'ANEXO No 8'!J42+'ANEXO No 9'!J42 -> 0 | K42: =+'ANEXO No 4'!O42+'ANEXO No 5'!O42+'ANEXO No 6 '!O42+'ANEXO No 7'!O42+'ANEXO No 8'!O42+'ANEXO No 9'!O42 -> 0 | L42: =+'ANEXO No 4'!P42+'ANEXO No 5'!P42+'ANEXO No 6 '!P42+'ANEXO No 7'!P42+'ANEXO No 8'!P42+'ANEXO No 9'!P42 -> 0 | M42: =+'ANEXO No 4'!U42+'ANEXO No 5'!U42+'ANEXO No 6 '!U42+'ANEXO No 7'!U42+'ANEXO No 8'!U42+'ANEXO No 9'!U42 -> 0 | N42: =+'ANEXO No 4'!Z42+'ANEXO No 5'!Z42+'ANEXO No 6 '!Z42+'ANEXO No 7'!Z42+'ANEXO No 8'!Z42+'ANEXO No 9'!Z42 -> 0 | O42: =+J42-K42 -> 0 | P42: =+J42-L42 -> 0
A43: 2.1.2.01.01.004 | B43: 6 | C43: A | D43: Activos fijos no clasificados como maquinaria y equipo | E43: =+E44 -> 2000000 | F43: =+F44 -> 10000000 | G43: =+G44 -> 0 | H43: =+H44 -> 0 | I43: =+I44 -> 0 | J43: =+J44 -> 12000000 | K43: =+K44 -> 9000000 | L43: =+L44 -> 9000000 | ... P43: =+P44 -> 3000000
A44: 2.1.2.01.01.004.01 | B44: 7 | C44: A | D44: Muebles, instrumentos musicales, artículos de deporte y antigüedades | E44: =+E45+E51+E52 -> 2000000 | F44: =+F45+F51+F52 -> 10000000 | G44: =+G45+G51+G52 -> 0 | H44: =+H45+H51+H52 -> 0 | I44: =+I45+I51+I52 -> 0 | J44: =+J45+J51+J52 -> 12000000 | K44: =+K45+K51+K52 -> 9000000 | L44: =+L45+L51+L52 -> 9000000 | ... P44: =+P45+P51+P52 -> 3000000
A45: 2.1.2.01.01.004.01.01 | B45: 8 | C45: A | D45: Muebles | E45: =SUM(E46:E50) -> 0 | F45: =SUM(F46:F50) -> 3000000 | G45: =SUM(G46:G50) -> 0 | H45: =SUM(H46:H50) -> 0 | I45: =SUM(I46:I50) -> 0 | J45: =SUM(J46:J50) -> 3000000 | K45: =SUM(K46:K50) -> 0 | L45: =SUM(L46:L50) -> 0 | ... P45: =SUM(P46:P50) -> 3000000
A46: 2.1.2.01.01.004.01.01.01 | B46: 9 | C46: C | D46: Asientos | E46: =+'ANEXO No 4'!E46+'ANEXO No 5'!E46+'ANEXO No 6 '!E46+'ANEXO No 7'!E46+'ANEXO No 8'!E46+'ANEXO No 9'!E46 -> 0 | F46: =+'ANEXO No 4'!F46+'ANEXO No 5'!F46+'ANEXO No 6 '!F46+'ANEXO No 7'!F46+'ANEXO No 8'!F46+'ANEXO No 9'!F46 -> 1000000 | G46: =+'ANEXO No 4'!G46+'ANEXO No 5'!G46+'ANEXO No 6 '!G46+'ANEXO No 7'!G46+'ANEXO No 8'!G46+'ANEXO No 9'!G46 -> 0 | H46: =+'ANEXO No 4'!H46+'ANEXO No 5'!H46+'ANEXO No 6 '!H46+'ANEXO No 7'!H46+'ANEXO No 8'!H46+'ANEXO No 9'!H46 -> 0 | I46: =+'ANEXO No 4'!I46+'ANEXO No 5'!I46+'ANEXO No 6 '!I46+'ANEXO No 7'!I46+'ANEXO No 8'!I46+'ANEXO No 9'!I46 -> 0 | J46: =+'ANEXO No 4'!J46+'ANEXO No 5'!J46+'ANEXO No 6 '!J46+'ANEXO No 7'!J46+'ANEXO No 8'!J46+'ANEXO No 9'!J46 -> 1000000 | K46: =+'ANEXO No 4'!O46+'ANEXO No 5'!O46+'ANEXO No 6 '!O46+'ANEXO No 7'!O46+'ANEXO No 8'!O46+'ANEXO No 9'!O46 -> 0 | L46: =+'ANEXO No 4'!P46+'ANEXO No 5'!P46+'ANEXO No 6 '!P46+'ANEXO No 7'!P46+'ANEXO No 8'!P46+'ANEXO No 9'!P46 -> 0 | M46: =+'ANEXO No 4'!U46+'ANEXO No 5'!U46+'ANEXO No 6 '!U46+'ANEXO No 7'!U46+'ANEXO No 8'!U46+'ANEXO No 9'!U46 -> 0 | N46: =+'ANEXO No 4'!Z46+'ANEXO No 5'!Z46+'ANEXO No 6 '!Z46+'ANEXO No 7'!Z46+'ANEXO No 8'!Z46+'ANEXO No 9'!Z46 -> 0 | O46: =+J46-K46 -> 1000000 | P46: =+J46-L46 -> 1000000
A47: 2.1.2.01.01.004.01.01.02 | B47: 9 | C47: C | D47: Muebles del tipo utilizado en la oficina | E47: =+'ANEXO No 4'!E47+'ANEXO No 5'!E47+'ANEXO No 6 '!E47+'ANEXO No 7'!E47+'ANEXO No 8'!E47+'ANEXO No 9'!E47 -> 0 | F47: =+'ANEXO No 4'!F47+'ANEXO No 5'!F47+'ANEXO No 6 '!F47+'ANEXO No 7'!F47+'ANEXO No 8'!F47+'ANEXO No 9'!F47 -> 0 | G47: =+'ANEXO No 4'!G47+'ANEXO No 5'!G47+'ANEXO No 6 '!G47+'ANEXO No 7'!G47+'ANEXO No 8'!G47+'ANEXO No 9'!G47 -> 0 | H47: =+'ANEXO No 4'!H47+'ANEXO No 5'!H47+'ANEXO No 6 '!H47+'ANEXO No 7'!H47+'ANEXO No 8'!H47+'ANEXO No 9'!H47 -> 0 | I47: =+'ANEXO No 4'!I47+'ANEXO No 5'!I47+'ANEXO No 6 '!I47+'ANEXO No 7'!I47+'ANEXO No 8'!I47+'ANEXO No 9'!I47 -> 0 | J47: =+'ANEXO No 4'!J47+'ANEXO No 5'!J47+'ANEXO No 6 '!J47+'ANEXO No 7'!J47+'ANEXO No 8'!J47+'ANEXO No 9'!J47 -> 0 | K47: =+'ANEXO No 4'!O47+'ANEXO No 5'!O47+'ANEXO No 6 '!O47+'ANEXO No 7'!O47+'ANEXO No 8'!O47+'ANEXO No 9'!O47 -> 0 | L47: =+'ANEXO No 4'!P47+'ANEXO No 5'!P47+'ANEXO No 6 '!P47+'ANEXO No 7'!P47+'ANEXO No 8'!P47+'ANEXO No 9'!P47 -> 0 | M47: =+'ANEXO No 4'!U47+'ANEXO No 5'!U47+'ANEXO No 6 '!U47+'ANEXO No 7'!U47+'ANEXO No 8'!U47+'ANEXO No 9'!U47 -> 0 | N47: =+'ANEXO No 4'!Z47+'ANEXO No 5'!Z47+'ANEXO No 6 '!Z47+'ANEXO No 7'!Z47+'ANEXO No 8'!Z47+'ANEXO No 9'!Z47 -> 0 | O47: =+J47-K47 -> 0 | P47: =+J47-L47 -> 0
A48: 2.1.2.01.01.004.01.01.03 | B48: 9 | C48: C | D48: Muebles de madera, del tipo usado en la cocina | E48: =+'ANEXO No 4'!E48+'ANEXO No 5'!E48+'ANEXO No 6 '!E48+'ANEXO No 7'!E48+'ANEXO No 8'!E48+'ANEXO No 9'!E48 -> 0 | F48: =+'ANEXO No 4'!F48+'ANEXO No 5'!F48+'ANEXO No 6 '!F48+'ANEXO No 7'!F48+'ANEXO No 8'!F48+'ANEXO No 9'!F48 -> 0 | G48: =+'ANEXO No 4'!G48+'ANEXO No 5'!G48+'ANEXO No 6 '!G48+'ANEXO No 7'!G48+'ANEXO No 8'!G48+'ANEXO No 9'!G48 -> 0 | H48: =+'ANEXO No 4'!H48+'ANEXO No 5'!H48+'ANEXO No 6 '!H48+'ANEXO No 7'!H48+'ANEXO No 8'!H48+'ANEXO No 9'!H48 -> 0 | I48: =+'ANEXO No 4'!I48+'ANEXO No 5'!I48+'ANEXO No 6 '!I48+'ANEXO No 7'!I48+'ANEXO No 8'!I48+'ANEXO No 9'!I48 -> 0 | J48: =+'ANEXO No 4'!J48+'ANEXO No 5'!J48+'ANEXO No 6 '!J48+'ANEXO No 7'!J48+'ANEXO No 8'!J48+'ANEXO No 9'!J48 -> 0 | K48: =+'ANEXO No 4'!O48+'ANEXO No 5'!O48+'ANEXO No 6 '!O48+'ANEXO No 7'!O48+'ANEXO No 8'!O48+'ANEXO No 9'!O48 -> 0 | L48: =+'ANEXO No 4'!P48+'ANEXO No 5'!P48+'ANEXO No 6 '!P48+'ANEXO No 7'!P48+'ANEXO No 8'!P48+'ANEXO No 9'!P48 -> 0 | M48: =+'ANEXO No 4'!U48+'ANEXO No 5'!U48+'ANEXO No 6 '!U48+'ANEXO No 7'!U48+'ANEXO No 8'!U48+'ANEXO No 9'!U48 -> 0 | N48: =+'ANEXO No 4'!Z48+'ANEXO No 5'!Z48+'ANEXO No 6 '!Z48+'ANEXO No 7'!Z48+'ANEXO No 8'!Z48+'ANEXO No 9'!Z48 -> 0 | O48: =+J48-K48 -> 0 | P48: =+J48-L48 -> 0
A49: 2.1.2.01.01.004.01.01.04 | B49: 9 | C49: C | D49: Otros muebles N.C.P. | E49: =+'ANEXO No 4'!E49+'ANEXO No 5'!E49+'ANEXO No 6 '!E49+'ANEXO No 7'!E49+'ANEXO No 8'!E49+'ANEXO No 9'!E49 -> 0 | F49: =+'ANEXO No 4'!F49+'ANEXO No 5'!F49+'ANEXO No 6 '!F49+'ANEXO No 7'!F49+'ANEXO No 8'!F49+'ANEXO No 9'!F49 -> 2000000 | G49: =+'ANEXO No 4'!G49+'ANEXO No 5'!G49+'ANEXO No 6 '!G49+'ANEXO No 7'!G49+'ANEXO No 8'!G49+'ANEXO No 9'!G49 -> 0 | H49: =+'ANEXO No 4'!H49+'ANEXO No 5'!H49+'ANEXO No 6 '!H49+'ANEXO No 7'!H49+'ANEXO No 8'!H49+'ANEXO No 9'!H49 -> 0 | I49: =+'ANEXO No 4'!I49+'ANEXO No 5'!I49+'ANEXO No 6 '!I49+'ANEXO No 7'!I49+'ANEXO No 8'!I49+'ANEXO No 9'!I49 -> 0 | J49: =+'ANEXO No 4'!J49+'ANEXO No 5'!J49+'ANEXO No 6 '!J49+'ANEXO No 7'!J49+'ANEXO No 8'!J49+'ANEXO No 9'!J49 -> 2000000 | K49: =+'ANEXO No 4'!O49+'ANEXO No 5'!O49+'ANEXO No 6 '!O49+'ANEXO No 7'!O49+'ANEXO No 8'!O49+'ANEXO No 9'!O49 -> 0 | L49: =+'ANEXO No 4'!P49+'ANEXO No 5'!P49+'ANEXO No 6 '!P49+'ANEXO No 7'!P49+'ANEXO No 8'!P49+'ANEXO No 9'!P49 -> 0 | M49: =+'ANEXO No 4'!U49+'ANEXO No 5'!U49+'ANEXO No 6 '!U49+'ANEXO No 7'!U49+'ANEXO No 8'!U49+'ANEXO No 9'!U49 -> 0 | N49: =+'ANEXO No 4'!Z49+'ANEXO No 5'!Z49+'ANEXO No 6 '!Z49+'ANEXO No 7'!Z49+'ANEXO No 8'!Z49+'ANEXO No 9'!Z49 -> 0 | O49: =+J49-K49 -> 2000000 | P49: =+J49-L49 -> 2000000
A50: 2.1.2.01.01.004.01.01.05 | B50: 9 | C50: C | D50: Somieres, colchones con muebles, rellenos o guarnecidos interiormente con cualquier material, de caucho o plásticos celulares, recubiertos o no | E50: =+'ANEXO No 4'!E50+'ANEXO No 5'!E50+'ANEXO No 6 '!E50+'ANEXO No 7'!E50+'ANEXO No 8'!E50+'ANEXO No 9'!E50 -> 0 | F50: =+'ANEXO No 4'!F50+'ANEXO No 5'!F50+'ANEXO No 6 '!F50+'ANEXO No 7'!F50+'ANEXO No 8'!F50+'ANEXO No 9'!F50 -> 0 | G50: =+'ANEXO No 4'!G50+'ANEXO No 5'!G50+'ANEXO No 6 '!G50+'ANEXO No 7'!G50+'ANEXO No 8'!G50+'ANEXO No 9'!G50 -> 0 | H50: =+'ANEXO No 4'!H50+'ANEXO No 5'!H50+'ANEXO No 6 '!H50+'ANEXO No 7'!H50+'ANEXO No 8'!H50+'ANEXO No 9'!H50 -> 0 | I50: =+'ANEXO No 4'!I50+'ANEXO No 5'!I50+'ANEXO No 6 '!I50+'ANEXO No 7'!I50+'ANEXO No 8'!I50+'ANEXO No 9'!I50 -> 0 | J50: =+'ANEXO No 4'!J50+'ANEXO No 5'!J50+'ANEXO No 6 '!J50+'ANEXO No 7'!J50+'ANEXO No 8'!J50+'ANEXO No 9'!J50 -> 0 | K50: =+'ANEXO No 4'!O50+'ANEXO No 5'!O50+'ANEXO No 6 '!O50+'ANEXO No 7'!O50+'ANEXO No 8'!O50+'ANEXO No 9'!O50 -> 0 | L50: =+'ANEXO No 4'!P50+'ANEXO No 5'!P50+'ANEXO No 6 '!P50+'ANEXO No 7'!P50+'ANEXO No 8'!P50+'ANEXO No 9'!P50 -> 0 | M50: =+'ANEXO No 4'!U50+'ANEXO No 5'!U50+'ANEXO No 6 '!U50+'ANEXO No 7'!U50+'ANEXO No 8'!U50+'ANEXO No 9'!U50 -> 0 | N50: =+'ANEXO No 4'!Z50+'ANEXO No 5'!Z50+'ANEXO No 6 '!Z50+'ANEXO No 7'!Z50+'ANEXO No 8'!Z50+'ANEXO No 9'!Z50 -> 0 | O50: =+J50-K50 -> 0 | P50: =+J50-L50 -> 0
A51: 2.1.2.01.01.004.01.02 | B51: 8 | C51: C | D51: Instrumentos musicales | E51: =+'ANEXO No 4'!E51+'ANEXO No 5'!E51+'ANEXO No 6 '!E51+'ANEXO No 7'!E51+'ANEXO No 8'!E51+'ANEXO No 9'!E51 -> 0 | F51: =+'ANEXO No 4'!F51+'ANEXO No 5'!F51+'ANEXO No 6 '!F51+'ANEXO No 7'!F51+'ANEXO No 8'!F51+'ANEXO No 9'!F51 -> 0 | G51: =+'ANEXO No 4'!G51+'ANEXO No 5'!G51+'ANEXO No 6 '!G51+'ANEXO No 7'!G51+'ANEXO No 8'!G51+'ANEXO No 9'!G51 -> 0 | H51: =+'ANEXO No 4'!H51+'ANEXO No 5'!H51+'ANEXO No 6 '!H51+'ANEXO No 7'!H51+'ANEXO No 8'!H51+'ANEXO No 9'!H51 -> 0 | I51: =+'ANEXO No 4'!I51+'ANEXO No 5'!I51+'ANEXO No 6 '!I51+'ANEXO No 7'!I51+'ANEXO No 8'!I51+'ANEXO No 9'!I51 -> 0 | J51: =+'ANEXO No 4'!J51+'ANEXO No 5'!J51+'ANEXO No 6 '!J51+'ANEXO No 7'!J51+'ANEXO No 8'!J51+'ANEXO No 9'!J51 -> 0 | K51: =+'ANEXO No 4'!O51+'ANEXO No 5'!O51+'ANEXO No 6 '!O51+'ANEXO No 7'!O51+'ANEXO No 8'!O51+'ANEXO No 9'!O51 -> 0 | L51: =+'ANEXO No 4'!P51+'ANEXO No 5'!P51+'ANEXO No 6 '!P51+'ANEXO No 7'!P51+'ANEXO No 8'!P51+'ANEXO No 9'!P51 -> 0 | M51: =+'ANEXO No 4'!U51+'ANEXO No 5'!U51+'ANEXO No 6 '!U51+'ANEXO No 7'!U51+'ANEXO No 8'!U51+'ANEXO No 9'!U51 -> 0 | N51: =+'ANEXO No 4'!Z51+'ANEXO No 5'!Z51+'ANEXO No 6 '!Z51+'ANEXO No 7'!Z51+'ANEXO No 8'!Z51+'ANEXO No 9'!Z51 -> 0 | O51: =+J51-K51 -> 0 | P51: =+J51-L51 -> 0
A52: 2.1.2.01.01.004.01.03 | B52: 8 | C52: C | D52: Artículos de deporte | E52: =+'ANEXO No 4'!E52+'ANEXO No 5'!E52+'ANEXO No 6 '!E52+'ANEXO No 7'!E52+'ANEXO No 8'!E52+'ANEXO No 9'!E52 -> 2000000 | F52: =+'ANEXO No 4'!F52+'ANEXO No 5'!F52+'ANEXO No 6 '!F52+'ANEXO No 7'!F52+'ANEXO No 8'!F52+'ANEXO No 9'!F52 -> 7000000 | G52: =+'ANEXO No 4'!G52+'ANEXO No 5'!G52+'ANEXO No 6 '!G52+'ANEXO No 7'!G52+'ANEXO No 8'!G52+'ANEXO No 9'!G52 -> 0 | H52: =+'ANEXO No 4'!H52+'ANEXO No 5'!H52+'ANEXO No 6 '!H52+'ANEXO No 7'!H52+'ANEXO No 8'!H52+'ANEXO No 9'!H52 -> 0 | I52: =+'ANEXO No 4'!I52+'ANEXO No 5'!I52+'ANEXO No 6 '!I52+'ANEXO No 7'!I52+'ANEXO No 8'!I52+'ANEXO No 9'!I52 -> 0 | J52: =+'ANEXO No 4'!J52+'ANEXO No 5'!J52+'ANEXO No 6 '!J52+'ANEXO No 7'!J52+'ANEXO No 8'!J52+'ANEXO No 9'!J52 -> 9000000 | K52: =+'ANEXO No 4'!O52+'ANEXO No 5'!O52+'ANEXO No 6 '!O52+'ANEXO No 7'!O52+'ANEXO No 8'!O52+'ANEXO No 9'!O52 -> 9000000 | L52: =+'ANEXO No 4'!P52+'ANEXO No 5'!P52+'ANEXO No 6 '!P52+'ANEXO No 7'!P52+'ANEXO No 8'!P52+'ANEXO No 9'!P52 -> 9000000 | M52: =+'ANEXO No 4'!U52+'ANEXO No 5'!U52+'ANEXO No 6 '!U52+'ANEXO No 7'!U52+'ANEXO No 8'!U52+'ANEXO No 9'!U52 -> 9000000 | N52: =+'ANEXO No 4'!Z52+'ANEXO No 5'!Z52+'ANEXO No 6 '!Z52+'ANEXO No 7'!Z52+'ANEXO No 8'!Z52+'ANEXO No 9'!Z52 -> 9000000 | O52: =+J52-K52 -> 0 | P52: =+J52-L52 -> 0
A53: 2.1.2.01.01.005 | B53: 6 | C53: A | D53: Otros activos fijos | E53: =+E54+E61 -> 0 | F53: =+F54+F61 -> 0 | G53: =+G54+G61 -> 0 | H53: =+H54+H61 -> 0 | I53: =+I54+I61 -> 0 | J53: =+J54+J61 -> 0 | K53: =+K54+K61 -> 0 | L53: =+L54+L61 -> 0 | ... P53: =+P54+P61 -> 0
A54: 2.1.2.01.01.005.01 | B54: 7 | C54: A | D54: Recursos biológicos cultivados | E54: =+E55+E58 -> 0 | F54: =+F55+F58 -> 0 | G54: =+G55+G58 -> 0 | H54: =+H55+H58 -> 0 | I54: =+I55+I58 -> 0 | J54: =+J55+J58 -> 0 | K54: =+K55+K58 -> 0 | L54: =+L55+L58 -> 0 | ... P54: =+P55+P58 -> 0
A55: 2.1.2.01.01.005.01.01 | B55: 8 | C55: A | D55: Recursos animales que generan productos en forma repetida | E55: =SUM(E56:E57) -> 0 | F55: =SUM(F56:F57) -> 0 | G55: =SUM(G56:G57) -> 0 | H55: =SUM(H56:H57) -> 0 | I55: =SUM(I56:I57) -> 0 | J55: =SUM(J56:J57) -> 0 | K55: =SUM(K56:K57) -> 0 | L55: =SUM(L56:L57) -> 0 | ... P55: =SUM(P56:P57) -> 0
A56: 2.1.2.01.01.005.01.01.01 | B56: 9 | C56: C | D56: Animales de cría | E56: =+'ANEXO No 4'!E56+'ANEXO No 5'!E56+'ANEXO No 6 '!E56+'ANEXO No 7'!E56+'ANEXO No 8'!E56+'ANEXO No 9'!E56 -> 0 | F56: =+'ANEXO No 4'!F56+'ANEXO No 5'!F56+'ANEXO No 6 '!F56+'ANEXO No 7'!F56+'ANEXO No 8'!F56+'ANEXO No 9'!F56 -> 0 | G56: =+'ANEXO No 4'!G56+'ANEXO No 5'!G56+'ANEXO No 6 '!G56+'ANEXO No 7'!G56+'ANEXO No 8'!G56+'ANEXO No 9'!G56 -> 0 | H56: =+'ANEXO No 4'!H56+'ANEXO No 5'!H56+'ANEXO No 6 '!H56+'ANEXO No 7'!H56+'ANEXO No 8'!H56+'ANEXO No 9'!H56 -> 0 | I56: =+'ANEXO No 4'!I56+'ANEXO No 5'!I56+'ANEXO No 6 '!I56+'ANEXO No 7'!I56+'ANEXO No 8'!I56+'ANEXO No 9'!I56 -> 0 | J56: =+'ANEXO No 4'!J56+'ANEXO No 5'!J56+'ANEXO No 6 '!J56+'ANEXO No 7'!J56+'ANEXO No 8'!J56+'ANEXO No 9'!J56 -> 0 | K56: =+'ANEXO No 4'!O56+'ANEXO No 5'!O56+'ANEXO No 6 '!O56+'ANEXO No 7'!O56+'ANEXO No 8'!O56+'ANEXO No 9'!O56 -> 0 | L56: =+'ANEXO No 4'!P56+'ANEXO No 5'!P56+'ANEXO No 6 '!P56+'ANEXO No 7'!P56+'ANEXO No 8'!P56+'ANEXO No 9'!P56 -> 0 | M56: =+'ANEXO No 4'!U56+'ANEXO No 5'!U56+'ANEXO No 6 '!U56+'ANEXO No 7'!U56+'ANEXO No 8'!U56+'ANEXO No 9'!U56 -> 0 | N56: =+'ANEXO No 4'!Z56+'ANEXO No 5'!Z56+'ANEXO No 6 '!Z56+'ANEXO No 7'!Z56+'ANEXO No 8'!Z56+'ANEXO No 9'!Z56 -> 0 | O56: =+J56-K56 -> 0 | P56: =+J56-L56 -> 0
A57: 2.1.2.01.01.005.01.01.02 | B57: 9 | C57: C | D57: Ganado lechero | E57: =+'ANEXO No 4'!E57+'ANEXO No 5'!E57+'ANEXO No 6 '!E57+'ANEXO No 7'!E57+'ANEXO No 8'!E57+'ANEXO No 9'!E57 -> 0 | F57: =+'ANEXO No 4'!F57+'ANEXO No 5'!F57+'ANEXO No 6 '!F57+'ANEXO No 7'!F57+'ANEXO No 8'!F57+'ANEXO No 9'!F57 -> 0 | G57: =+'ANEXO No 4'!G57+'ANEXO No 5'!G57+'ANEXO No 6 '!G57+'ANEXO No 7'!G57+'ANEXO No 8'!G57+'ANEXO No 9'!G57 -> 0 | H57: =+'ANEXO No 4'!H57+'ANEXO No 5'!H57+'ANEXO No 6 '!H57+'ANEXO No 7'!H57+'ANEXO No 8'!H57+'ANEXO No 9'!H57 -> 0 | I57: =+'ANEXO No 4'!I57+'ANEXO No 5'!I57+'ANEXO No 6 '!I57+'ANEXO No 7'!I57+'ANEXO No 8'!I57+'ANEXO No 9'!I57 -> 0 | J57: =+'ANEXO No 4'!J57+'ANEXO No 5'!J57+'ANEXO No 6 '!J57+'ANEXO No 7'!J57+'ANEXO No 8'!J57+'ANEXO No 9'!J57 -> 0 | K57: =+'ANEXO No 4'!O57+'ANEXO No 5'!O57+'ANEXO No 6 '!O57+'ANEXO No 7'!O57+'ANEXO No 8'!O57+'ANEXO No 9'!O57 -> 0 | L57: =+'ANEXO No 4'!P57+'ANEXO No 5'!P57+'ANEXO No 6 '!P57+'ANEXO No 7'!P57+'ANEXO No 8'!P57+'ANEXO No 9'!P57 -> 0 | M57: =+'ANEXO No 4'!U57+'ANEXO No 5'!U57+'ANEXO No 6 '!U57+'ANEXO No 7'!U57+'ANEXO No 8'!U57+'ANEXO No 9'!U57 -> 0 | N57: =+'ANEXO No 4'!Z57+'ANEXO No 5'!Z57+'ANEXO No 6 '!Z57+'ANEXO No 7'!Z57+'ANEXO No 8'!Z57+'ANEXO No 9'!Z57 -> 0 | O57: =+J57-K57 -> 0 | P57: =+J57-L57 -> 0
A58: 2.1.2.01.01.005.01.02 | B58: 8 | C58: A | D58: Árboles, cultivos y plantas que generan productos en forma repetida | E58: =SUM(E59:E60) -> 0 | F58: =SUM(F59:F60) -> 0 | G58: =SUM(G59:G60) -> 0 | H58: =SUM(H59:H60) -> 0 | I58: =SUM(I59:I60) -> 0 | J58: =SUM(J59:J60) -> 0 | K58: =SUM(K59:K60) -> 0 | L58: =SUM(L59:L60) -> 0 | ... P58: =SUM(P59:P60) -> 0
A59: 2.1.2.01.01.005.01.02.01 | B59: 9 | C59: C | D59: Árboles frutales | E59: =+'ANEXO No 4'!E59+'ANEXO No 5'!E59+'ANEXO No 6 '!E59+'ANEXO No 7'!E59+'ANEXO No 8'!E59+'ANEXO No 9'!E59 -> 0 | F59: =+'ANEXO No 4'!F59+'ANEXO No 5'!F59+'ANEXO No 6 '!F59+'ANEXO No 7'!F59+'ANEXO No 8'!F59+'ANEXO No 9'!F59 -> 0 | G59: =+'ANEXO No 4'!G59+'ANEXO No 5'!G59+'ANEXO No 6 '!G59+'ANEXO No 7'!G59+'ANEXO No 8'!G59+'ANEXO No 9'!G59 -> 0 | H59: =+'ANEXO No 4'!H59+'ANEXO No 5'!H59+'ANEXO No 6 '!H59+'ANEXO No 7'!H59+'ANEXO No 8'!H59+'ANEXO No 9'!H59 -> 0 | I59: =+'ANEXO No 4'!I59+'ANEXO No 5'!I59+'ANEXO No 6 '!I59+'ANEXO No 7'!I59+'ANEXO No 8'!I59+'ANEXO No 9'!I59 -> 0 | J59: =+'ANEXO No 4'!J59+'ANEXO No 5'!J59+'ANEXO No 6 '!J59+'ANEXO No 7'!J59+'ANEXO No 8'!J59+'ANEXO No 9'!J59 -> 0 | K59: =+'ANEXO No 4'!O59+'ANEXO No 5'!O59+'ANEXO No 6 '!O59+'ANEXO No 7'!O59+'ANEXO No 8'!O59+'ANEXO No 9'!O59 -> 0 | L59: =+'ANEXO No 4'!P59+'ANEXO No 5'!P59+'ANEXO No 6 '!P59+'ANEXO No 7'!P59+'ANEXO No 8'!P59+'ANEXO No 9'!P59 -> 0 | M59: =+'ANEXO No 4'!U59+'ANEXO No 5'!U59+'ANEXO No 6 '!U59+'ANEXO No 7'!U59+'ANEXO No 8'!U59+'ANEXO No 9'!U59 -> 0 | N59: =+'ANEXO No 4'!Z59+'ANEXO No 5'!Z59+'ANEXO No 6 '!Z59+'ANEXO No 7'!Z59+'ANEXO No 8'!Z59+'ANEXO No 9'!Z59 -> 0 | O59: =+J59-K59 -> 0 | P59: =+J59-L59 -> 0
A60: 2.1.2.01.01.005.01.02.06 | B60: 9 | C60: C | D60: Otros árboles, cultivos y plantas que generan productos en forma repetida | E60: =+'ANEXO No 4'!E60+'ANEXO No 5'!E60+'ANEXO No 6 '!E60+'ANEXO No 7'!E60+'ANEXO No 8'!E60+'ANEXO No 9'!E60 -> 0 | F60: =+'ANEXO No 4'!F60+'ANEXO No 5'!F60+'ANEXO No 6 '!F60+'ANEXO No 7'!F60+'ANEXO No 8'!F60+'ANEXO No 9'!F60 -> 0 | G60: =+'ANEXO No 4'!G60+'ANEXO No 5'!G60+'ANEXO No 6 '!G60+'ANEXO No 7'!G60+'ANEXO No 8'!G60+'ANEXO No 9'!G60 -> 0 | H60: =+'ANEXO No 4'!H60+'ANEXO No 5'!H60+'ANEXO No 6 '!H60+'ANEXO No 7'!H60+'ANEXO No 8'!H60+'ANEXO No 9'!H60 -> 0 | I60: =+'ANEXO No 4'!I60+'ANEXO No 5'!I60+'ANEXO No 6 '!I60+'ANEXO No 7'!I60+'ANEXO No 8'!I60+'ANEXO No 9'!I60 -> 0 | J60: =+'ANEXO No 4'!J60+'ANEXO No 5'!J60+'ANEXO No 6 '!J60+'ANEXO No 7'!J60+'ANEXO No 8'!J60+'ANEXO No 9'!J60 -> 0 | K60: =+'ANEXO No 4'!O60+'ANEXO No 5'!O60+'ANEXO No 6 '!O60+'ANEXO No 7'!O60+'ANEXO No 8'!O60+'ANEXO No 9'!O60 -> 0 | L60: =+'ANEXO No 4'!P60+'ANEXO No 5'!P60+'ANEXO No 6 '!P60+'ANEXO No 7'!P60+'ANEXO No 8'!P60+'ANEXO No 9'!P60 -> 0 | M60: =+'ANEXO No 4'!U60+'ANEXO No 5'!U60+'ANEXO No 6 '!U60+'ANEXO No 7'!U60+'ANEXO No 8'!U60+'ANEXO No 9'!U60 -> 0 | N60: =+'ANEXO No 4'!Z60+'ANEXO No 5'!Z60+'ANEXO No 6 '!Z60+'ANEXO No 7'!Z60+'ANEXO No 8'!Z60+'ANEXO No 9'!Z60 -> 0 | O60: =+J60-K60 -> 0 | P60: =+J60-L60 -> 0
A61: 2.1.2.01.01.005.02 | B61: 7 | C61: A | D61: Productos de la propiedad intelectual | E61: =+E62 -> 0 | F61: =+F62 -> 0 | G61: =+G62 -> 0 | H61: =+H62 -> 0 | I61: =+I62 -> 0 | J61: =+J62 -> 0 | K61: =+K62 -> 0 | L61: =+L62 -> 0 | ... P61: =+P62 -> 0
A62: 2.1.2.01.01.005.02.03 | B62: 8 | C62: A | D62: Programas de informática y bases de datos | E62: =+E63 -> 0 | F62: =+F63 -> 0 | G62: =+G63 -> 0 | H62: =+H63 -> 0 | I62: =+I63 -> 0 | J62: =+J63 -> 0 | K62: =+K63 -> 0 | L62: =+L63 -> 0 | ... P62: =+P63 -> 0
A63: 2.1.2.01.01.005.02.03.01 | B63: 9 | C63: A | D63: Programas de informática | E63: =SUM(E64) -> 0 | F63: =SUM(F64) -> 0 | G63: =SUM(G64) -> 0 | H63: =SUM(H64) -> 0 | I63: =SUM(I64) -> 0 | J63: =SUM(J64) -> 0 | K63: =SUM(K64) -> 0 | L63: =SUM(L64) -> 0 | ... P63: =SUM(P64) -> 0
A64: 2.1.2.01.01.005.02.03.01.01 | B64: 10 | C64: C | D64: Paquetes de software | E64: =+'ANEXO No 4'!E64+'ANEXO No 5'!E64+'ANEXO No 6 '!E64+'ANEXO No 7'!E64+'ANEXO No 8'!E64+'ANEXO No 9'!E64 -> 0 | F64: =+'ANEXO No 4'!F64+'ANEXO No 5'!F64+'ANEXO No 6 '!F64+'ANEXO No 7'!F64+'ANEXO No 8'!F64+'ANEXO No 9'!F64 -> 0 | G64: =+'ANEXO No 4'!G64+'ANEXO No 5'!G64+'ANEXO No 6 '!G64+'ANEXO No 7'!G64+'ANEXO No 8'!G64+'ANEXO No 9'!G64 -> 0 | H64: =+'ANEXO No 4'!H64+'ANEXO No 5'!H64+'ANEXO No 6 '!H64+'ANEXO No 7'!H64+'ANEXO No 8'!H64+'ANEXO No 9'!H64 -> 0 | I64: =+'ANEXO No 4'!I64+'ANEXO No 5'!I64+'ANEXO No 6 '!I64+'ANEXO No 7'!I64+'ANEXO No 8'!I64+'ANEXO No 9'!I64 -> 0 | J64: =+'ANEXO No 4'!J64+'ANEXO No 5'!J64+'ANEXO No 6 '!J64+'ANEXO No 7'!J64+'ANEXO No 8'!J64+'ANEXO No 9'!J64 -> 0 | K64: =+'ANEXO No 4'!O64+'ANEXO No 5'!O64+'ANEXO No 6 '!O64+'ANEXO No 7'!O64+'ANEXO No 8'!O64+'ANEXO No 9'!O64 -> 0 | L64: =+'ANEXO No 4'!P64+'ANEXO No 5'!P64+'ANEXO No 6 '!P64+'ANEXO No 7'!P64+'ANEXO No 8'!P64+'ANEXO No 9'!P64 -> 0 | M64: =+'ANEXO No 4'!U64+'ANEXO No 5'!U64+'ANEXO No 6 '!U64+'ANEXO No 7'!U64+'ANEXO No 8'!U64+'ANEXO No 9'!U64 -> 0 | N64: =+'ANEXO No 4'!Z64+'ANEXO No 5'!Z64+'ANEXO No 6 '!Z64+'ANEXO No 7'!Z64+'ANEXO No 8'!Z64+'ANEXO No 9'!Z64 -> 0 | O64: =+J64-K64 -> 0 | P64: =+J64-L64 -> 0
A65: 2.1.2.02 | B65: 4 | C65: A | D65: Adquisiciones diferentes de activos | E65: =+E66+E77 -> 86170000 | F65: =+F66+F77 -> 46440122 | G65: =+G66+G77 -> 0 | H65: =+H66+H77 -> 596280 | I65: =+I66+I77 -> 2000000 | J65: =+J66+J77 -> 131206402 | K65: =+K66+K77 -> 115252288 | L65: =+L66+L77 -> 115252288 | ... P65: =+P66+P77 -> 15954114
A66: 2.1.2.02.01 | B66: 5 | C66: A | D66: Materiales y suministros | E66: =+E67+E70 -> 8000000 | F66: =+F67+F70 -> 8674478 | G66: =+G67+G70 -> 0 | H66: =+H67+H70 -> 0 | I66: =+I67+I70 -> 0 | J66: =+J67+J70 -> 16674478 | K66: =+K67+K70 -> 16674478 | L66: =+L67+L70 -> 16674478 | ... P66: =+P67+P70 -> 0
A67: 2.1.2.02.01.000 | B67: 6 | C67: A | D67: Agricultura, silvicultura y productos de la pesca | E67: =SUM(E68:E69) -> 0 | F67: =SUM(F68:F69) -> 0 | G67: =SUM(G68:G69) -> 0 | H67: =SUM(H68:H69) -> 0 | I67: =SUM(I68:I69) -> 0 | J67: =SUM(J68:J69) -> 0 | K67: =SUM(K68:K69) -> 0 | L67: =SUM(L68:L69) -> 0 | ... P67: =SUM(P68:P69) -> 0
A68: 2.1.2.02.01.000.01 | B68: 7 | C68: C | D68: Insumos para la agricultura, la horticultura y silvicultura | E68: =+'ANEXO No 4'!E68+'ANEXO No 5'!E68+'ANEXO No 6 '!E68+'ANEXO No 7'!E68+'ANEXO No 8'!E68+'ANEXO No 9'!E68 -> 0 | F68: =+'ANEXO No 4'!F68+'ANEXO No 5'!F68+'ANEXO No 6 '!F68+'ANEXO No 7'!F68+'ANEXO No 8'!F68+'ANEXO No 9'!F68 -> 0 | G68: =+'ANEXO No 4'!G68+'ANEXO No 5'!G68+'ANEXO No 6 '!G68+'ANEXO No 7'!G68+'ANEXO No 8'!G68+'ANEXO No 9'!G68 -> 0 | H68: =+'ANEXO No 4'!H68+'ANEXO No 5'!H68+'ANEXO No 6 '!H68+'ANEXO No 7'!H68+'ANEXO No 8'!H68+'ANEXO No 9'!H68 -> 0 | I68: =+'ANEXO No 4'!I68+'ANEXO No 5'!I68+'ANEXO No 6 '!I68+'ANEXO No 7'!I68+'ANEXO No 8'!I68+'ANEXO No 9'!I68 -> 0 | J68: =+'ANEXO No 4'!J68+'ANEXO No 5'!J68+'ANEXO No 6 '!J68+'ANEXO No 7'!J68+'ANEXO No 8'!J68+'ANEXO No 9'!J68 -> 0 | K68: =+'ANEXO No 4'!O68+'ANEXO No 5'!O68+'ANEXO No 6 '!O68+'ANEXO No 7'!O68+'ANEXO No 8'!O68+'ANEXO No 9'!O68 -> 0 | L68: =+'ANEXO No 4'!P68+'ANEXO No 5'!P68+'ANEXO No 6 '!P68+'ANEXO No 7'!P68+'ANEXO No 8'!P68+'ANEXO No 9'!P68 -> 0 | M68: =+'ANEXO No 4'!U68+'ANEXO No 5'!U68+'ANEXO No 6 '!U68+'ANEXO No 7'!U68+'ANEXO No 8'!U68+'ANEXO No 9'!U68 -> 0 | N68: =+'ANEXO No 4'!Z68+'ANEXO No 5'!Z68+'ANEXO No 6 '!Z68+'ANEXO No 7'!Z68+'ANEXO No 8'!Z68+'ANEXO No 9'!Z68 -> 0 | O68: =+J68-K68 -> 0 | P68: =+J68-L68 -> 0
A69: 2.1.2.02.01.000.02 | B69: 7 | C69: C | D69: Insumos para el sostenimiento de semovientes | E69: =+'ANEXO No 4'!E69+'ANEXO No 5'!E69+'ANEXO No 6 '!E69+'ANEXO No 7'!E69+'ANEXO No 8'!E69+'ANEXO No 9'!E69 -> 0 | F69: =+'ANEXO No 4'!F69+'ANEXO No 5'!F69+'ANEXO No 6 '!F69+'ANEXO No 7'!F69+'ANEXO No 8'!F69+'ANEXO No 9'!F69 -> 0 | G69: =+'ANEXO No 4'!G69+'ANEXO No 5'!G69+'ANEXO No 6 '!G69+'ANEXO No 7'!G69+'ANEXO No 8'!G69+'ANEXO No 9'!G69 -> 0 | H69: =+'ANEXO No 4'!H69+'ANEXO No 5'!H69+'ANEXO No 6 '!H69+'ANEXO No 7'!H69+'ANEXO No 8'!H69+'ANEXO No 9'!H69 -> 0 | I69: =+'ANEXO No 4'!I69+'ANEXO No 5'!I69+'ANEXO No 6 '!I69+'ANEXO No 7'!I69+'ANEXO No 8'!I69+'ANEXO No 9'!I69 -> 0 | J69: =+'ANEXO No 4'!J69+'ANEXO No 5'!J69+'ANEXO No 6 '!J69+'ANEXO No 7'!J69+'ANEXO No 8'!J69+'ANEXO No 9'!J69 -> 0 | K69: =+'ANEXO No 4'!O69+'ANEXO No 5'!O69+'ANEXO No 6 '!O69+'ANEXO No 7'!O69+'ANEXO No 8'!O69+'ANEXO No 9'!O69 -> 0 | L69: =+'ANEXO No 4'!P69+'ANEXO No 5'!P69+'ANEXO No 6 '!P69+'ANEXO No 7'!P69+'ANEXO No 8'!P69+'ANEXO No 9'!P69 -> 0 | M69: =+'ANEXO No 4'!U69+'ANEXO No 5'!U69+'ANEXO No 6 '!U69+'ANEXO No 7'!U69+'ANEXO No 8'!U69+'ANEXO No 9'!U69 -> 0 | N69: =+'ANEXO No 4'!Z69+'ANEXO No 5'!Z69+'ANEXO No 6 '!Z69+'ANEXO No 7'!Z69+'ANEXO No 8'!Z69+'ANEXO No 9'!Z69 -> 0 | O69: =+J69-K69 -> 0 | P69: =+J69-L69 -> 0
A70: 2.1.2.02.01.003 | B70: 6 | C70: A | D70: Otros bienes transportables (excepto productos metálicos, maquinaria y equipo) | E70: =SUM(E71:E76) -> 8000000 | F70: =SUM(F71:F76) -> 8674478 | G70: =SUM(G71:G76) -> 0 | H70: =SUM(H71:H76) -> 0 | I70: =SUM(I71:I76) -> 0 | J70: =SUM(J71:J76) -> 16674478 | K70: =SUM(K71:K76) -> 16674478 | L70: =SUM(L71:L76) -> 16674478 | ... P70: =SUM(P71:P76) -> 0
A71: 2.1.2.02.01.003.01 | B71: 7 | C71: C | D71: Compra y recarga de tóner y cartuchos | E71: =+'ANEXO No 4'!E71+'ANEXO No 5'!E71+'ANEXO No 6 '!E71+'ANEXO No 7'!E71+'ANEXO No 8'!E71+'ANEXO No 9'!E71 -> 0 | F71: =+'ANEXO No 4'!F71+'ANEXO No 5'!F71+'ANEXO No 6 '!F71+'ANEXO No 7'!F71+'ANEXO No 8'!F71+'ANEXO No 9'!F71 -> 0 | G71: =+'ANEXO No 4'!G71+'ANEXO No 5'!G71+'ANEXO No 6 '!G71+'ANEXO No 7'!G71+'ANEXO No 8'!G71+'ANEXO No 9'!G71 -> 0 | H71: =+'ANEXO No 4'!H71+'ANEXO No 5'!H71+'ANEXO No 6 '!H71+'ANEXO No 7'!H71+'ANEXO No 8'!H71+'ANEXO No 9'!H71 -> 0 | I71: =+'ANEXO No 4'!I71+'ANEXO No 5'!I71+'ANEXO No 6 '!I71+'ANEXO No 7'!I71+'ANEXO No 8'!I71+'ANEXO No 9'!I71 -> 0 | J71: =+'ANEXO No 4'!J71+'ANEXO No 5'!J71+'ANEXO No 6 '!J71+'ANEXO No 7'!J71+'ANEXO No 8'!J71+'ANEXO No 9'!J71 -> 0 | K71: =+'ANEXO No 4'!O71+'ANEXO No 5'!O71+'ANEXO No 6 '!O71+'ANEXO No 7'!O71+'ANEXO No 8'!O71+'ANEXO No 9'!O71 -> 0 | L71: =+'ANEXO No 4'!P71+'ANEXO No 5'!P71+'ANEXO No 6 '!P71+'ANEXO No 7'!P71+'ANEXO No 8'!P71+'ANEXO No 9'!P71 -> 0 | M71: =+'ANEXO No 4'!U71+'ANEXO No 5'!U71+'ANEXO No 6 '!U71+'ANEXO No 7'!U71+'ANEXO No 8'!U71+'ANEXO No 9'!U71 -> 0 | N71: =+'ANEXO No 4'!Z71+'ANEXO No 5'!Z71+'ANEXO No 6 '!Z71+'ANEXO No 7'!Z71+'ANEXO No 8'!Z71+'ANEXO No 9'!Z71 -> 0 | O71: =+J71-K71 -> 0 | P71: =+J71-L71 -> 0
A72: 2.1.2.02.01.003.02 | B72: 7 | C72: C | D72: Compra y recarga de extintores | E72: =+'ANEXO No 4'!E72+'ANEXO No 5'!E72+'ANEXO No 6 '!E72+'ANEXO No 7'!E72+'ANEXO No 8'!E72+'ANEXO No 9'!E72 -> 0 | F72: =+'ANEXO No 4'!F72+'ANEXO No 5'!F72+'ANEXO No 6 '!F72+'ANEXO No 7'!F72+'ANEXO No 8'!F72+'ANEXO No 9'!F72 -> 0 | G72: =+'ANEXO No 4'!G72+'ANEXO No 5'!G72+'ANEXO No 6 '!G72+'ANEXO No 7'!G72+'ANEXO No 8'!G72+'ANEXO No 9'!G72 -> 0 | H72: =+'ANEXO No 4'!H72+'ANEXO No 5'!H72+'ANEXO No 6 '!H72+'ANEXO No 7'!H72+'ANEXO No 8'!H72+'ANEXO No 9'!H72 -> 0 | I72: =+'ANEXO No 4'!I72+'ANEXO No 5'!I72+'ANEXO No 6 '!I72+'ANEXO No 7'!I72+'ANEXO No 8'!I72+'ANEXO No 9'!I72 -> 0 | J72: =+'ANEXO No 4'!J72+'ANEXO No 5'!J72+'ANEXO No 6 '!J72+'ANEXO No 7'!J72+'ANEXO No 8'!J72+'ANEXO No 9'!J72 -> 0 | K72: =+'ANEXO No 4'!O72+'ANEXO No 5'!O72+'ANEXO No 6 '!O72+'ANEXO No 7'!O72+'ANEXO No 8'!O72+'ANEXO No 9'!O72 -> 0 | L72: =+'ANEXO No 4'!P72+'ANEXO No 5'!P72+'ANEXO No 6 '!P72+'ANEXO No 7'!P72+'ANEXO No 8'!P72+'ANEXO No 9'!P72 -> 0 | M72: =+'ANEXO No 4'!U72+'ANEXO No 5'!U72+'ANEXO No 6 '!U72+'ANEXO No 7'!U72+'ANEXO No 8'!U72+'ANEXO No 9'!U72 -> 0 | N72: =+'ANEXO No 4'!Z72+'ANEXO No 5'!Z72+'ANEXO No 6 '!Z72+'ANEXO No 7'!Z72+'ANEXO No 8'!Z72+'ANEXO No 9'!Z72 -> 0 | O72: =+J72-K72 -> 0 | P72: =+J72-L72 -> 0
A73: 2.1.2.02.01.003.03 | B73: 7 | C73: C | D73: Textos, libros, guías y demás material pedagógico | E73: =+'ANEXO No 4'!E73+'ANEXO No 5'!E73+'ANEXO No 6 '!E73+'ANEXO No 7'!E73+'ANEXO No 8'!E73+'ANEXO No 9'!E73 -> 3000000 | F73: =+'ANEXO No 4'!F73+'ANEXO No 5'!F73+'ANEXO No 6 '!F73+'ANEXO No 7'!F73+'ANEXO No 8'!F73+'ANEXO No 9'!F73 -> 8674478 | G73: =+'ANEXO No 4'!G73+'ANEXO No 5'!G73+'ANEXO No 6 '!G73+'ANEXO No 7'!G73+'ANEXO No 8'!G73+'ANEXO No 9'!G73 -> 0 | H73: =+'ANEXO No 4'!H73+'ANEXO No 5'!H73+'ANEXO No 6 '!H73+'ANEXO No 7'!H73+'ANEXO No 8'!H73+'ANEXO No 9'!H73 -> 0 | I73: =+'ANEXO No 4'!I73+'ANEXO No 5'!I73+'ANEXO No 6 '!I73+'ANEXO No 7'!I73+'ANEXO No 8'!I73+'ANEXO No 9'!I73 -> 0 | J73: =+'ANEXO No 4'!J73+'ANEXO No 5'!J73+'ANEXO No 6 '!J73+'ANEXO No 7'!J73+'ANEXO No 8'!J73+'ANEXO No 9'!J73 -> 11674478 | K73: =+'ANEXO No 4'!O73+'ANEXO No 5'!O73+'ANEXO No 6 '!O73+'ANEXO No 7'!O73+'ANEXO No 8'!O73+'ANEXO No 9'!O73 -> 11674478 | L73: =+'ANEXO No 4'!P73+'ANEXO No 5'!P73+'ANEXO No 6 '!P73+'ANEXO No 7'!P73+'ANEXO No 8'!P73+'ANEXO No 9'!P73 -> 11674478 | M73: =+'ANEXO No 4'!U73+'ANEXO No 5'!U73+'ANEXO No 6 '!U73+'ANEXO No 7'!U73+'ANEXO No 8'!U73+'ANEXO No 9'!U73 -> 11674478 | N73: =+'ANEXO No 4'!Z73+'ANEXO No 5'!Z73+'ANEXO No 6 '!Z73+'ANEXO No 7'!Z73+'ANEXO No 8'!Z73+'ANEXO No 9'!Z73 -> 11674478 | O73: =+J73-K73 -> 0 | P73: =+J73-L73 -> 0
A74: 2.1.2.02.01.003.04 | B74: 7 | C74: C | D74: Textos, libros, guías y demás material administrativo | E74: =+'ANEXO No 4'!E74+'ANEXO No 5'!E74+'ANEXO No 6 '!E74+'ANEXO No 7'!E74+'ANEXO No 8'!E74+'ANEXO No 9'!E74 -> 3000000 | F74: =+'ANEXO No 4'!F74+'ANEXO No 5'!F74+'ANEXO No 6 '!F74+'ANEXO No 7'!F74+'ANEXO No 8'!F74+'ANEXO No 9'!F74 -> 0 | G74: =+'ANEXO No 4'!G74+'ANEXO No 5'!G74+'ANEXO No 6 '!G74+'ANEXO No 7'!G74+'ANEXO No 8'!G74+'ANEXO No 9'!G74 -> 0 | H74: =+'ANEXO No 4'!H74+'ANEXO No 5'!H74+'ANEXO No 6 '!H74+'ANEXO No 7'!H74+'ANEXO No 8'!H74+'ANEXO No 9'!H74 -> 0 | I74: =+'ANEXO No 4'!I74+'ANEXO No 5'!I74+'ANEXO No 6 '!I74+'ANEXO No 7'!I74+'ANEXO No 8'!I74+'ANEXO No 9'!I74 -> 0 | J74: =+'ANEXO No 4'!J74+'ANEXO No 5'!J74+'ANEXO No 6 '!J74+'ANEXO No 7'!J74+'ANEXO No 8'!J74+'ANEXO No 9'!J74 -> 3000000 | K74: =+'ANEXO No 4'!O74+'ANEXO No 5'!O74+'ANEXO No 6 '!O74+'ANEXO No 7'!O74+'ANEXO No 8'!O74+'ANEXO No 9'!O74 -> 3000000 | L74: =+'ANEXO No 4'!P74+'ANEXO No 5'!P74+'ANEXO No 6 '!P74+'ANEXO No 7'!P74+'ANEXO No 8'!P74+'ANEXO No 9'!P74 -> 3000000 | M74: =+'ANEXO No 4'!U74+'ANEXO No 5'!U74+'ANEXO No 6 '!U74+'ANEXO No 7'!U74+'ANEXO No 8'!U74+'ANEXO No 9'!U74 -> 3000000 | N74: =+'ANEXO No 4'!Z74+'ANEXO No 5'!Z74+'ANEXO No 6 '!Z74+'ANEXO No 7'!Z74+'ANEXO No 8'!Z74+'ANEXO No 9'!Z74 -> 3000000 | O74: =+J74-K74 -> 0 | P74: =+J74-L74 -> 0
A75: 2.1.2.02.01.003.05 | B75: 7 | C75: C | D75: Artículos de aseo y elementos de bioseguridad | E75: =+'ANEXO No 4'!E75+'ANEXO No 5'!E75+'ANEXO No 6 '!E75+'ANEXO No 7'!E75+'ANEXO No 8'!E75+'ANEXO No 9'!E75 -> 2000000 | F75: =+'ANEXO No 4'!F75+'ANEXO No 5'!F75+'ANEXO No 6 '!F75+'ANEXO No 7'!F75+'ANEXO No 8'!F75+'ANEXO No 9'!F75 -> 0 | G75: =+'ANEXO No 4'!G75+'ANEXO No 5'!G75+'ANEXO No 6 '!G75+'ANEXO No 7'!G75+'ANEXO No 8'!G75+'ANEXO No 9'!G75 -> 0 | H75: =+'ANEXO No 4'!H75+'ANEXO No 5'!H75+'ANEXO No 6 '!H75+'ANEXO No 7'!H75+'ANEXO No 8'!H75+'ANEXO No 9'!H75 -> 0 | I75: =+'ANEXO No 4'!I75+'ANEXO No 5'!I75+'ANEXO No 6 '!I75+'ANEXO No 7'!I75+'ANEXO No 8'!I75+'ANEXO No 9'!I75 -> 0 | J75: =+'ANEXO No 4'!J75+'ANEXO No 5'!J75+'ANEXO No 6 '!J75+'ANEXO No 7'!J75+'ANEXO No 8'!J75+'ANEXO No 9'!J75 -> 2000000 | K75: =+'ANEXO No 4'!O75+'ANEXO No 5'!O75+'ANEXO No 6 '!O75+'ANEXO No 7'!O75+'ANEXO No 8'!O75+'ANEXO No 9'!O75 -> 2000000 | L75: =+'ANEXO No 4'!P75+'ANEXO No 5'!P75+'ANEXO No 6 '!P75+'ANEXO No 7'!P75+'ANEXO No 8'!P75+'ANEXO No 9'!P75 -> 2000000 | M75: =+'ANEXO No 4'!U75+'ANEXO No 5'!U75+'ANEXO No 6 '!U75+'ANEXO No 7'!U75+'ANEXO No 8'!U75+'ANEXO No 9'!U75 -> 2000000 | N75: =+'ANEXO No 4'!Z75+'ANEXO No 5'!Z75+'ANEXO No 6 '!Z75+'ANEXO No 7'!Z75+'ANEXO No 8'!Z75+'ANEXO No 9'!Z75 -> 2000000 | O75: =+J75-K75 -> 0 | P75: =+J75-L75 -> 0
A76: 2.1.2.02.01.003.06 | B76: 7 | C76: C | D76: Combustibles y lubricantes | E76: =+'ANEXO No 4'!E76+'ANEXO No 5'!E76+'ANEXO No 6 '!E76+'ANEXO No 7'!E76+'ANEXO No 8'!E76+'ANEXO No 9'!E76 -> 0 | F76: =+'ANEXO No 4'!F76+'ANEXO No 5'!F76+'ANEXO No 6 '!F76+'ANEXO No 7'!F76+'ANEXO No 8'!F76+'ANEXO No 9'!F76 -> 0 | G76: =+'ANEXO No 4'!G76+'ANEXO No 5'!G76+'ANEXO No 6 '!G76+'ANEXO No 7'!G76+'ANEXO No 8'!G76+'ANEXO No 9'!G76 -> 0 | H76: =+'ANEXO No 4'!H76+'ANEXO No 5'!H76+'ANEXO No 6 '!H76+'ANEXO No 7'!H76+'ANEXO No 8'!H76+'ANEXO No 9'!H76 -> 0 | I76: =+'ANEXO No 4'!I76+'ANEXO No 5'!I76+'ANEXO No 6 '!I76+'ANEXO No 7'!I76+'ANEXO No 8'!I76+'ANEXO No 9'!I76 -> 0 | J76: =+'ANEXO No 4'!J76+'ANEXO No 5'!J76+'ANEXO No 6 '!J76+'ANEXO No 7'!J76+'ANEXO No 8'!J76+'ANEXO No 9'!J76 -> 0 | K76: =+'ANEXO No 4'!O76+'ANEXO No 5'!O76+'ANEXO No 6 '!O76+'ANEXO No 7'!O76+'ANEXO No 8'!O76+'ANEXO No 9'!O76 -> 0 | L76: =+'ANEXO No 4'!P76+'ANEXO No 5'!P76+'ANEXO No 6 '!P76+'ANEXO No 7'!P76+'ANEXO No 8'!P76+'ANEXO No 9'!P76 -> 0 | M76: =+'ANEXO No 4'!U76+'ANEXO No 5'!U76+'ANEXO No 6 '!U76+'ANEXO No 7'!U76+'ANEXO No 8'!U76+'ANEXO No 9'!U76 -> 0 | N76: =+'ANEXO No 4'!Z76+'ANEXO No 5'!Z76+'ANEXO No 6 '!Z76+'ANEXO No 7'!Z76+'ANEXO No 8'!Z76+'ANEXO No 9'!Z76 -> 0 | O76: =+J76-K76 -> 0 | P76: =+J76-L76 -> 0
A77: 2.1.2.02.02 | B77: 5 | C77: A | D77: Adquisición de servicios | E77: =+E78+E81+E90+E94+E104 -> 78170000 | F77: =+F78+F81+F90+F94+F104 -> 37765644 | G77: =+G78+G81+G90+G94+G104 -> 0 | H77: =+H78+H81+H90+H94+H104 -> 596280 | I77: =+I78+I81+I90+I94+I104 -> 2000000 | J77: =+J78+J81+J90+J94+J104 -> 114531924 | K77: =+K78+K81+K90+K94+K104 -> 98577810 | L77: =+L78+L81+L90+L94+L104 -> 98577810 | ... P77: =+P78+P81+P90+P94+P104 -> 15954114
A78: 2.1.2.02.02.005 | B78: 6 | C78: A | D78: Servicios de la construcción | E78: =SUM(E79:E80) -> 12000000 | F78: =SUM(F79:F80) -> 23888168 | G78: =SUM(G79:G80) -> 0 | H78: =SUM(H79:H80) -> 500000 | I78: =SUM(I79:I80) -> 0 | J78: =SUM(J79:J80) -> 36388168 | K78: =SUM(K79:K80) -> 28388168 | L78: =SUM(L79:L80) -> 28388168 | ... P78: =SUM(P79:P80) -> 8000000
A79: 2.1.2.02.02.005.01 | B79: 7 | C79: C | D79: Mantenimiento del Establecimiento | E79: =+'ANEXO No 4'!E79+'ANEXO No 5'!E79+'ANEXO No 6 '!E79+'ANEXO No 7'!E79+'ANEXO No 8'!E79+'ANEXO No 9'!E79 -> 4000000 | F79: =+'ANEXO No 4'!F79+'ANEXO No 5'!F79+'ANEXO No 6 '!F79+'ANEXO No 7'!F79+'ANEXO No 8'!F79+'ANEXO No 9'!F79 -> 23888168 | G79: =+'ANEXO No 4'!G79+'ANEXO No 5'!G79+'ANEXO No 6 '!G79+'ANEXO No 7'!G79+'ANEXO No 8'!G79+'ANEXO No 9'!G79 -> 0 | H79: =+'ANEXO No 4'!H79+'ANEXO No 5'!H79+'ANEXO No 6 '!H79+'ANEXO No 7'!H79+'ANEXO No 8'!H79+'ANEXO No 9'!H79 -> 500000 | I79: =+'ANEXO No 4'!I79+'ANEXO No 5'!I79+'ANEXO No 6 '!I79+'ANEXO No 7'!I79+'ANEXO No 8'!I79+'ANEXO No 9'!I79 -> 0 | J79: =+'ANEXO No 4'!J79+'ANEXO No 5'!J79+'ANEXO No 6 '!J79+'ANEXO No 7'!J79+'ANEXO No 8'!J79+'ANEXO No 9'!J79 -> 28388168 | K79: =+'ANEXO No 4'!O79+'ANEXO No 5'!O79+'ANEXO No 6 '!O79+'ANEXO No 7'!O79+'ANEXO No 8'!O79+'ANEXO No 9'!O79 -> 28388168 | L79: =+'ANEXO No 4'!P79+'ANEXO No 5'!P79+'ANEXO No 6 '!P79+'ANEXO No 7'!P79+'ANEXO No 8'!P79+'ANEXO No 9'!P79 -> 28388168 | M79: =+'ANEXO No 4'!U79+'ANEXO No 5'!U79+'ANEXO No 6 '!U79+'ANEXO No 7'!U79+'ANEXO No 8'!U79+'ANEXO No 9'!U79 -> 28388168 | N79: =+'ANEXO No 4'!Z79+'ANEXO No 5'!Z79+'ANEXO No 6 '!Z79+'ANEXO No 7'!Z79+'ANEXO No 8'!Z79+'ANEXO No 9'!Z79 -> 28388168 | O79: =+J79-K79 -> 0 | P79: =+J79-L79 -> 0
A80: 2.1.2.02.02.005.02 | B80: 7 | C80: C | D80: Adecuaciones de Infraestuctura Residencia Escolar | E80: =+'ANEXO No 4'!E80+'ANEXO No 5'!E80+'ANEXO No 6 '!E80+'ANEXO No 7'!E80+'ANEXO No 8'!E80+'ANEXO No 9'!E80 -> 8000000 | F80: =+'ANEXO No 4'!F80+'ANEXO No 5'!F80+'ANEXO No 6 '!F80+'ANEXO No 7'!F80+'ANEXO No 8'!F80+'ANEXO No 9'!F80 -> 0 | G80: =+'ANEXO No 4'!G80+'ANEXO No 5'!G80+'ANEXO No 6 '!G80+'ANEXO No 7'!G80+'ANEXO No 8'!G80+'ANEXO No 9'!G80 -> 0 | H80: =+'ANEXO No 4'!H80+'ANEXO No 5'!H80+'ANEXO No 6 '!H80+'ANEXO No 7'!H80+'ANEXO No 8'!H80+'ANEXO No 9'!H80 -> 0 | I80: =+'ANEXO No 4'!I80+'ANEXO No 5'!I80+'ANEXO No 6 '!I80+'ANEXO No 7'!I80+'ANEXO No 8'!I80+'ANEXO No 9'!I80 -> 0 | J80: =+'ANEXO No 4'!J80+'ANEXO No 5'!J80+'ANEXO No 6 '!J80+'ANEXO No 7'!J80+'ANEXO No 8'!J80+'ANEXO No 9'!J80 -> 8000000 | K80: =+'ANEXO No 4'!O80+'ANEXO No 5'!O80+'ANEXO No 6 '!O80+'ANEXO No 7'!O80+'ANEXO No 8'!O80+'ANEXO No 9'!O80 -> 0 | L80: =+'ANEXO No 4'!P80+'ANEXO No 5'!P80+'ANEXO No 6 '!P80+'ANEXO No 7'!P80+'ANEXO No 8'!P80+'ANEXO No 9'!P80 -> 0 | M80: =+'ANEXO No 4'!U80+'ANEXO No 5'!U80+'ANEXO No 6 '!U80+'ANEXO No 7'!U80+'ANEXO No 8'!U80+'ANEXO No 9'!U80 -> 0 | N80: =+'ANEXO No 4'!Z80+'ANEXO No 5'!Z80+'ANEXO No 6 '!Z80+'ANEXO No 7'!Z80+'ANEXO No 8'!Z80+'ANEXO No 9'!Z80 -> 0 | O80: =+J80-K80 -> 8000000 | P80: =+J80-L80 -> 8000000
A81: 2.1.2.02.02.006 | B81: 6 | C81: A | D81: Comercio y Distribucion; alojamiento; servicios de suministro de comidas y bebidas; servicios de transporte; y servicios de distribución de electricidad, gas y agua | E81: =SUM(E82:E89) -> 52270000 | F81: =SUM(F82:F89) -> 12929105 | G81: =SUM(G82:G89) -> 0 | H81: =SUM(H82:H89) -> 96280 | I81: =SUM(I82:I89) -> 0 | J81: =SUM(J82:J89) -> 65295385 | K81: =SUM(K82:K89) -> 62032365 | L81: =SUM(L82:L89) -> 62032365 | ... P81: =SUM(P82:P89) -> 3263020
A82: 2.1.2.02.02.006.01 | B82: 7 | C82: C | D82: Servicio de Acueducto | E82: =+'ANEXO No 4'!E82+'ANEXO No 5'!E82+'ANEXO No 6 '!E82+'ANEXO No 7'!E82+'ANEXO No 8'!E82+'ANEXO No 9'!E82 -> 0 | F82: =+'ANEXO No 4'!F82+'ANEXO No 5'!F82+'ANEXO No 6 '!F82+'ANEXO No 7'!F82+'ANEXO No 8'!F82+'ANEXO No 9'!F82 -> 0 | G82: =+'ANEXO No 4'!G82+'ANEXO No 5'!G82+'ANEXO No 6 '!G82+'ANEXO No 7'!G82+'ANEXO No 8'!G82+'ANEXO No 9'!G82 -> 0 | H82: =+'ANEXO No 4'!H82+'ANEXO No 5'!H82+'ANEXO No 6 '!H82+'ANEXO No 7'!H82+'ANEXO No 8'!H82+'ANEXO No 9'!H82 -> 0 | I82: =+'ANEXO No 4'!I82+'ANEXO No 5'!I82+'ANEXO No 6 '!I82+'ANEXO No 7'!I82+'ANEXO No 8'!I82+'ANEXO No 9'!I82 -> 0 | J82: =+'ANEXO No 4'!J82+'ANEXO No 5'!J82+'ANEXO No 6 '!J82+'ANEXO No 7'!J82+'ANEXO No 8'!J82+'ANEXO No 9'!J82 -> 0 | K82: =+'ANEXO No 4'!O82+'ANEXO No 5'!O82+'ANEXO No 6 '!O82+'ANEXO No 7'!O82+'ANEXO No 8'!O82+'ANEXO No 9'!O82 -> 0 | L82: =+'ANEXO No 4'!P82+'ANEXO No 5'!P82+'ANEXO No 6 '!P82+'ANEXO No 7'!P82+'ANEXO No 8'!P82+'ANEXO No 9'!P82 -> 0 | M82: =+'ANEXO No 4'!U82+'ANEXO No 5'!U82+'ANEXO No 6 '!U82+'ANEXO No 7'!U82+'ANEXO No 8'!U82+'ANEXO No 9'!U82 -> 0 | N82: =+'ANEXO No 4'!Z82+'ANEXO No 5'!Z82+'ANEXO No 6 '!Z82+'ANEXO No 7'!Z82+'ANEXO No 8'!Z82+'ANEXO No 9'!Z82 -> 0 | O82: =+J82-K82 -> 0 | P82: =+J82-L82 -> 0
A83: 2.1.2.02.02.006.02 | B83: 7 | C83: C | D83: Servicio de Energía | E83: =+'ANEXO No 4'!E83+'ANEXO No 5'!E83+'ANEXO No 6 '!E83+'ANEXO No 7'!E83+'ANEXO No 8'!E83+'ANEXO No 9'!E83 -> 10270000 | F83: =+'ANEXO No 4'!F83+'ANEXO No 5'!F83+'ANEXO No 6 '!F83+'ANEXO No 7'!F83+'ANEXO No 8'!F83+'ANEXO No 9'!F83 -> 8364420 | G83: =+'ANEXO No 4'!G83+'ANEXO No 5'!G83+'ANEXO No 6 '!G83+'ANEXO No 7'!G83+'ANEXO No 8'!G83+'ANEXO No 9'!G83 -> 0 | H83: =+'ANEXO No 4'!H83+'ANEXO No 5'!H83+'ANEXO No 6 '!H83+'ANEXO No 7'!H83+'ANEXO No 8'!H83+'ANEXO No 9'!H83 -> 96280 | I83: =+'ANEXO No 4'!I83+'ANEXO No 5'!I83+'ANEXO No 6 '!I83+'ANEXO No 7'!I83+'ANEXO No 8'!I83+'ANEXO No 9'!I83 -> 0 | J83: =+'ANEXO No 4'!J83+'ANEXO No 5'!J83+'ANEXO No 6 '!J83+'ANEXO No 7'!J83+'ANEXO No 8'!J83+'ANEXO No 9'!J83 -> 18730700 | K83: =+'ANEXO No 4'!O83+'ANEXO No 5'!O83+'ANEXO No 6 '!O83+'ANEXO No 7'!O83+'ANEXO No 8'!O83+'ANEXO No 9'!O83 -> 15467680 | L83: =+'ANEXO No 4'!P83+'ANEXO No 5'!P83+'ANEXO No 6 '!P83+'ANEXO No 7'!P83+'ANEXO No 8'!P83+'ANEXO No 9'!P83 -> 15467680 | M83: =+'ANEXO No 4'!U83+'ANEXO No 5'!U83+'ANEXO No 6 '!U83+'ANEXO No 7'!U83+'ANEXO No 8'!U83+'ANEXO No 9'!U83 -> 15467680 | N83: =+'ANEXO No 4'!Z83+'ANEXO No 5'!Z83+'ANEXO No 6 '!Z83+'ANEXO No 7'!Z83+'ANEXO No 8'!Z83+'ANEXO No 9'!Z83 -> 15467680 | O83: =+J83-K83 -> 3263020 | P83: =+J83-L83 -> 3263020
A84: 2.1.2.02.02.006.03 | B84: 7 | C84: C | D84: Servicio de Gas | E84: =+'ANEXO No 4'!E84+'ANEXO No 5'!E84+'ANEXO No 6 '!E84+'ANEXO No 7'!E84+'ANEXO No 8'!E84+'ANEXO No 9'!E84 -> 0 | F84: =+'ANEXO No 4'!F84+'ANEXO No 5'!F84+'ANEXO No 6 '!F84+'ANEXO No 7'!F84+'ANEXO No 8'!F84+'ANEXO No 9'!F84 -> 0 | G84: =+'ANEXO No 4'!G84+'ANEXO No 5'!G84+'ANEXO No 6 '!G84+'ANEXO No 7'!G84+'ANEXO No 8'!G84+'ANEXO No 9'!G84 -> 0 | H84: =+'ANEXO No 4'!H84+'ANEXO No 5'!H84+'ANEXO No 6 '!H84+'ANEXO No 7'!H84+'ANEXO No 8'!H84+'ANEXO No 9'!H84 -> 0 | I84: =+'ANEXO No 4'!I84+'ANEXO No 5'!I84+'ANEXO No 6 '!I84+'ANEXO No 7'!I84+'ANEXO No 8'!I84+'ANEXO No 9'!I84 -> 0 | J84: =+'ANEXO No 4'!J84+'ANEXO No 5'!J84+'ANEXO No 6 '!J84+'ANEXO No 7'!J84+'ANEXO No 8'!J84+'ANEXO No 9'!J84 -> 0 | K84: =+'ANEXO No 4'!O84+'ANEXO No 5'!O84+'ANEXO No 6 '!O84+'ANEXO No 7'!O84+'ANEXO No 8'!O84+'ANEXO No 9'!O84 -> 0 | L84: =+'ANEXO No 4'!P84+'ANEXO No 5'!P84+'ANEXO No 6 '!P84+'ANEXO No 7'!P84+'ANEXO No 8'!P84+'ANEXO No 9'!P84 -> 0 | M84: =+'ANEXO No 4'!U84+'ANEXO No 5'!U84+'ANEXO No 6 '!U84+'ANEXO No 7'!U84+'ANEXO No 8'!U84+'ANEXO No 9'!U84 -> 0 | N84: =+'ANEXO No 4'!Z84+'ANEXO No 5'!Z84+'ANEXO No 6 '!Z84+'ANEXO No 7'!Z84+'ANEXO No 8'!Z84+'ANEXO No 9'!Z84 -> 0 | O84: =+J84-K84 -> 0 | P84: =+J84-L84 -> 0
A85: 2.1.2.02.02.006.04 | B85: 7 | C85: C | D85: Viáticos y gastos de viaje (Estudiantes) | E85: =+'ANEXO No 4'!E85+'ANEXO No 5'!E85+'ANEXO No 6 '!E85+'ANEXO No 7'!E85+'ANEXO No 8'!E85+'ANEXO No 9'!E85 -> 0 | F85: =+'ANEXO No 4'!F85+'ANEXO No 5'!F85+'ANEXO No 6 '!F85+'ANEXO No 7'!F85+'ANEXO No 8'!F85+'ANEXO No 9'!F85 -> 0 | G85: =+'ANEXO No 4'!G85+'ANEXO No 5'!G85+'ANEXO No 6 '!G85+'ANEXO No 7'!G85+'ANEXO No 8'!G85+'ANEXO No 9'!G85 -> 0 | H85: =+'ANEXO No 4'!H85+'ANEXO No 5'!H85+'ANEXO No 6 '!H85+'ANEXO No 7'!H85+'ANEXO No 8'!H85+'ANEXO No 9'!H85 -> 0 | I85: =+'ANEXO No 4'!I85+'ANEXO No 5'!I85+'ANEXO No 6 '!I85+'ANEXO No 7'!I85+'ANEXO No 8'!I85+'ANEXO No 9'!I85 -> 0 | J85: =+'ANEXO No 4'!J85+'ANEXO No 5'!J85+'ANEXO No 6 '!J85+'ANEXO No 7'!J85+'ANEXO No 8'!J85+'ANEXO No 9'!J85 -> 0 | K85: =+'ANEXO No 4'!O85+'ANEXO No 5'!O85+'ANEXO No 6 '!O85+'ANEXO No 7'!O85+'ANEXO No 8'!O85+'ANEXO No 9'!O85 -> 0 | L85: =+'ANEXO No 4'!P85+'ANEXO No 5'!P85+'ANEXO No 6 '!P85+'ANEXO No 7'!P85+'ANEXO No 8'!P85+'ANEXO No 9'!P85 -> 0 | M85: =+'ANEXO No 4'!U85+'ANEXO No 5'!U85+'ANEXO No 6 '!U85+'ANEXO No 7'!U85+'ANEXO No 8'!U85+'ANEXO No 9'!U85 -> 0 | N85: =+'ANEXO No 4'!Z85+'ANEXO No 5'!Z85+'ANEXO No 6 '!Z85+'ANEXO No 7'!Z85+'ANEXO No 8'!Z85+'ANEXO No 9'!Z85 -> 0 | O85: =+J85-K85 -> 0 | P85: =+J85-L85 -> 0
A86: 2.1.2.02.02.006.05 | B86: 7 | C86: C | D86: Gastos de transporte y comunicación | E86: =+'ANEXO No 4'!E86+'ANEXO No 5'!E86+'ANEXO No 6 '!E86+'ANEXO No 7'!E86+'ANEXO No 8'!E86+'ANEXO No 9'!E86 -> 0 | F86: =+'ANEXO No 4'!F86+'ANEXO No 5'!F86+'ANEXO No 6 '!F86+'ANEXO No 7'!F86+'ANEXO No 8'!F86+'ANEXO No 9'!F86 -> 0 | G86: =+'ANEXO No 4'!G86+'ANEXO No 5'!G86+'ANEXO No 6 '!G86+'ANEXO No 7'!G86+'ANEXO No 8'!G86+'ANEXO No 9'!G86 -> 0 | H86: =+'ANEXO No 4'!H86+'ANEXO No 5'!H86+'ANEXO No 6 '!H86+'ANEXO No 7'!H86+'ANEXO No 8'!H86+'ANEXO No 9'!H86 -> 0 | I86: =+'ANEXO No 4'!I86+'ANEXO No 5'!I86+'ANEXO No 6 '!I86+'ANEXO No 7'!I86+'ANEXO No 8'!I86+'ANEXO No 9'!I86 -> 0 | J86: =+'ANEXO No 4'!J86+'ANEXO No 5'!J86+'ANEXO No 6 '!J86+'ANEXO No 7'!J86+'ANEXO No 8'!J86+'ANEXO No 9'!J86 -> 0 | K86: =+'ANEXO No 4'!O86+'ANEXO No 5'!O86+'ANEXO No 6 '!O86+'ANEXO No 7'!O86+'ANEXO No 8'!O86+'ANEXO No 9'!O86 -> 0 | L86: =+'ANEXO No 4'!P86+'ANEXO No 5'!P86+'ANEXO No 6 '!P86+'ANEXO No 7'!P86+'ANEXO No 8'!P86+'ANEXO No 9'!P86 -> 0 | M86: =+'ANEXO No 4'!U86+'ANEXO No 5'!U86+'ANEXO No 6 '!U86+'ANEXO No 7'!U86+'ANEXO No 8'!U86+'ANEXO No 9'!U86 -> 0 | N86: =+'ANEXO No 4'!Z86+'ANEXO No 5'!Z86+'ANEXO No 6 '!Z86+'ANEXO No 7'!Z86+'ANEXO No 8'!Z86+'ANEXO No 9'!Z86 -> 0 | O86: =+J86-K86 -> 0 | P86: =+J86-L86 -> 0
A87: 2.1.2.02.02.006.06 | B87: 7 | C87: C | D87: Alimentación Estudiantes Residencia Escolar | E87: =+'ANEXO No 4'!E87+'ANEXO No 5'!E87+'ANEXO No 6 '!E87+'ANEXO No 7'!E88+'ANEXO No 8'!E88+'ANEXO No 9'!E88 -> 42000000 | F87: =+'ANEXO No 4'!F87+'ANEXO No 5'!F87+'ANEXO No 6 '!F87+'ANEXO No 7'!F87+'ANEXO No 8'!F87+'ANEXO No 9'!F87 -> 4564685 | G87: =+'ANEXO No 4'!G87+'ANEXO No 5'!G87+'ANEXO No 6 '!G87+'ANEXO No 7'!G87+'ANEXO No 8'!G87+'ANEXO No 9'!G87 -> 0 | H87: =+'ANEXO No 4'!H87+'ANEXO No 5'!H87+'ANEXO No 6 '!H87+'ANEXO No 7'!H87+'ANEXO No 8'!H87+'ANEXO No 9'!H87 -> 0 | I87: =+'ANEXO No 4'!I87+'ANEXO No 5'!I87+'ANEXO No 6 '!I87+'ANEXO No 7'!I87+'ANEXO No 8'!I87+'ANEXO No 9'!I87 -> 0 | J87: =+'ANEXO No 4'!J87+'ANEXO No 5'!J87+'ANEXO No 6 '!J87+'ANEXO No 7'!J87+'ANEXO No 8'!J87+'ANEXO No 9'!J87 -> 46564685 | K87: =+'ANEXO No 4'!O87+'ANEXO No 5'!O87+'ANEXO No 6 '!O87+'ANEXO No 7'!O87+'ANEXO No 8'!O87+'ANEXO No 9'!O87 -> 46564685 | L87: =+'ANEXO No 4'!P87+'ANEXO No 5'!P87+'ANEXO No 6 '!P87+'ANEXO No 7'!P87+'ANEXO No 8'!P87+'ANEXO No 9'!P87 -> 46564685 | M87: =+'ANEXO No 4'!U87+'ANEXO No 5'!U87+'ANEXO No 6 '!U87+'ANEXO No 7'!U87+'ANEXO No 8'!U87+'ANEXO No 9'!U87 -> 46564685 | N87: =+'ANEXO No 4'!Z87+'ANEXO No 5'!Z87+'ANEXO No 6 '!Z87+'ANEXO No 7'!Z87+'ANEXO No 8'!Z87+'ANEXO No 9'!Z87 -> 46564685 | O87: =+J87-K87 -> 0 | P87: =+J87-L87 -> 0
A88: 2.1.2.02.02.006.07 | B88: 7 | C88: C | D88: Alimentación Escolar (Dec.0846 del 2023) | E88: =+'ANEXO No 4'!E88+'ANEXO No 5'!E88+'ANEXO No 6 '!E88+'ANEXO No 7'!E88+'ANEXO No 8'!E88+'ANEXO No 9'!E88 -> 0 | F88: =+'ANEXO No 4'!F88+'ANEXO No 5'!F88+'ANEXO No 6 '!F88+'ANEXO No 7'!F88+'ANEXO No 8'!F88+'ANEXO No 9'!F88 -> 0 | G88: =+'ANEXO No 4'!G88+'ANEXO No 5'!G88+'ANEXO No 6 '!G88+'ANEXO No 7'!G88+'ANEXO No 8'!G88+'ANEXO No 9'!G88 -> 0 | H88: =+'ANEXO No 4'!H88+'ANEXO No 5'!H88+'ANEXO No 6 '!H88+'ANEXO No 7'!H88+'ANEXO No 8'!H88+'ANEXO No 9'!H88 -> 0 | I88: =+'ANEXO No 4'!I88+'ANEXO No 5'!I88+'ANEXO No 6 '!I88+'ANEXO No 7'!I88+'ANEXO No 8'!I88+'ANEXO No 9'!I88 -> 0 | J88: =+'ANEXO No 4'!J88+'ANEXO No 5'!J88+'ANEXO No 6 '!J88+'ANEXO No 7'!J88+'ANEXO No 8'!J88+'ANEXO No 9'!J88 -> 0 | K88: =+'ANEXO No 4'!O88+'ANEXO No 5'!O88+'ANEXO No 6 '!O88+'ANEXO No 7'!O88+'ANEXO No 8'!O88+'ANEXO No 9'!O88 -> 0 | L88: =+'ANEXO No 4'!P88+'ANEXO No 5'!P88+'ANEXO No 6 '!P88+'ANEXO No 7'!P88+'ANEXO No 8'!P88+'ANEXO No 9'!P88 -> 0 | M88: =+'ANEXO No 4'!U88+'ANEXO No 5'!U88+'ANEXO No 6 '!U88+'ANEXO No 7'!U88+'ANEXO No 8'!U88+'ANEXO No 9'!U88 -> 0 | N88: =+'ANEXO No 4'!Z88+'ANEXO No 5'!Z88+'ANEXO No 6 '!Z88+'ANEXO No 7'!Z88+'ANEXO No 8'!Z88+'ANEXO No 9'!Z88 -> 0 | O88: =+J88-K88 -> 0 | P88: =+J88-L88 -> 0
A89: 2.1.2.02.02.006.08 | B89: 7 | C89: C | D89: Insumos para elaboración de productos procesados | E89: =+'ANEXO No 4'!E89+'ANEXO No 5'!E89+'ANEXO No 6 '!E89+'ANEXO No 7'!E89+'ANEXO No 8'!E89+'ANEXO No 9'!E89 -> 0 | F89: =+'ANEXO No 4'!F89+'ANEXO No 5'!F89+'ANEXO No 6 '!F89+'ANEXO No 7'!F89+'ANEXO No 8'!F89+'ANEXO No 9'!F89 -> 0 | G89: =+'ANEXO No 4'!G89+'ANEXO No 5'!G89+'ANEXO No 6 '!G89+'ANEXO No 7'!G89+'ANEXO No 8'!G89+'ANEXO No 9'!G89 -> 0 | H89: =+'ANEXO No 4'!H89+'ANEXO No 5'!H89+'ANEXO No 6 '!H89+'ANEXO No 7'!H89+'ANEXO No 8'!H89+'ANEXO No 9'!H89 -> 0 | I89: =+'ANEXO No 4'!I89+'ANEXO No 5'!I89+'ANEXO No 6 '!I89+'ANEXO No 7'!I89+'ANEXO No 8'!I89+'ANEXO No 9'!I89 -> 0 | J89: =+'ANEXO No 4'!J89+'ANEXO No 5'!J89+'ANEXO No 6 '!J89+'ANEXO No 7'!J89+'ANEXO No 8'!J89+'ANEXO No 9'!J89 -> 0 | K89: =+'ANEXO No 4'!O89+'ANEXO No 5'!O89+'ANEXO No 6 '!O89+'ANEXO No 7'!O89+'ANEXO No 8'!O89+'ANEXO No 9'!O89 -> 0 | L89: =+'ANEXO No 4'!P89+'ANEXO No 5'!P89+'ANEXO No 6 '!P89+'ANEXO No 7'!P89+'ANEXO No 8'!P89+'ANEXO No 9'!P89 -> 0 | M89: =+'ANEXO No 4'!U89+'ANEXO No 5'!U89+'ANEXO No 6 '!U89+'ANEXO No 7'!U89+'ANEXO No 8'!U89+'ANEXO No 9'!U89 -> 0 | N89: =+'ANEXO No 4'!Z89+'ANEXO No 5'!Z89+'ANEXO No 6 '!Z89+'ANEXO No 7'!Z89+'ANEXO No 8'!Z89+'ANEXO No 9'!Z89 -> 0 | O89: =+J89-K89 -> 0 | P89: =+J89-L89 -> 0
A90: 2.1.2.02.02.007 | B90: 6 | C90: A | D90: Servicios financieros y servicios conexos, servicios inmobiliarios y servicios de leasing | E90: =SUM(E91:E93) -> 6000000 | F90: =SUM(F91:F93) -> 944651 | G90: =SUM(G91:G93) -> 0 | H90: =SUM(H91:H93) -> 0 | I90: =SUM(I91:I93) -> 0 | J90: =SUM(J91:J93) -> 6944651 | K90: =SUM(K91:K93) -> 3957277 | L90: =SUM(L91:L93) -> 3957277 | ... P90: =SUM(P91:P93) -> 2987374
A91: 2.1.2.02.02.007.01 | B91: 7 | C91: C | D91: Gastos Financieros | E91: =+'ANEXO No 4'!E91+'ANEXO No 5'!E91+'ANEXO No 6 '!E91+'ANEXO No 7'!E91+'ANEXO No 8'!E91+'ANEXO No 9'!E91 -> 0 | F91: =+'ANEXO No 4'!F91+'ANEXO No 5'!F91+'ANEXO No 6 '!F91+'ANEXO No 7'!F91+'ANEXO No 8'!F91+'ANEXO No 9'!F91 -> 0 | G91: =+'ANEXO No 4'!G91+'ANEXO No 5'!G91+'ANEXO No 6 '!G91+'ANEXO No 7'!G91+'ANEXO No 8'!G91+'ANEXO No 9'!G91 -> 0 | H91: =+'ANEXO No 4'!H91+'ANEXO No 5'!H91+'ANEXO No 6 '!H91+'ANEXO No 7'!H91+'ANEXO No 8'!H91+'ANEXO No 9'!H91 -> 0 | I91: =+'ANEXO No 4'!I91+'ANEXO No 5'!I91+'ANEXO No 6 '!I91+'ANEXO No 7'!I91+'ANEXO No 8'!I91+'ANEXO No 9'!I91 -> 0 | J91: =+'ANEXO No 4'!J91+'ANEXO No 5'!J91+'ANEXO No 6 '!J91+'ANEXO No 7'!J91+'ANEXO No 8'!J91+'ANEXO No 9'!J91 -> 0 | K91: =+'ANEXO No 4'!O91+'ANEXO No 5'!O91+'ANEXO No 6 '!O91+'ANEXO No 7'!O91+'ANEXO No 8'!O91+'ANEXO No 9'!O91 -> 0 | L91: =+'ANEXO No 4'!P91+'ANEXO No 5'!P91+'ANEXO No 6 '!P91+'ANEXO No 7'!P91+'ANEXO No 8'!P91+'ANEXO No 9'!P91 -> 0 | M91: =+'ANEXO No 4'!U91+'ANEXO No 5'!U91+'ANEXO No 6 '!U91+'ANEXO No 7'!U91+'ANEXO No 8'!U91+'ANEXO No 9'!U91 -> 0 | N91: =+'ANEXO No 4'!Z91+'ANEXO No 5'!Z91+'ANEXO No 6 '!Z91+'ANEXO No 7'!Z91+'ANEXO No 8'!Z91+'ANEXO No 9'!Z91 -> 0 | O91: =+J91-K91 -> 0 | P91: =+J91-L91 -> 0
A92: 2.1.2.02.02.007.02 | B92: 7 | C92: C | D92: Pólizas | E92: =+'ANEXO No 4'!E92+'ANEXO No 5'!E92+'ANEXO No 6 '!E92+'ANEXO No 7'!E92+'ANEXO No 8'!E92+'ANEXO No 9'!E92 -> 6000000 | F92: =+'ANEXO No 4'!F92+'ANEXO No 5'!F92+'ANEXO No 6 '!F92+'ANEXO No 7'!F92+'ANEXO No 8'!F92+'ANEXO No 9'!F92 -> 944651 | G92: =+'ANEXO No 4'!G92+'ANEXO No 5'!G92+'ANEXO No 6 '!G92+'ANEXO No 7'!G92+'ANEXO No 8'!G92+'ANEXO No 9'!G92 -> 0 | H92: =+'ANEXO No 4'!H92+'ANEXO No 5'!H92+'ANEXO No 6 '!H92+'ANEXO No 7'!H92+'ANEXO No 8'!H92+'ANEXO No 9'!H92 -> 0 | I92: =+'ANEXO No 4'!I92+'ANEXO No 5'!I92+'ANEXO No 6 '!I92+'ANEXO No 7'!I92+'ANEXO No 8'!I92+'ANEXO No 9'!I92 -> 0 | J92: =+'ANEXO No 4'!J92+'ANEXO No 5'!J92+'ANEXO No 6 '!J92+'ANEXO No 7'!J92+'ANEXO No 8'!J92+'ANEXO No 9'!J92 -> 6944651 | K92: =+'ANEXO No 4'!O92+'ANEXO No 5'!O92+'ANEXO No 6 '!O92+'ANEXO No 7'!O92+'ANEXO No 8'!O92+'ANEXO No 9'!O92 -> 3957277 | L92: =+'ANEXO No 4'!P92+'ANEXO No 5'!P92+'ANEXO No 6 '!P92+'ANEXO No 7'!P92+'ANEXO No 8'!P92+'ANEXO No 9'!P92 -> 3957277 | M92: =+'ANEXO No 4'!U92+'ANEXO No 5'!U92+'ANEXO No 6 '!U92+'ANEXO No 7'!U92+'ANEXO No 8'!U92+'ANEXO No 9'!U92 -> 3957277 | N92: =+'ANEXO No 4'!Z92+'ANEXO No 5'!Z92+'ANEXO No 6 '!Z92+'ANEXO No 7'!Z92+'ANEXO No 8'!Z92+'ANEXO No 9'!Z92 -> 3957277 | O92: =+J92-K92 -> 2987374 | P92: =+J92-L92 -> 2987374
A93: 2.1.2.02.02.007.03 | B93: 7 | C93: C | D93: Arrendamientos de bienes muebles e inmuebles | E93: =+'ANEXO No 4'!E93+'ANEXO No 5'!E93+'ANEXO No 6 '!E93+'ANEXO No 7'!E93+'ANEXO No 8'!E93+'ANEXO No 9'!E93 -> 0 | F93: =+'ANEXO No 4'!F93+'ANEXO No 5'!F93+'ANEXO No 6 '!F93+'ANEXO No 7'!F93+'ANEXO No 8'!F93+'ANEXO No 9'!F93 -> 0 | G93: =+'ANEXO No 4'!G93+'ANEXO No 5'!G93+'ANEXO No 6 '!G93+'ANEXO No 7'!G93+'ANEXO No 8'!G93+'ANEXO No 9'!G93 -> 0 | H93: =+'ANEXO No 4'!H93+'ANEXO No 5'!H93+'ANEXO No 6 '!H93+'ANEXO No 7'!H93+'ANEXO No 8'!H93+'ANEXO No 9'!H93 -> 0 | I93: =+'ANEXO No 4'!I93+'ANEXO No 5'!I93+'ANEXO No 6 '!I93+'ANEXO No 7'!I93+'ANEXO No 8'!I93+'ANEXO No 9'!I93 -> 0 | J93: =+'ANEXO No 4'!J93+'ANEXO No 5'!J93+'ANEXO No 6 '!J93+'ANEXO No 7'!J93+'ANEXO No 8'!J93+'ANEXO No 9'!J93 -> 0 | K93: =+'ANEXO No 4'!O93+'ANEXO No 5'!O93+'ANEXO No 6 '!O93+'ANEXO No 7'!O93+'ANEXO No 8'!O93+'ANEXO No 9'!O93 -> 0 | L93: =+'ANEXO No 4'!P93+'ANEXO No 5'!P93+'ANEXO No 6 '!P93+'ANEXO No 7'!P93+'ANEXO No 8'!P93+'ANEXO No 9'!P93 -> 0 | M93: =+'ANEXO No 4'!U93+'ANEXO No 5'!U93+'ANEXO No 6 '!U93+'ANEXO No 7'!U93+'ANEXO No 8'!U93+'ANEXO No 9'!U93 -> 0 | N93: =+'ANEXO No 4'!Z93+'ANEXO No 5'!Z93+'ANEXO No 6 '!Z93+'ANEXO No 7'!Z93+'ANEXO No 8'!Z93+'ANEXO No 9'!Z93 -> 0 | O93: =+J93-K93 -> 0 | P93: =+J93-L93 -> 0
A94: 2.1.2.02.02.008 | B94: 6 | C94: A | D94: Servicios prestados a las empresas y servicios de producción | E94: =SUM(E95:E103) -> 6400000 | F94: =SUM(F95:F103) -> 3720 | G94: =SUM(G95:G103) -> 0 | H94: =SUM(H95:H103) -> 0 | I94: =SUM(I95:I103) -> 500000 | J94: =SUM(J95:J103) -> 5903720 | K94: =SUM(K95:K103) -> 4200000 | L94: =SUM(L95:L103) -> 4200000 | ... P94: =SUM(P95:P103) -> 1703720
A95: 2.1.2.02.02.008.01 | B95: 7 | C95: C | D95: Telefonía | E95: =+'ANEXO No 4'!E95+'ANEXO No 5'!E95+'ANEXO No 6 '!E95+'ANEXO No 7'!E95+'ANEXO No 8'!E95+'ANEXO No 9'!E95 -> 0 | F95: =+'ANEXO No 4'!F95+'ANEXO No 5'!F95+'ANEXO No 6 '!F95+'ANEXO No 7'!F95+'ANEXO No 8'!F95+'ANEXO No 9'!F95 -> 0 | G95: =+'ANEXO No 4'!G95+'ANEXO No 5'!G95+'ANEXO No 6 '!G95+'ANEXO No 7'!G95+'ANEXO No 8'!G95+'ANEXO No 9'!G95 -> 0 | H95: =+'ANEXO No 4'!H95+'ANEXO No 5'!H95+'ANEXO No 6 '!H95+'ANEXO No 7'!H95+'ANEXO No 8'!H95+'ANEXO No 9'!H95 -> 0 | I95: =+'ANEXO No 4'!I95+'ANEXO No 5'!I95+'ANEXO No 6 '!I95+'ANEXO No 7'!I95+'ANEXO No 8'!I95+'ANEXO No 9'!I95 -> 0 | J95: =+'ANEXO No 4'!J95+'ANEXO No 5'!J95+'ANEXO No 6 '!J95+'ANEXO No 7'!J95+'ANEXO No 8'!J95+'ANEXO No 9'!J95 -> 0 | K95: =+'ANEXO No 4'!O95+'ANEXO No 5'!O95+'ANEXO No 6 '!O95+'ANEXO No 7'!O95+'ANEXO No 8'!O95+'ANEXO No 9'!O95 -> 0 | L95: =+'ANEXO No 4'!P95+'ANEXO No 5'!P95+'ANEXO No 6 '!P95+'ANEXO No 7'!P95+'ANEXO No 8'!P95+'ANEXO No 9'!P95 -> 0 | M95: =+'ANEXO No 4'!U95+'ANEXO No 5'!U95+'ANEXO No 6 '!U95+'ANEXO No 7'!U95+'ANEXO No 8'!U95+'ANEXO No 9'!U95 -> 0 | N95: =+'ANEXO No 4'!Z95+'ANEXO No 5'!Z95+'ANEXO No 6 '!Z95+'ANEXO No 7'!Z95+'ANEXO No 8'!Z95+'ANEXO No 9'!Z95 -> 0 | O95: =+J95-K95 -> 0 | P95: =+J95-L95 -> 0
A96: 2.1.2.02.02.008.02 | B96: 7 | C96: C | D96: Internet | E96: =+'ANEXO No 4'!E96+'ANEXO No 5'!E96+'ANEXO No 6 '!E96+'ANEXO No 7'!E96+'ANEXO No 8'!E96+'ANEXO No 9'!E96 -> 0 | F96: =+'ANEXO No 4'!F96+'ANEXO No 5'!F96+'ANEXO No 6 '!F96+'ANEXO No 7'!F96+'ANEXO No 8'!F96+'ANEXO No 9'!F96 -> 0 | G96: =+'ANEXO No 4'!G96+'ANEXO No 5'!G96+'ANEXO No 6 '!G96+'ANEXO No 7'!G96+'ANEXO No 8'!G96+'ANEXO No 9'!G96 -> 0 | H96: =+'ANEXO No 4'!H96+'ANEXO No 5'!H96+'ANEXO No 6 '!H96+'ANEXO No 7'!H96+'ANEXO No 8'!H96+'ANEXO No 9'!H96 -> 0 | I96: =+'ANEXO No 4'!I96+'ANEXO No 5'!I96+'ANEXO No 6 '!I96+'ANEXO No 7'!I96+'ANEXO No 8'!I96+'ANEXO No 9'!I96 -> 0 | J96: =+'ANEXO No 4'!J96+'ANEXO No 5'!J96+'ANEXO No 6 '!J96+'ANEXO No 7'!J96+'ANEXO No 8'!J96+'ANEXO No 9'!J96 -> 0 | K96: =+'ANEXO No 4'!O96+'ANEXO No 5'!O96+'ANEXO No 6 '!O96+'ANEXO No 7'!O96+'ANEXO No 8'!O96+'ANEXO No 9'!O96 -> 0 | L96: =+'ANEXO No 4'!P96+'ANEXO No 5'!P96+'ANEXO No 6 '!P96+'ANEXO No 7'!P96+'ANEXO No 8'!P96+'ANEXO No 9'!P96 -> 0 | M96: =+'ANEXO No 4'!U96+'ANEXO No 5'!U96+'ANEXO No 6 '!U96+'ANEXO No 7'!U96+'ANEXO No 8'!U96+'ANEXO No 9'!U96 -> 0 | N96: =+'ANEXO No 4'!Z96+'ANEXO No 5'!Z96+'ANEXO No 6 '!Z96+'ANEXO No 7'!Z96+'ANEXO No 8'!Z96+'ANEXO No 9'!Z96 -> 0 | O96: =+J96-K96 -> 0 | P96: =+J96-L96 -> 0
A97: 2.1.2.02.02.008.03 | B97: 7 | C97: C | D97: Honorarios | E97: =+'ANEXO No 4'!E97+'ANEXO No 5'!E97+'ANEXO No 6 '!E97+'ANEXO No 7'!E97+'ANEXO No 8'!E97+'ANEXO No 9'!E97 -> 4200000 | F97: =+'ANEXO No 4'!F97+'ANEXO No 5'!F97+'ANEXO No 6 '!F97+'ANEXO No 7'!F97+'ANEXO No 8'!F97+'ANEXO No 9'!F97 -> 0 | G97: =+'ANEXO No 4'!G97+'ANEXO No 5'!G97+'ANEXO No 6 '!G97+'ANEXO No 7'!G97+'ANEXO No 8'!G97+'ANEXO No 9'!G97 -> 0 | H97: =+'ANEXO No 4'!H97+'ANEXO No 5'!H97+'ANEXO No 6 '!H97+'ANEXO No 7'!H97+'ANEXO No 8'!H97+'ANEXO No 9'!H97 -> 0 | I97: =+'ANEXO No 4'!I97+'ANEXO No 5'!I97+'ANEXO No 6 '!I97+'ANEXO No 7'!I97+'ANEXO No 8'!I97+'ANEXO No 9'!I97 -> 0 | J97: =+'ANEXO No 4'!J97+'ANEXO No 5'!J97+'ANEXO No 6 '!J97+'ANEXO No 7'!J97+'ANEXO No 8'!J97+'ANEXO No 9'!J97 -> 4200000 | K97: =+'ANEXO No 4'!O97+'ANEXO No 5'!O97+'ANEXO No 6 '!O97+'ANEXO No 7'!O97+'ANEXO No 8'!O97+'ANEXO No 9'!O97 -> 4200000 | L97: =+'ANEXO No 4'!P97+'ANEXO No 5'!P97+'ANEXO No 6 '!P97+'ANEXO No 7'!P97+'ANEXO No 8'!P97+'ANEXO No 9'!P97 -> 4200000 | M97: =+'ANEXO No 4'!U97+'ANEXO No 5'!U97+'ANEXO No 6 '!U97+'ANEXO No 7'!U97+'ANEXO No 8'!U97+'ANEXO No 9'!U97 -> 4200000 | N97: =+'ANEXO No 4'!Z97+'ANEXO No 5'!Z97+'ANEXO No 6 '!Z97+'ANEXO No 7'!Z97+'ANEXO No 8'!Z97+'ANEXO No 9'!Z97 -> 3850000 | O97: =+J97-K97 -> 0 | P97: =+J97-L97 -> 0
A98: 2.1.2.02.02.008.04 | B98: 7 | C98: C | D98: Remuneración Servicios Técnicos | E98: =+'ANEXO No 4'!E98+'ANEXO No 5'!E98+'ANEXO No 6 '!E98+'ANEXO No 7'!E98+'ANEXO No 8'!E98+'ANEXO No 9'!E98 -> 0 | F98: =+'ANEXO No 4'!F98+'ANEXO No 5'!F98+'ANEXO No 6 '!F98+'ANEXO No 7'!F98+'ANEXO No 8'!F98+'ANEXO No 9'!F98 -> 0 | G98: =+'ANEXO No 4'!G98+'ANEXO No 5'!G98+'ANEXO No 6 '!G98+'ANEXO No 7'!G98+'ANEXO No 8'!G98+'ANEXO No 9'!G98 -> 0 | H98: =+'ANEXO No 4'!H98+'ANEXO No 5'!H98+'ANEXO No 6 '!H98+'ANEXO No 7'!H98+'ANEXO No 8'!H98+'ANEXO No 9'!H98 -> 0 | I98: =+'ANEXO No 4'!I98+'ANEXO No 5'!I98+'ANEXO No 6 '!I98+'ANEXO No 7'!I98+'ANEXO No 8'!I98+'ANEXO No 9'!I98 -> 0 | J98: =+'ANEXO No 4'!J98+'ANEXO No 5'!J98+'ANEXO No 6 '!J98+'ANEXO No 7'!J98+'ANEXO No 8'!J98+'ANEXO No 9'!J98 -> 0 | K98: =+'ANEXO No 4'!O98+'ANEXO No 5'!O98+'ANEXO No 6 '!O98+'ANEXO No 7'!O98+'ANEXO No 8'!O98+'ANEXO No 9'!O98 -> 0 | L98: =+'ANEXO No 4'!P98+'ANEXO No 5'!P98+'ANEXO No 6 '!P98+'ANEXO No 7'!P98+'ANEXO No 8'!P98+'ANEXO No 9'!P98 -> 0 | M98: =+'ANEXO No 4'!U98+'ANEXO No 5'!U98+'ANEXO No 6 '!U98+'ANEXO No 7'!U98+'ANEXO No 8'!U98+'ANEXO No 9'!U98 -> 0 | N98: =+'ANEXO No 4'!Z98+'ANEXO No 5'!Z98+'ANEXO No 6 '!Z98+'ANEXO No 7'!Z98+'ANEXO No 8'!Z98+'ANEXO No 9'!Z98 -> 0 | O98: =+J98-K98 -> 0 | P98: =+J98-L98 -> 0
A99: 2.1.2.02.02.008.05 | B99: 7 | C99: C | D99: Impresos y Publicaciones | E99: =+'ANEXO No 4'!E99+'ANEXO No 5'!E99+'ANEXO No 6 '!E99+'ANEXO No 7'!E99+'ANEXO No 8'!E99+'ANEXO No 9'!E99 -> 0 | F99: =+'ANEXO No 4'!F99+'ANEXO No 5'!F99+'ANEXO No 6 '!F99+'ANEXO No 7'!F99+'ANEXO No 8'!F99+'ANEXO No 9'!F99 -> 0 | G99: =+'ANEXO No 4'!G99+'ANEXO No 5'!G99+'ANEXO No 6 '!G99+'ANEXO No 7'!G99+'ANEXO No 8'!G99+'ANEXO No 9'!G99 -> 0 | H99: =+'ANEXO No 4'!H99+'ANEXO No 5'!H99+'ANEXO No 6 '!H99+'ANEXO No 7'!H99+'ANEXO No 8'!H99+'ANEXO No 9'!H99 -> 0 | I99: =+'ANEXO No 4'!I99+'ANEXO No 5'!I99+'ANEXO No 6 '!I99+'ANEXO No 7'!I99+'ANEXO No 8'!I99+'ANEXO No 9'!I99 -> 0 | J99: =+'ANEXO No 4'!J99+'ANEXO No 5'!J99+'ANEXO No 6 '!J99+'ANEXO No 7'!J99+'ANEXO No 8'!J99+'ANEXO No 9'!J99 -> 0 | K99: =+'ANEXO No 4'!O99+'ANEXO No 5'!O99+'ANEXO No 6 '!O99+'ANEXO No 7'!O99+'ANEXO No 8'!O99+'ANEXO No 9'!O99 -> 0 | L99: =+'ANEXO No 4'!P99+'ANEXO No 5'!P99+'ANEXO No 6 '!P99+'ANEXO No 7'!P99+'ANEXO No 8'!P99+'ANEXO No 9'!P99 -> 0 | M99: =+'ANEXO No 4'!U99+'ANEXO No 5'!U99+'ANEXO No 6 '!U99+'ANEXO No 7'!U99+'ANEXO No 8'!U99+'ANEXO No 9'!U99 -> 0 | N99: =+'ANEXO No 4'!Z99+'ANEXO No 5'!Z99+'ANEXO No 6 '!Z99+'ANEXO No 7'!Z99+'ANEXO No 8'!Z99+'ANEXO No 9'!Z99 -> 0 | O99: =+J99-K99 -> 0 | P99: =+J99-L99 -> 0
A100: 2.1.2.02.02.008.06 | B100: 7 | C100: C | D100: Licencia de Uso Software | E100: =+'ANEXO No 4'!E100+'ANEXO No 5'!E100+'ANEXO No 6 '!E100+'ANEXO No 7'!E100+'ANEXO No 8'!E100+'ANEXO No 9'!E100 -> 0 | F100: =+'ANEXO No 4'!F100+'ANEXO No 5'!F100+'ANEXO No 6 '!F100+'ANEXO No 7'!F100+'ANEXO No 8'!F100+'ANEXO No 9'!F100 -> 0 | G100: =+'ANEXO No 4'!G100+'ANEXO No 5'!G100+'ANEXO No 6 '!G100+'ANEXO No 7'!G100+'ANEXO No 8'!G100+'ANEXO No 9'!G100 -> 0 | H100: =+'ANEXO No 4'!H100+'ANEXO No 5'!H100+'ANEXO No 6 '!H100+'ANEXO No 7'!H100+'ANEXO No 8'!H100+'ANEXO No 9'!H100 -> 0 | I100: =+'ANEXO No 4'!I100+'ANEXO No 5'!I100+'ANEXO No 6 '!I100+'ANEXO No 7'!I100+'ANEXO No 8'!I100+'ANEXO No 9'!I100 -> 0 | J100: =+'ANEXO No 4'!J100+'ANEXO No 5'!J100+'ANEXO No 6 '!J100+'ANEXO No 7'!J100+'ANEXO No 8'!J100+'ANEXO No 9'!J100 -> 0 | K100: =+'ANEXO No 4'!O100+'ANEXO No 5'!O100+'ANEXO No 6 '!O100+'ANEXO No 7'!O100+'ANEXO No 8'!O100+'ANEXO No 9'!O100 -> 0 | L100: =+'ANEXO No 4'!P100+'ANEXO No 5'!P100+'ANEXO No 6 '!P100+'ANEXO No 7'!P100+'ANEXO No 8'!P100+'ANEXO No 9'!P100 -> 0 | M100: =+'ANEXO No 4'!U100+'ANEXO No 5'!U100+'ANEXO No 6 '!U100+'ANEXO No 7'!U100+'ANEXO No 8'!U100+'ANEXO No 9'!U100 -> 0 | N100: =+'ANEXO No 4'!Z100+'ANEXO No 5'!Z100+'ANEXO No 6 '!Z100+'ANEXO No 7'!Z100+'ANEXO No 8'!Z100+'ANEXO No 9'!Z100 -> 0 | O100: =+J100-K100 -> 0 | P100: =+J100-L100 -> 0
A101: 2.1.2.02.02.008.07 | B101: 7 | C101: C | D101: Hosting páginas web | E101: =+'ANEXO No 4'!E101+'ANEXO No 5'!E101+'ANEXO No 6 '!E101+'ANEXO No 7'!E101+'ANEXO No 8'!E101+'ANEXO No 9'!E101 -> 1000000 | F101: =+'ANEXO No 4'!F101+'ANEXO No 5'!F101+'ANEXO No 6 '!F101+'ANEXO No 7'!F101+'ANEXO No 8'!F101+'ANEXO No 9'!F101 -> 0 | G101: =+'ANEXO No 4'!G101+'ANEXO No 5'!G101+'ANEXO No 6 '!G101+'ANEXO No 7'!G101+'ANEXO No 8'!G101+'ANEXO No 9'!G101 -> 0 | H101: =+'ANEXO No 4'!H101+'ANEXO No 5'!H101+'ANEXO No 6 '!H101+'ANEXO No 7'!H101+'ANEXO No 8'!H101+'ANEXO No 9'!H101 -> 0 | I101: =+'ANEXO No 4'!I101+'ANEXO No 5'!I101+'ANEXO No 6 '!I101+'ANEXO No 7'!I101+'ANEXO No 8'!I101+'ANEXO No 9'!I101 -> 500000 | J101: =+'ANEXO No 4'!J101+'ANEXO No 5'!J101+'ANEXO No 6 '!J101+'ANEXO No 7'!J101+'ANEXO No 8'!J101+'ANEXO No 9'!J101 -> 500000 | K101: =+'ANEXO No 4'!O101+'ANEXO No 5'!O101+'ANEXO No 6 '!O101+'ANEXO No 7'!O101+'ANEXO No 8'!O101+'ANEXO No 9'!O101 -> 0 | L101: =+'ANEXO No 4'!P101+'ANEXO No 5'!P101+'ANEXO No 6 '!P101+'ANEXO No 7'!P101+'ANEXO No 8'!P101+'ANEXO No 9'!P101 -> 0 | M101: =+'ANEXO No 4'!U101+'ANEXO No 5'!U101+'ANEXO No 6 '!U101+'ANEXO No 7'!U101+'ANEXO No 8'!U101+'ANEXO No 9'!U101 -> 0 | N101: =+'ANEXO No 4'!Z101+'ANEXO No 5'!Z101+'ANEXO No 6 '!Z101+'ANEXO No 7'!Z101+'ANEXO No 8'!Z101+'ANEXO No 9'!Z101 -> 0 | O101: =+J101-K101 -> 500000 | P101: =+J101-L101 -> 500000
A102: 2.1.2.02.02.008.08 | B102: 7 | C102: C | D102: Firmas digitales | E102: =+'ANEXO No 4'!E102+'ANEXO No 5'!E102+'ANEXO No 6 '!E102+'ANEXO No 7'!E102+'ANEXO No 8'!E102+'ANEXO No 9'!E102 -> 0 | F102: =+'ANEXO No 4'!F102+'ANEXO No 5'!F102+'ANEXO No 6 '!F102+'ANEXO No 7'!F102+'ANEXO No 8'!F102+'ANEXO No 9'!F102 -> 0 | G102: =+'ANEXO No 4'!G102+'ANEXO No 5'!G102+'ANEXO No 6 '!G102+'ANEXO No 7'!G102+'ANEXO No 8'!G102+'ANEXO No 9'!G102 -> 0 | H102: =+'ANEXO No 4'!H102+'ANEXO No 5'!H102+'ANEXO No 6 '!H102+'ANEXO No 7'!H102+'ANEXO No 8'!H102+'ANEXO No 9'!H102 -> 0 | I102: =+'ANEXO No 4'!I102+'ANEXO No 5'!I102+'ANEXO No 6 '!I102+'ANEXO No 7'!I102+'ANEXO No 8'!I102+'ANEXO No 9'!I102 -> 0 | J102: =+'ANEXO No 4'!J102+'ANEXO No 5'!J102+'ANEXO No 6 '!J102+'ANEXO No 7'!J102+'ANEXO No 8'!J102+'ANEXO No 9'!J102 -> 0 | K102: =+'ANEXO No 4'!O102+'ANEXO No 5'!O102+'ANEXO No 6 '!O102+'ANEXO No 7'!O102+'ANEXO No 8'!O102+'ANEXO No 9'!O102 -> 0 | L102: =+'ANEXO No 4'!P102+'ANEXO No 5'!P102+'ANEXO No 6 '!P102+'ANEXO No 7'!P102+'ANEXO No 8'!P102+'ANEXO No 9'!P102 -> 0 | M102: =+'ANEXO No 4'!U102+'ANEXO No 5'!U102+'ANEXO No 6 '!U102+'ANEXO No 7'!U102+'ANEXO No 8'!U102+'ANEXO No 9'!U102 -> 0 | N102: =+'ANEXO No 4'!Z102+'ANEXO No 5'!Z102+'ANEXO No 6 '!Z102+'ANEXO No 7'!Z102+'ANEXO No 8'!Z102+'ANEXO No 9'!Z102 -> 0 | O102: =+J102-K102 -> 0 | P102: =+J102-L102 -> 0
A103: 2.1.2.02.02.008.09 | B103: 7 | C103: C | D103: Mantenimiento de Mobiliario, software y equipos | E103: =+'ANEXO No 4'!E103+'ANEXO No 5'!E103+'ANEXO No 6 '!E103+'ANEXO No 7'!E103+'ANEXO No 8'!E103+'ANEXO No 9'!E103 -> 1200000 | F103: =+'ANEXO No 4'!F103+'ANEXO No 5'!F103+'ANEXO No 6 '!F103+'ANEXO No 7'!F103+'ANEXO No 8'!F103+'ANEXO No 9'!F103 -> 3720 | G103: =+'ANEXO No 4'!G103+'ANEXO No 5'!G103+'ANEXO No 6 '!G103+'ANEXO No 7'!G103+'ANEXO No 8'!G103+'ANEXO No 9'!G103 -> 0 | H103: =+'ANEXO No 4'!H103+'ANEXO No 5'!H103+'ANEXO No 6 '!H103+'ANEXO No 7'!H103+'ANEXO No 8'!H103+'ANEXO No 9'!H103 -> 0 | I103: =+'ANEXO No 4'!I103+'ANEXO No 5'!I103+'ANEXO No 6 '!I103+'ANEXO No 7'!I103+'ANEXO No 8'!I103+'ANEXO No 9'!I103 -> 0 | J103: =+'ANEXO No 4'!J103+'ANEXO No 5'!J103+'ANEXO No 6 '!J103+'ANEXO No 7'!J103+'ANEXO No 8'!J103+'ANEXO No 9'!J103 -> 1203720 | K103: =+'ANEXO No 4'!O103+'ANEXO No 5'!O103+'ANEXO No 6 '!O103+'ANEXO No 7'!O103+'ANEXO No 8'!O103+'ANEXO No 9'!O103 -> 0 | L103: =+'ANEXO No 4'!P103+'ANEXO No 5'!P103+'ANEXO No 6 '!P103+'ANEXO No 7'!P103+'ANEXO No 8'!P103+'ANEXO No 9'!P103 -> 0 | M103: =+'ANEXO No 4'!U103+'ANEXO No 5'!U103+'ANEXO No 6 '!U103+'ANEXO No 7'!U103+'ANEXO No 8'!U103+'ANEXO No 9'!U103 -> 0 | N103: =+'ANEXO No 4'!Z103+'ANEXO No 5'!Z103+'ANEXO No 6 '!Z103+'ANEXO No 7'!Z103+'ANEXO No 8'!Z103+'ANEXO No 9'!Z103 -> 0 | O103: =+J103-K103 -> 1203720 | P103: =+J103-L103 -> 1203720
A104: 2.1.2.02.02.009 | B104: 6 | C104: A | D104: Servicios para la comunidad, sociales y personales | E104: =SUM(E105:E111) -> 1500000 | F104: =SUM(F105:F111) -> 0 | G104: =SUM(G105:G111) -> 0 | H104: =SUM(H105:H111) -> 0 | I104: =SUM(I105:I111) -> 1500000 | J104: =SUM(J105:J111) -> 0 | K104: =SUM(K105:K111) -> 0 | L104: =SUM(L105:L111) -> 0 | ... P104: =SUM(P105:P111) -> 0
...

Sheet ANEXO No 3
A1: ='ANEXO No 1'!A1:T1 -> INSTITUCIÓN EDUCATIVA SANTA ANA
A2: ='ANEXO No 1'!A2:T2 -> MUNICIPIO DE COLOMBIA- HUILA
A3: ='ANEXO No 1'!A3:T3 -> NIT: 813.007.522-4
A4: ='ANEXO No 1'!A4:T4 -> CODIGO DANE No.241206001078
A5: ='ANEXO No 1'!A5:T5 -> DIRECCION: VEREDA SANTA ANA
A7: ANEXO No 3.
A8: RELACION DE RECAUDOS EFECTIVOS
A9: ='ANEXO No 1'!A9:T9 -> VIGENCIA 2025
N11: TRIM. 1 | O11: ='ANEXO No 1'!H11 -> 0 | P11: TRIM. 2 | Q11: ='ANEXO No 1'!J11 -> 0 | R11: TRIM. 3 | S11: ='ANEXO No 1'!M11 -> 0 | T11: TRIM. 4 | U11: =+'ANEXO No 1'!O11 -> X
F15: VENTA DE BIENES Y SERVICIOS | J15: TRANFERENCIAS CORRIENTES | Q15: INGRESOS RECURSOS DE CAPITAL
J16: Participación para educación | K16: Transferencias de otras entidades del gobierno general | L16: TRANSFERENCIAS DEPARTAMENTALES | O16: TRANSFERENCIAS MUNICIPALES
A17: Item | B17: Fecha de Giro | C17: Nombre de persona o entidad que realiza el pago | D17: Concepto del recaudo | E17: Documento Recaudo | F17: Agricultura, silvicultura y productos de la pesca | G17: Servicios de alojamiento; servicios de suministro de comidas y bebidas; servicios de transporte; y servicios de distribución de electricidad, gas y agua | H17: Servicios financieros y servicios conexos, servicios inmobiliarios y servicios de leasing | I17: Servicios para la comunidad, sociales y personales | J17: Calidad por gratuidad | K17: Aportes Nación | L17: Calidad Departamento SGP | M17: Recursos Propios Departamentales | N17: Otros Aportes Departamentales | O17: Calidad Municipio SGP | P17: Otros Aportes Municipales | Q17: Disposición de maquinaria y equipo | R17: Rendimientos - Gratuidad | S17: Rendimientos - Recursos Propios | T17: Rendimientos - Calidad | U17: Rendimientos - Otras fuentes | V17: Donaciones | W17: Indemnización pólizas | X17: Resarcimiento por procesos de gestión fiscal | Y17: Superávit - Gratuidad | Z17: Superávit - Recursos Propios | AA17: Superávit - Calidad | AB17: Superávit - Otras fuentes | AC17: Reintegros - Gratuidad | AD17: Reintegros - Recursos Propios | AE17: Reintegros - Calidad | AF17: Reintegros - Otras fuentes | AG17: Porcentaje Utilidad alquiler | AH17: Alquiler beneficiadero de café | AI17: Cuentas por cobrar no adionadas en el superávit fiscal | AJ17: TOTAL GIRADO
A18: 1 | B18: 45688 | C18: INSTITUCION EDUCATIVA SANTA ANA | D18: SUPERAVIT 2024 | E18: ACUERDO N 1 | Y18: 2040931.4 | AA18: 5750085 | AJ18: =SUM(F18:AI18) -> 7791016.4
A19: 2 | B19: 45688 | C19: BANCO AGRARIO | D19: RENDIMIENTOS FINANCIEROS MES ENERO | E19: EXTRACTO ENERO | R19: 2444 | T19: 6884 | AJ19: =SUM(F19:AI19) -> 9328
A20: 3 | B20: 45716 | C20: BANCO AGRARIO | D20: RENDIMIENTOS FINANCIEROS MES FEBRERO | E20: EXTRACTO FEBRERO | R20: 2114 | T20: 5955 | AJ20: =SUM(F20:AI20) -> 8069
A21: 4 | B21: 45721 | C21: GOBERNACION DEL HUILA | D21: APORTE DEPARATAMENTO SGP SEGÚN RESOLUCION 1156 DE 2025 | E21: RESOLUCION 1156 DE 2025 | L21: 27282342 | AJ21: =SUM(F21:AI21) -> 27282342
A22: 5 | B22: 45735 | C22: FABIO ORTIGOZA TORRES | D22: INGRESO POR CONCEPTO DE DONACION PARA ACTIVACION DE LA CUENTA DE RECURSOS PROPIOS | E22: EXTRACTO | V22: 10000 | AJ22: =SUM(F22:AI22) -> 10000
A23: 6 | B23: 45747 | C23: MINISTERIO DE EDUCACION NACIONAL | D23: APORTE MINISTERIO DE EDUCACION SEGÚN RESOLUCION 006171 DE 2025 | E23: RESOLUCION 006171 DE 2025 | J23: 88783516 | AJ23: =SUM(F23:AI23) -> 88783516
A24: 7 | B24: 45747 | C24: BANCO AGRARIO | D24: RENDIMIENTOS MES MARZO | E24: EXTRACTO MARZO | R24: 34271 | T24: 12464 | AJ24: =SUM(F24:AI24) -> 46735
A25: 8 | B25: 45777 | C25: BANCO AGRARIO | D25: RENDIMIENTOS MES ABRIL | E25: EXTRACTO ABRIL | R25: 138169 | T25: 50251 | AJ25: =SUM(F25:AI25) -> 188420
A26: 9 | B26: 45808 | C26: BANCO AGRARIO | D26: RENDIMIENTOS MES MAYO | E26: EXTRACTO MAYO | R26: 142709 | T26: 51903 | AJ26: =SUM(F26:AI26) -> 194612
A27: 10 | B27: 45838 | C27: BANCO AGRARIO | D27: RENDIMIENTOS MES JUNIO | E27: EXTRACTO JUNIO | R27: =114624+342 -> 114966 | T27: 42839 | AJ27: =SUM(F27:AI27) -> 157805
A28: 11 | B28: 45811 | C28: GOBERNACION DEL HUILA | D28: INGRESOS DE APORTE DEPARTAMENTO SGP SEGU RESOLUCION N 4483 DEL 19 DE MAYO DE 2025 | E28: RESOLUCION N 4483 DEL 19 DE MAYO DE 2025 | L28: 663465 | AJ28: =SUM(F28:AI28) -> 663465
A29: 12 | B29: 45812 | C29: CAROLINA MANCHOLA PLAZAS | D29: RECAUDO VALOR PENDIENTE POR CANCELAR DE FACTURA DE 2024 | E29: EXTYRACTO BANCARIO JUNIO | AI29: 3720 | AJ29: =SUM(F29:AI29) -> 3720
A30: 13 | B30: 45863 | C30: ALCALDIA DE COLOMBIA | D30: APORTE MUNCIIPIO SEGUN RESOLUCION N 102 DE 2025 | E30: RESOLUCION N 102 DE 2025 | O30: 15000000 | AJ30: =SUM(F30:AI30) -> 15000000
A31: 14 | B31: 45848 | C31: GOBERNACION DEL HUILA | D31: CAUSACION INGRESOS RESOLUCION N 1156 DE 2025 GOBERNACION DEL HUILA | E31: RESOLUCION N 1156 DE 2025 | L31: 27282342 | AJ31: =SUM(F31:AI31) -> 27282342
A32: 15 | B32: 45868 | C32: BANCO AGRARIO | D32: RENDIMIENTOS MES JULIO | E32: EXTRACTO JULIO | R32: 146928 | S32: 16 | T32: 54510 | AJ32: =SUM(F32:AI32) -> 201454
A33: 16 | B33: 45900 | C33: BANCO AGRARIO | D33: RENDIMIENTOS MES AGOSTO | E33: EXTRACTOAGOSTO | R33: 164381 | S33: 18 | T33: 60986 | AJ33: =SUM(F33:AI33) -> 225385
A34: 17 | B34: 45930 | C34: BANCO AGRARIO | D34: RENDIMIENTOS MES SEPTIEMBRE | E34: EXTRACTO SEPTEIMBRE | R34: 134351 | S34: 15 | T34: 49844 | AJ34: =SUM(F34:AI34) -> 184210
A35: 18 | B35: 45938 | C35: FABIO ORTIGOZA TORRES | D35: INGRESO POR CONCEPTO DE DONACION PARA ACTIVACION DE LA CUENTA DE RECURSOS PROPIOS | E35: EXTRACTO BANCARIO OCTUBRE | V35: 5000 | AJ35: =SUM(F35:AI35) -> 5000
A36: 19 | B36: 45961 | C36: BANCO AGRARIO | D36: RENDIMIENTOS OCTUBRE | E36: EXTRACTO BANCARIO OCTUBRE | R36: 117748 | S36: 13 | T36: 43684 | AJ36: =SUM(F36:AI36) -> 161445
A37: 19 | B37: 45991 | C37: BANCO AGRARIO | D37: RENDIMIENTOS NOVIEMBRE | E37: EXTRACTO BANCARIO NOVIEMBRE | R37: 36223 | S37: 4 | T37: 13439 | AJ37: =SUM(F37:AI37) -> 49666
A38: 20 | B38: 46022 | C38: BANCO AGRARIO | D38: RENDIMIENTOS DICIEMBRE | E38: EXTRACTO BANCARIO DICIEMBRE | R38: 21270 | S38: 2 | T38: 7891 | AJ38: =SUM(F38:AI38) -> 29163
A39: 21 | AJ39: =SUM(F39:AI39) -> 0
A40: 22 | AJ40: =SUM(F40:AI40) -> 0
A41: 23 | AJ41: =SUM(F41:AI41) -> 0
A42: 24 | AJ42: =SUM(F42:AI42) -> 0
A43: 25 | AJ43: =SUM(F43:AI43) -> 0
A44: 26 | AJ44: =SUM(F44:AI44) -> 0
A45: 27 | AJ45: =SUM(F45:AI45) -> 0
A46: 28 | AJ46: =SUM(F46:AI46) -> 0
A47: 29 | AJ47: =SUM(F47:AI47) -> 0
A48: 30 | AJ48: =SUM(F48:AI48) -> 0
A49: 31 | AJ49: =SUM(F49:AI49) -> 0
A50: 32 | AJ50: =SUM(F50:AI50) -> 0
... A68: 50 | AJ68: =SUM(F68:AI68) -> 0
AJ69: =SUM(F69:AI69) -> 0
AJ70: =SUM(F70:AI70) -> 0
AJ71: =SUM(F71:AI71) -> 0
AJ72: =SUM(F72:AI72) -> 0
AJ73: =SUM(F73:AI73) -> 0
AJ74: =SUM(F74:AI74) -> 0
AJ75: =SUM(F75:AI75) -> 0
AJ76: =SUM(F76:AI76) -> 0
AJ77: =SUM(F77:AI77) -> 0
AJ78: =SUM(F78:AI78) -> 0
AJ79: =SUM(F79:AI79) -> 0
AJ80: =SUM(F80:AI80) -> 0
... AJ591: =SUM(F591:AI591) -> 0
A592: TOTAL RECURSOS RECIBIDOS | F592: =SUM(F18:F591) -> 0 | G592: =SUM(G18:G591) -> 0 | H592: =SUM(H18:H591) -> 0 | I592: =SUM(I18:I591) -> 0 | J592: =SUM(J18:J591) -> 88783516 | L592: =SUM(L18:L591) -> 55228150 | M592: =SUM(M18:M591) -> 0 | N592: =SUM(N18:N591) -> 0 | O592: =SUM(O18:O591) -> 15000000 | P592: =SUM(P18:P591) -> 0 | Q592: =SUM(Q18:Q591) -> 0 | R592: =SUM(R18:R591) -> 1055574 | S592: =SUM(S18:S591) -> 68 | ... AJ592: =SUM(AJ18:AJ591) -> 1.6827769e+08
A599: NOMBRE | C599: =+'ANEXO No 1'!D96 -> FABIO ORTIGOZA TORRES
A600: C.C. No. | C600: =+'ANEXO No 1'!D97 -> 12121642
A601: Rector(a) o Director(a) Rural | C601: =+'ANEXO No 1'!D98 -> Rector
A602: Manifiesto que la información diligenciada se encuentra registrada en los libros y soportes financieros, salvaguardados en el archivo del Establecimiento Educativo
A609: Nota 1: Total Girado deberá coincidir con el total de la Columna "RECAUDOS EFECTIVOS" del Anexo 1
A610: Nota 2: En la Columna "Recursos de Capital" cuando se trate de recursos de balance detallar en "Concepto Recaudo" la fuente de gratuidad, municipio, departamento,propios etc.

Sheet ANEXO No 4
A1: ='ANEXO No 1'!A1:T1 -> INSTITUCIÓN EDUCATIVA SANTA ANA
A2: ='ANEXO No 1'!A2:T2 -> MUNICIPIO DE COLOMBIA- HUILA
A3: ='ANEXO No 1'!A3:T3 -> NIT: 813.007.522-4
A4: ='ANEXO No 1'!A4:T4 -> CODIGO DANE No.241206001078
A5: ='ANEXO No 1'!A5:T5 -> DIRECCION: VEREDA SANTA ANA
A7: ANEXO No 4
A8: EJECUCION PRESUPUESTO DE GASTOS E INVERSIÓN DE RECURSOS DE GRATUIDAD
A9: ='ANEXO No 1'!A9:T9 -> VIGENCIA 2025
J11: TRIM. 1° | K11: ='ANEXO No 1'!H11 -> 0 | L11: TRIM. 2 | M11: ='ANEXO No 1'!J11 -> 0 | N11: TRIM. 3 | O11: ='ANEXO No 1'!M11 -> 0 | P11: TRIM. 4 | Q11: ='ANEXO No 1'!O11 -> X
A14: CÓDIGO COMPLETO | B14: NIVEL | C14: TIPO | D14: NOMBRE DE LA CUENTA | E14: VALOR APROPIADO INICIAL | F14: MODIFICACIONES | J14: VALOR APROPIADO DEFINITIVO | K14: CERTIFICADOS DISPONIBILIDAD (CDP) | P14: REGISTRO PRESUPUESTAL (RP) | Q14: OBLIGACIONES | V14: PAGOS | AA14: VR. NO EJECUTADO
F15: ADICIONES | G15: REDUCCIONES | H15: CREDITOS | I15: CONTRACREDITOS | K15: TRIMESTRE 1 | L15: TRIMESTRE 2 | M15: TRIMESTRE 3 | N15: TRIMESTRE 4 | O15: ACUMULADO | Q15: TRIMESTRE 1 | R15: TRIMESTRE 2 | S15: TRIMESTRE 3 | T15: TRIMESTRE 4 | U15: ACUMULADO | V15: TRIMESTRE 1 | W15: TRIMESTRE 2 | X15: TRIMESTRE 3 | Y15: TRIMESTRE 4 | Z15: ACUMULADO
A16: 2 | B16: 1 | C16: A | D16: Gastos | E16: =+E17 -> 30000000 | F16: =+F17 -> 58783516 | G16: =+G17 -> 0 | H16: =+H17 -> 2000000 | I16: =+I17 -> 2000000 | J16: =+J17 -> 88783516 | K16: =+K17 -> 0 | L16: =+L17 -> 10200000 | ... AA16: =+AA17 -> 9496064
A17: 2.1 | B17: 2 | C17: A | D17: Funcionamiento | E17: =+E18+E112 -> 30000000 | F17: =+F18+F112 -> 58783516 | G17: =+G18+G112 -> 0 | H17: =+H18+H112 -> 2000000 | I17: =+I18+I112 -> 2000000 | J17: =+J18+J112 -> 88783516 | K17: =+K18+K112 -> 0 | L17: =+L18+L112 -> 10200000 | ... AA17: =+AA18+AA112 -> 9496064
A18: 2.1.2 | B18: 3 | C18: A | D18: Adquisición de bienes y servicios | E18: =+E19+E65 -> 30000000 | F18: =+F19+F65 -> 58783516 | G18: =+G19+G65 -> 0 | H18: =+H19+H65 -> 2000000 | I18: =+I19+I65 -> 2000000 | J18: =+J19+J65 -> 88783516 | K18: =+K19+K65 -> 0 | L18: =+L19+L65 -> 10200000 | ... AA18: =+AA19+AA65 -> 9496064
A19: 2.1.2.01 | B19: 4 | C19: A | D19: Adquisición de activos no financieros | E19: =+E20+E43+E53 -> 4600000 | F19: =+F20+F43+F53 -> 29000000 | G19: =+G20+G43+G53 -> 0 | H19: =+H20+H43+H53 -> 1500000 | I19: =+I20+I43+I53 -> 0 | J19: =+J20+J43+J53 -> 35100000 | K19: =+K20+K43+K53 -> 0 | L19: =+L20+L43+L53 -> 0 | ... AA19: =+AA20+AA43+AA53 -> 3600000
A20: 2.1.2.01.01 | B20: 5 | C20: A | D20: Activos Fijos | E20: =+E21 -> 2600000 | F20: =+F21 -> 20000000 | G20: =+G21 -> 0 | H20: =+H21 -> 1500000 | I20: =+I21 -> 0 | J20: =+J21 -> 24100000 | K20: =+K21 -> 0 | L20: =+L21 -> 0 | ... AA20: =+AA21 -> 600000
A21: 2.1.2.01.01.003 | B21: 6 | C21: A | D21: Maquinaria y equipo | E21: =+E22+E25+E30+E32+E39 -> 2600000 | F21: =+F22+F25+F30+F32+F39 -> 20000000 | G21: =+G22+G25+G30+G32+G39 -> 0 | H21: =+H22+H25+H30+H32+H39 -> 1500000 | I21: =+I22+I25+I30+I32+I39 -> 0 | J21: =+J22+J25+J30+J32+J39 -> 24100000 | K21: =+K22+K25+K30+K32+K39 -> 0 | L21: =+L22+L25+L30+L32+L39 -> 0 | ... AA21: =+AA22+AA25+AA30+AA32+AA39 -> 600000
A22: 2.1.2.01.01.003.01 | B22: 7 | C22: A | D22: Maquinaria para uso general | E22: =SUM(E23:E24) -> 0 | F22: =SUM(F23:F24) -> 0 | G22: =SUM(G23:G24) -> 0 | H22: =SUM(H23:H24) -> 0 | I22: =SUM(I23:I24) -> 0 | J22: =SUM(J23:J24) -> 0 | K22: =SUM(K23:K24) -> 0 | L22: =SUM(L23:L24) -> 0 | ... AA22: =SUM(AA23:AA24) -> 0
A23: 2.1.2.01.01.003.01.02 | B23: 8 | C23: C | D23: Bombas, compresores, motores de fuerza hidráulica y motores de potencia neumática y válvulas y sus partes y piezas | J23: =+E23+F23-G23+H23-I23 -> 0 | O23: =SUM(K23:N23) -> 0 | P23: =+'ANEXO No 4A'!I23 -> 0 | U23: =SUM(Q23:T23) -> 0 | Z23: =SUM(V23:Y23) -> 0 | AA23: =+J23-P23 -> 0
A24: 2.1.2.01.01.003.01.06 | B24: 8 | C24: C | D24: Otras máquinas para usos generales y sus partes y piezas | J24: =+E24+F24-G24+H24-I24 -> 0 | O24: =SUM(K24:N24) -> 0 | P24: =+'ANEXO No 4A'!I36 -> 0 | U24: =SUM(Q24:T24) -> 0 | Z24: =SUM(V24:Y24) -> 0 | AA24: =+J24-P24 -> 0
A25: 2.1.2.01.01.003.02 | B25: 7 | C25: A | D25: Maquinaria para usos especiales | E25: =SUM(E26:E29) -> 0 | F25: =SUM(F26:F29) -> 0 | G25: =SUM(G26:G29) -> 0 | H25: =SUM(H26:H29) -> 0 | I25: =SUM(I26:I29) -> 0 | J25: =SUM(J26:J29) -> 0 | K25: =SUM(K26:K29) -> 0 | L25: =SUM(L26:L29) -> 0 | ... AA25: =SUM(AA26:AA29) -> 0
A26: 2.1.2.01.01.003.02.01 | B26: 8 | C26: C | D26: Maquinaria agropecuaria o silvícola y sus partes y piezas | J26: =+E26+F26-G26+H26-I26 -> 0 | O26: =SUM(K26:N26) -> 0 | P26: =+'ANEXO No 4A'!I49 -> 0 | U26: =SUM(Q26:T26) -> 0 | Z26: =SUM(V26:Y26) -> 0 | AA26: =+J26-P26 -> 0
A27: 2.1.2.01.01.003.02.02 | B27: 8 | C27: C | D27: Máquinas herramientas y sus partes, piezas y accesorios | J27: =+E27+F27-G27+H27-I27 -> 0 | O27: =SUM(K27:N27) -> 0 | P27: =+'ANEXO No 4A'!I62 -> 0 | U27: =SUM(Q27:T27) -> 0 | Z27: =SUM(V27:Y27) -> 0 | AA27: =+J27-P27 -> 0
A28: 2.1.2.01.01.003.02.05 | B28: 8 | C28: C | D28: Maquinaria para la elaboración de alimentos, bebidas y tabaco, y sus partes y piezas | J28: =+E28+F28-G28+H28-I28 -> 0 | O28: =SUM(K28:N28) -> 0 | P28: =+'ANEXO No 4A'!I75 -> 0 | U28: =SUM(Q28:T28) -> 0 | Z28: =SUM(V28:Y28) -> 0 | AA28: =+J28-P28 -> 0
A29: 2.1.2.01.01.003.02.07 | B29: 8 | C29: C | D29: Aparatos de uso doméstico y sus partes y piezas | J29: =+E29+F29-G29+H29-I29 -> 0 | O29: =SUM(K29:N29) -> 0 | P29: =+'ANEXO No 4A'!I88 -> 0 | U29: =SUM(Q29:T29) -> 0 | Z29: =SUM(V29:Y29) -> 0 | AA29: =+J29-P29 -> 0
A30: 2.1.2.01.01.003.03 | B30: 7 | C30: A | D30: Maquinaria de oficina, contabilidad e informática | E30: =SUM(E31) -> 2000000 | F30: =SUM(F31) -> 20000000 | G30: =SUM(G31) -> 0 | H30: =SUM(H31) -> 1500000 | I30: =SUM(I31) -> 0 | J30: =SUM(J31) -> 23500000 | K30: =SUM(K31) -> 0 | L30: =SUM(L31) -> 0 | ... AA30: =SUM(AA31) -> 0
A31: 2.1.2.01.01.003.03.02 | B31: 8 | C31: C | D31: Maquinaria de informática y sus partes, piezas y accesorios | E31: 2000000 | F31: 20000000 | H31: 1500000 | J31: =+E31+F31-G31+H31-I31 -> 23500000 | N31: 23500000 | O31: =SUM(K31:N31) -> 23500000 | P31: =+'ANEXO No 4A'!I101 -> 23500000 | T31: 23500000 | U31: =SUM(Q31:T31) -> 23500000 | Y31: 23500000 | Z31: =SUM(V31:Y31) -> 23500000 | AA31: =+J31-P31 -> 0
A32: 2.1.2.01.01.003.04 | B32: 7 | C32: A | D32: Maquinaria y aparatos eléctricos | E32: =SUM(E33:E38) -> 600000 | F32: =SUM(F33:F38) -> 0 | G32: =SUM(G33:G38) -> 0 | H32: =SUM(H33:H38) -> 0 | I32: =SUM(I33:I38) -> 0 | J32: =SUM(J33:J38) -> 600000 | K32: =SUM(K33:K38) -> 0 | L32: =SUM(L33:L38) -> 0 | ... AA32: =SUM(AA33:AA38) -> 600000
A33: 2.1.2.01.01.003.04.01 | B33: 8 | C33: C | D33: Motores, generadores y transformadores eléctricos y sus partes y piezas | J33: =+E33+F33-G33+H33-I33 -> 0 | O33: =SUM(K33:N33) -> 0 | P33: =+'ANEXO No 4A'!I114 -> 0 | U33: =SUM(Q33:T33) -> 0 | Z33: =SUM(V33:Y33) -> 0 | AA33: =+J33-P33 -> 0
A34: 2.1.2.01.01.003.04.02 | B34: 8 | C34: C | D34: Aparatos de control eléctrico y distribución de electricidad y sus partes y piezas | J34: =+E34+F34-G34+H34-I34 -> 0 | O34: =SUM(K34:N34) -> 0 | P34: =+'ANEXO No 4A'!I127 -> 0 | U34: =SUM(Q34:T34) -> 0 | Z34: =SUM(V34:Y34) -> 0 | AA34: =+J34-P34 -> 0
A35: 2.1.2.01.01.003.04.03 | B35: 8 | C35: C | D35: Hilos y cables aislados; cable de fibra óptica | J35: =+E35+F35-G35+H35-I35 -> 0 | O35: =SUM(K35:N35) -> 0 | P35: =+'ANEXO No 4A'!I140 -> 0 | U35: =SUM(Q35:T35) -> 0 | Z35: =SUM(V35:Y35) -> 0 | AA35: =+J35-P35 -> 0
A36: 2.1.2.01.01.003.04.04 | B36: 8 | C36: C | D36: Acumuladores, pilas y baterías primarias y sus partes y piezas | E36: 600000 | J36: =+E36+F36-G36+H36-I36 -> 600000 | O36: =SUM(K36:N36) -> 0 | P36: =+'ANEXO No 4A'!I153 -> 0 | U36: =SUM(Q36:T36) -> 0 | Z36: =SUM(V36:Y36) -> 0 | AA36: =+J36-P36 -> 600000
A37: 2.1.2.01.01.003.04.05 | B37: 8 | C37: C | D37: Lámparas eléctricas de incandescencia o descarga; lámparas de arco, equipo para alumbrado eléctrico; sus partes y piezas | J37: =+E37+F37-G37+H37-I37 -> 0 | O37: =SUM(K37:N37) -> 0 | P37: =+'ANEXO No 4A'!I166 -> 0 | U37: =SUM(Q37:T37) -> 0 | Z37: =SUM(V37:Y37) -> 0 | AA37: =+J37-P37 -> 0
A38: 2.1.2.01.01.003.04.06 | B38: 8 | C38: C | D38: Otro equipo eléctrico y sus partes y piezas | J38: =+E38+F38-G38+H38-I38 -> 0 | O38: =SUM(K38:N38) -> 0 | P38: =+'ANEXO No 4A'!I179 -> 0 | U38: =SUM(Q38:T38) -> 0 | Z38: =SUM(V38:Y38) -> 0 | AA38: =+J38-P38 -> 0
A39: 2.1.2.01.01.003.05 | B39: 7 | C39: A | D39: Equipo y aparatos de radio, televisión y comunicaciones | E39: =SUM(E40:E42) -> 0 | F39: =SUM(F40:F42) -> 0 | G39: =SUM(G40:G42) -> 0 | H39: =SUM(H40:H42) -> 0 | I39: =SUM(I40:I42) -> 0 | J39: =SUM(J40:J42) -> 0 | K39: =SUM(K40:K42) -> 0 | L39: =SUM(L40:L42) -> 0 | ... AA39: =SUM(AA40:AA42) -> 0
A40: 2.1.2.01.01.003.05.02 | B40: 8 | C40: C | D40: Aparatos transmisores de televisión y radio; televisión, video y cámaras digitales; teléfonos | J40: =+E40+F40-G40+H40-I40 -> 0 | O40: =SUM(K40:N40) -> 0 | P40: =+'ANEXO No 4A'!I192 -> 0 | U40: =SUM(Q40:T40) -> 0 | Z40: =SUM(V40:Y40) -> 0 | AA40: =+J40-P40 -> 0
A41: 2.1.2.01.01.003.05.03 | B41: 8 | C41: C | D41: Radiorreceptores y receptores de televisión; aparatos para la grabación y reproducción de sonido y video; micrófonos, altavoces, amplificadores, etc. | J41: =+E41+F41-G41+H41-I41 -> 0 | O41: =SUM(K41:N41) -> 0 | P41: =+'ANEXO No 4A'!I205 -> 0 | U41: =SUM(Q41:T41) -> 0 | Z41: =SUM(V41:Y41) -> 0 | AA41: =+J41-P41 -> 0
A42: 2.1.2.01.01.003.05.05 | B42: 8 | C42: C | D42: Discos, cintas, dispositivos de almacenamiento en estado sólido no volátiles y otros medios, no grabados | J42: =+E42+F42-G42+H42-I42 -> 0 | O42: =SUM(K42:N42) -> 0 | P42: =+'ANEXO No 4A'!I218 -> 0 | U42: =SUM(Q42:T42) -> 0 | Z42: =SUM(V42:Y42) -> 0 | AA42: =+J42-P42 -> 0
A43: 2.1.2.01.01.004 | B43: 6 | C43: A | D43: Activos fijos no clasificados como maquinaria y equipo | E43: =+E44 -> 2000000 | F43: =+F44 -> 9000000 | G43: =+G44 -> 0 | H43: =+H44 -> 0 | I43: =+I44 -> 0 | J43: =+J44 -> 11000000 | K43: =+K44 -> 0 | L43: =+L44 -> 0 | ... AA43: =+AA44 -> 3000000
A44: 2.1.2.01.01.004.01 | B44: 7 | C44: A | D44: Muebles, instrumentos musicales, artículos de deporte y antigüedades | E44: =+E45+E51+E52 -> 2000000 | F44: =+F45+F51+F52 -> 9000000 | G44: =+G45+G51+G52 -> 0 | H44: =+H45+H51+H52 -> 0 | I44: =+I45+I51+I52 -> 0 | J44: =+J45+J51+J52 -> 11000000 | K44: =+K45+K51+K52 -> 0 | L44: =+L45+L51+L52 -> 0 | ... AA44: =+AA45+AA51+AA52 -> 3000000
A45: 2.1.2.01.01.004.01.01 | B45: 8 | C45: A | D45: Muebles | E45: =SUM(E46:E50) -> 0 | F45: =SUM(F46:F50) -> 3000000 | G45: =SUM(G46:G50) -> 0 | H45: =SUM(H46:H50) -> 0 | I45: =SUM(I46:I50) -> 0 | J45: =SUM(J46:J50) -> 3000000 | K45: =SUM(K46:K50) -> 0 | L45: =SUM(L46:L50) -> 0 | ... AA45: =SUM(AA46:AA50) -> 3000000
A46: 2.1.2.01.01.004.01.01.01 | B46: 9 | C46: C | D46: Asientos | F46: 1000000 | J46: =+E46+F46-G46+H46-I46 -> 1000000 | O46: =SUM(K46:N46) -> 0 | P46: =+'ANEXO No 4A'!I231 -> 0 | U46: =SUM(Q46:T46) -> 0 | Z46: =SUM(V46:Y46) -> 0 | AA46: =+J46-P46 -> 1000000
A47: 2.1.2.01.01.004.01.01.02 | B47: 9 | C47: C | D47: Muebles del tipo utilizado en la oficina | J47: =+E47+F47-G47+H47-I47 -> 0 | O47: =SUM(K47:N47) -> 0 | P47: =+'ANEXO No 4A'!I244 -> 0 | U47: =SUM(Q47:T47) -> 0 | Z47: =SUM(V47:Y47) -> 0 | AA47: =+J47-P47 -> 0
A48: 2.1.2.01.01.004.01.01.03 | B48: 9 | C48: C | D48: Muebles de madera, del tipo usado en la cocina | J48: =+E48+F48-G48+H48-I48 -> 0 | O48: =SUM(K48:N48) -> 0 | P48: =+'ANEXO No 4A'!I257 -> 0 | U48: =SUM(Q48:T48) -> 0 | Z48: =SUM(V48:Y48) -> 0 | AA48: =+J48-P48 -> 0
A49: 2.1.2.01.01.004.01.01.04 | B49: 9 | C49: C | D49: Otros muebles N.C.P. | F49: 2000000 | J49: =+E49+F49-G49+H49-I49 -> 2000000 | O49: =SUM(K49:N49) -> 0 | P49: =+'ANEXO No 4A'!I270 -> 0 | U49: =SUM(Q49:T49) -> 0 | Z49: =SUM(V49:Y49) -> 0 | AA49: =+J49-P49 -> 2000000
A50: 2.1.2.01.01.004.01.01.05 | B50: 9 | C50: C | D50: Somieres, colchones con muebles, rellenos o guarnecidos interiormente con cualquier material, de caucho o plásticos celulares, recubiertos o no | J50: =+E50+F50-G50+H50-I50 -> 0 | O50: =SUM(K50:N50) -> 0 | P50: =+'ANEXO No 4A'!I283 -> 0 | U50: =SUM(Q50:T50) -> 0 | Z50: =SUM(V50:Y50) -> 0 | AA50: =+J50-P50 -> 0
A51: 2.1.2.01.01.004.01.02 | B51: 8 | C51: C | D51: Instrumentos musicales | J51: =+E51+F51-G51+H51-I51 -> 0 | O51: =SUM(K51:N51) -> 0 | P51: =+'ANEXO No 4A'!I296 -> 0 | U51: =SUM(Q51:T51) -> 0 | Z51: =SUM(V51:Y51) -> 0 | AA51: =+J51-P51 -> 0
A52: 2.1.2.01.01.004.01.03 | B52: 8 | C52: C | D52: Artículos de deporte | E52: 2000000 | F52: 6000000 | J52: =+E52+F52-G52+H52-I52 -> 8000000 | M52: 2000000 | N52: 6000000 | O52: =SUM(K52:N52) -> 8000000 | P52: =+'ANEXO No 4A'!I309 -> 8000000 | S52: 2000000 | T52: 6000000 | U52: =SUM(Q52:T52) -> 8000000 | X52: 2000000 | Y52: 6000000 | Z52: =SUM(V52:Y52) -> 8000000 | AA52: =+J52-P52 -> 0
A53: 2.1.2.01.01.005 | B53: 6 | C53: A | D53: Otros activos fijos | E53: =+E54+E61 -> 0 | F53: =+F54+F61 -> 0 | G53: =+G54+G61 -> 0 | H53: =+H54+H61 -> 0 | I53: =+I54+I61 -> 0 | J53: =+J54+J61 -> 0 | K53: =+K54+K61 -> 0 | L53: =+L54+L61 -> 0 | ... AA53: =+AA54+AA61 -> 0
A54: 2.1.2.01.01.005.01 | B54: 7 | C54: A | D54: Recursos biológicos cultivados | E54: =+E55+E58 -> 0 | F54: =+F55+F58 -> 0 | G54: =+G55+G58 -> 0 | H54: =+H55+H58 -> 0 | I54: =+I55+I58 -> 0 | J54: =+J55+J58 -> 0 | K54: =+K55+K58 -> 0 | L54: =+L55+L58 -> 0 | ... AA54: =+AA55+AA58 -> 0
A55: 2.1.2.01.01.005.01.01 | B55: 8 | C55: A | D55: Recursos animales que generan productos en forma repetida | E55: =SUM(E56:E57) -> 0 | F55: =SUM(F56:F57) -> 0 | G55: =SUM(G56:G57) -> 0 | H55: =SUM(H56:H57) -> 0 | I55: =SUM(I56:I57) -> 0 | J55: =SUM(J56:J57) -> 0 | K55: =SUM(K56:K57) -> 0 | L55: =SUM(L56:L57) -> 0 | ... AA55: =SUM(AA56:AA57) -> 0
A56: 2.1.2.01.01.005.01.01.01 | B56: 9 | C56: C | D56: Animales de cría | J56: =+E56+F56-G56+H56-I56 -> 0 | O56: =SUM(K56:N56) -> 0 | P56: =+'ANEXO No 4A'!I322 -> 0 | U56: =SUM(Q56:T56) -> 0 | Z56: =SUM(V56:Y56) -> 0 | AA56: =+J56-P56 -> 0
A57: 2.1.2.01.01.005.01.01.02 | B57: 9 | C57: C | D57: Ganado lechero | J57: =+E57+F57-G57+H57-I57 -> 0 | O57: =SUM(K57:N57) -> 0 | P57: =+'ANEXO No 4A'!I335 -> 0 | U57: =SUM(Q57:T57) -> 0 | Z57: =SUM(V57:Y57) -> 0 | AA57: =+J57-P57 -> 0
A58: 2.1.2.01.01.005.01.02 | B58: 8 | C58: A | D58: Árboles, cultivos y plantas que generan productos en forma repetida | E58: =SUM(E59:E60) -> 0 | F58: =SUM(F59:F60) -> 0 | G58: =SUM(G59:G60) -> 0 | H58: =SUM(H59:H60) -> 0 | I58: =SUM(I59:I60) -> 0 | J58: =SUM(J59:J60) -> 0 | K58: =SUM(K59:K60) -> 0 | L58: =SUM(L59:L60) -> 0 | ... AA58: =SUM(AA59:AA60) -> 0
A59: 2.1.2.01.01.005.01.02.01 | B59: 9 | C59: C | D59: Árboles frutales | J59: =+E59+F59-G59+H59-I59 -> 0 | O59: =SUM(K59:N59) -> 0 | P59: =+'ANEXO No 4A'!I348 -> 0 | U59: =SUM(Q59:T59) -> 0 | Z59: =SUM(V59:Y59) -> 0 | AA59: =+J59-P59 -> 0
A60: 2.1.2.01.01.005.01.02.06 | B60: 9 | C60: C | D60: Otros árboles, cultivos y plantas que generan productos en forma repetida | J60: =+E60+F60-G60+H60-I60 -> 0 | O60: =SUM(K60:N60) -> 0 | P60: =+'ANEXO No 4A'!I361 -> 0 | U60: =SUM(Q60:T60) -> 0 | Z60: =SUM(V60:Y60) -> 0 | AA60: =+J60-P60 -> 0
A61: 2.1.2.01.01.005.02 | B61: 7 | C61: A | D61: Productos de la propiedad intelectual | E61: =+E62 -> 0 | F61: =+F62 -> 0 | G61: =+G62 -> 0 | H61: =+H62 -> 0 | I61: =+I62 -> 0 | J61: =+J62 -> 0 | K61: =+K62 -> 0 | L61: =+L62 -> 0 | ... AA61: =+AA62 -> 0
A62: 2.1.2.01.01.005.02.03 | B62: 8 | C62: A | D62: Programas de informática y bases de datos | E62: =+E63 -> 0 | F62: =+F63 -> 0 | G62: =+G63 -> 0 | H62: =+H63 -> 0 | I62: =+I63 -> 0 | J62: =+J63 -> 0 | K62: =+K63 -> 0 | L62: =+L63 -> 0 | ... AA62: =+AA63 -> 0
A63: 2.1.2.01.01.005.02.03.01 | B63: 9 | C63: A | D63: Programas de informática | E63: =SUM(E64) -> 0 | F63: =SUM(F64) -> 0 | G63: =SUM(G64) -> 0 | H63: =SUM(H64) -> 0 | I63: =SUM(I64) -> 0 | J63: =SUM(J64) -> 0 | K63: =SUM(K64) -> 0 | L63: =SUM(L64) -> 0 | ... AA63: =SUM(AA64) -> 0
A64: 2.1.2.01.01.005.02.03.01.01 | B64: 10 | C64: C | D64: Paquetes de software | J64: =+E64+F64-G64+H64-I64 -> 0 | O64: =SUM(K64:N64) -> 0 | P64: =+'ANEXO No 4A'!I374 -> 0 | U64: =SUM(Q64:T64) -> 0 | Z64: =SUM(V64:Y64) -> 0 | AA64: =+J64-P64 -> 0
A65: 2.1.2.02 | B65: 4 | C65: A | D65: Adquisiciones diferentes de activos | E65: =+E66+E77 -> 25400000 | F65: =+F66+F77 -> 29783516 | G65: =+G66+G77 -> 0 | H65: =+H66+H77 -> 500000 | I65: =+I66+I77 -> 2000000 | J65: =+J66+J77 -> 53683516 | K65: =+K66+K77 -> 0 | L65: =+L66+L77 -> 10200000 | ... AA65: =+AA66+AA77 -> 5896064
A66: 2.1.2.02.01 | B66: 5 | C66: A | D66: Materiales y suministros | E66: =+E67+E70 -> 8000000 | F66: =+F67+F70 -> 8674478 | G66: =+G67+G70 -> 0 | H66: =+H67+H70 -> 0 | I66: =+I67+I70 -> 0 | J66: =+J67+J70 -> 16674478 | K66: =+K67+K70 -> 0 | L66: =+L67+L70 -> 6000000 | ... AA66: =+AA67+AA70 -> 0
A67: 2.1.2.02.01.000 | B67: 6 | C67: A | D67: Agricultura, silvicultura y productos de la pesca | E67: =SUM(E68:E69) -> 0 | F67: =SUM(F68:F69) -> 0 | G67: =SUM(G68:G69) -> 0 | H67: =SUM(H68:H69) -> 0 | I67: =SUM(I68:I69) -> 0 | J67: =SUM(J68:J69) -> 0 | K67: =SUM(K68:K69) -> 0 | L67: =SUM(L68:L69) -> 0 | ... AA67: =SUM(AA68:AA69) -> 0
A68: 2.1.2.02.01.000.01 | B68: 7 | C68: C | D68: Insumos para la agricultura, la horticultura y silvicultura | J68: =+E68+F68-G68+H68-I68 -> 0 | O68: =SUM(K68:N68) -> 0 | P68: =+'ANEXO No 4A'!I387 -> 0 | U68: =SUM(Q68:T68) -> 0 | Z68: =SUM(V68:Y68) -> 0 | AA68: =+J68-P68 -> 0
A69: 2.1.2.02.01.000.02 | B69: 7 | C69: C | D69: Insumos para el sostenimiento de semovientes | J69: =+E69+F69-G69+H69-I69 -> 0 | O69: =SUM(K69:N69) -> 0 | P69: =+'ANEXO No 4A'!I400 -> 0 | U69: =SUM(Q69:T69) -> 0 | Z69: =SUM(V69:Y69) -> 0 | AA69: =+J69-P69 -> 0
A70: 2.1.2.02.01.003 | B70: 6 | C70: A | D70: Otros bienes transportables (excepto productos metálicos, maquinaria y equipo) | E70: =SUM(E71:E76) -> 8000000 | F70: =SUM(F71:F76) -> 8674478 | G70: =SUM(G71:G76) -> 0 | H70: =SUM(H71:H76) -> 0 | I70: =SUM(I71:I76) -> 0 | J70: =SUM(J71:J76) -> 16674478 | K70: =SUM(K71:K76) -> 0 | L70: =SUM(L71:L76) -> 6000000 | ... AA70: =SUM(AA71:AA76) -> 0
A71: 2.1.2.02.01.003.01 | B71: 7 | C71: C | D71: Compra y recarga de tóner y cartuchos | J71: =+E71+F71-G71+H71-I71 -> 0 | O71: =SUM(K71:N71) -> 0 | P71: =+'ANEXO No 4A'!I413 -> 0 | U71: =SUM(Q71:T71) -> 0 | Z71: =SUM(V71:Y71) -> 0 | AA71: =+J71-P71 -> 0
A72: 2.1.2.02.01.003.02 | B72: 7 | C72: C | D72: Compra y recarga de extintores | J72: =+E72+F72-G72+H72-I72 -> 0 | O72: =SUM(K72:N72) -> 0 | P72: =+'ANEXO No 4A'!I426 -> 0 | U72: =SUM(Q72:T72) -> 0 | Z72: =SUM(V72:Y72) -> 0 | AA72: =+J72-P72 -> 0
A73: 2.1.2.02.01.003.03 | B73: 7 | C73: C | D73: Textos, libros, guías y demás material pedagógico | E73: 3000000 | F73: 8674478 | J73: =+E73+F73-G73+H73-I73 -> 11674478 | L73: 3000000 | N73: 8674478 | O73: =SUM(K73:N73) -> 11674478 | P73: =+'ANEXO No 4A'!I439 -> 11674478 | R73: 3000000 | T73: 8674478 | U73: =SUM(Q73:T73) -> 11674478 | W73: 3000000 | Y73: 8674478 | Z73: =SUM(V73:Y73) -> 11674478 | AA73: =+J73-P73 -> 0
A74: 2.1.2.02.01.003.04 | B74: 7 | C74: C | D74: Textos, libros, guías y demás material administrativo | E74: 3000000 | J74: =+E74+F74-G74+H74-I74 -> 3000000 | L74: 3000000 | O74: =SUM(K74:N74) -> 3000000 | P74: =+'ANEXO No 4A'!I452 -> 3000000 | R74: 3000000 | U74: =SUM(Q74:T74) -> 3000000 | W74: 3000000 | Z74: =SUM(V74:Y74) -> 3000000 | AA74: =+J74-P74 -> 0
A75: 2.1.2.02.01.003.05 | B75: 7 | C75: C | D75: Artículos de aseo y elementos de bioseguridad | E75: 2000000 | J75: =+E75+F75-G75+H75-I75 -> 2000000 | M75: 2000000 | O75: =SUM(K75:N75) -> 2000000 | P75: =+'ANEXO No 4A'!I465 -> 2000000 | S75: 2000000 | U75: =SUM(Q75:T75) -> 2000000 | X75: 2000000 | Z75: =SUM(V75:Y75) -> 2000000 | AA75: =+J75-P75 -> 0
A76: 2.1.2.02.01.003.06 | B76: 7 | C76: C | D76: Combustibles y lubricantes | J76: =+E76+F76-G76+H76-I76 -> 0 | O76: =SUM(K76:N76) -> 0 | P76: =+'ANEXO No 4A'!I478 -> 0 | U76: =SUM(Q76:T76) -> 0 | Z76: =SUM(V76:Y76) -> 0 | AA76: =+J76-P76 -> 0
A77: 2.1.2.02.02 | B77: 5 | C77: A | D77: Adquisición de servicios | E77: =+E78+E81+E90+E94+E104 -> 17400000 | F77: =+F78+F81+F90+F94+F104 -> 21109038 | G77: =+G78+G81+G90+G94+G104 -> 0 | H77: =+H78+H81+H90+H94+H104 -> 500000 | I77: =+I78+I81+I90+I94+I104 -> 2000000 | J77: =+J78+J81+J90+J94+J104 -> 37009038 | K77: =+K78+K81+K90+K94+K104 -> 0 | L77: =+L78+L81+L90+L94+L104 -> 4200000 | ... AA77: =+AA78+AA81+AA90+AA94+AA104 -> 5896064
A78: 2.1.2.02.02.005 | B78: 6 | C78: A | D78: Servicios de la construcción | E78: =SUM(E79:E80) -> 4000000 | F78: =SUM(F79:F80) -> 18455697 | G78: =SUM(G79:G80) -> 0 | H78: =SUM(H79:H80) -> 500000 | I78: =SUM(I79:I80) -> 0 | J78: =SUM(J79:J80) -> 22955697 | K78: =SUM(K79:K80) -> 0 | L78: =SUM(L79:L80) -> 0 | ... AA78: =SUM(AA79:AA80) -> 0
A79: 2.1.2.02.02.005.01 | B79: 7 | C79: C | D79: Mantenimiento del Establecimiento | E79: 4000000 | F79: 18455697 | H79: 500000 | J79: =+E79+F79-G79+H79-I79 -> 22955697 | N79: 22955697 | O79: =SUM(K79:N79) -> 22955697 | P79: =+'ANEXO No 4A'!I491 -> 22955697 | T79: 22955697 | U79: =SUM(Q79:T79) -> 22955697 | Y79: 22955697 | Z79: =SUM(V79:Y79) -> 22955697 | AA79: =+J79-P79 -> 0
A80: 2.1.2.02.02.005.02 | B80: 7 | C80: C | D80: Adecuaciones de Infraestuctura Residencia Escolar | J80: =+E80+F80-G80+H80-I80 -> 0 | O80: =SUM(K80:N80) -> 0 | P80: =+'ANEXO No 4A'!I504 -> 0 | U80: =SUM(Q80:T80) -> 0 | Z80: =SUM(V80:Y80) -> 0 | AA80: =+J80-P80 -> 0
A81: 2.1.2.02.02.006 | B81: 6 | C81: A | D81: Comercio y Distribucion; alojamiento; servicios de suministro de comidas y bebidas; servicios de transporte; y servicios de distribución de electricidad, gas y agua | E81: =SUM(E82:E89) -> 0 | F81: =SUM(F82:F89) -> 2653341 | G81: =SUM(G82:G89) -> 0 | H81: =SUM(H82:H89) -> 0 | I81: =SUM(I82:I89) -> 0 | J81: =SUM(J82:J89) -> 2653341 | K81: =SUM(K82:K89) -> 0 | L81: =SUM(L82:L89) -> 0 | ... AA81: =SUM(AA82:AA89) -> 2653341
A82: 2.1.2.02.02.006.01 | B82: 7 | C82: C | D82: Servicio de Acueducto | J82: =+E82+F82-G82+H82-I82 -> 0 | O82: =SUM(K82:N82) -> 0 | P82: =+'ANEXO No 4A'!I517 -> 0 | U82: =SUM(Q82:T82) -> 0 | Z82: =SUM(V82:Y82) -> 0 | AA82: =+J82-P82 -> 0
A83: 2.1.2.02.02.006.02 | B83: 7 | C83: C | D83: Servicio de Energía | F83: 2653341 | J83: =+E83+F83-G83+H83-I83 -> 2653341 | M83: 0 | O83: =SUM(K83:N83) -> 0 | P83: =+'ANEXO No 4A'!I530 -> 0 | U83: =SUM(Q83:T83) -> 0 | Z83: =SUM(V83:Y83) -> 0 | AA83: =+J83-P83 -> 2653341
A84: 2.1.2.02.02.006.03 | B84: 7 | C84: C | D84: Servicio de Gas | J84: =+E84+F84-G84+H84-I84 -> 0 | O84: =SUM(K84:N84) -> 0 | P84: =+'ANEXO No 4A'!I543 -> 0 | U84: =SUM(Q84:T84) -> 0 | Z84: =SUM(V84:Y84) -> 0 | AA84: =+J84-P84 -> 0
A85: 2.1.2.02.02.006.04 | B85: 7 | C85: C | D85: Viáticos y gastos de viaje (Estudiantes) | J85: =+E85+F85-G85+H85-I85 -> 0 | O85: =SUM(K85:N85) -> 0 | P85: =+'ANEXO No 4A'!I556 -> 0 | U85: =SUM(Q85:T85) -> 0 | Z85: =SUM(V85:Y85) -> 0 | AA85: =+J85-P85 -> 0
A86: 2.1.2.02.02.006.05 | B86: 7 | C86: C | D86: Gastos de transporte y comunicación | J86: =+E86+F86-G86+H86-I86 -> 0 | O86: =SUM(K86:N86) -> 0 | P86: =+'ANEXO No 4A'!I569 -> 0 | U86: =SUM(Q86:T86) -> 0 | Z86: =SUM(V86:Y86) -> 0 | AA86: =+J86-P86 -> 0
A87: 2.1.2.02.02.006.06 | B87: 7 | C87: C | D87: Alimentación Estudiantes Residencia Escolar | J87: =+E87+F87-G87+H87-I87 -> 0 | O87: =SUM(K87:N87) -> 0 | P87: =+'ANEXO No 4A'!I582 -> 0 | U87: =SUM(Q87:T87) -> 0 | Z87: =SUM(V87:Y87) -> 0 | AA87: =+J87-P87 -> 0
A88: 2.1.2.02.02.006.07 | B88: 7 | C88: C | D88: Alimentación Escolar (Dec.0846 del 2023) | J88: =+E88+F88-G88+H88-I88 -> 0 | O88: =SUM(K88:N88) -> 0 | P88: =+'ANEXO No 4A'!I595 -> 0 | U88: =SUM(Q88:T88) -> 0 | Z88: =SUM(V88:Y88) -> 0 | AA88: =+J88-P88 -> 0
A89: 2.1.2.02.02.006.08 | B89: 7 | C89: C | D89: Insumos para elaboración de productos procesados | J89: =+E89+F89-G89+H89-I89 -> 0 | O89: =SUM(K89:N89) -> 0 | P89: =+'ANEXO No 4A'!I608 -> 0 | U89: =SUM(Q89:T89) -> 0 | Z89: =SUM(V89:Y89) -> 0 | AA89: =+J89-P89 -> 0
A90: 2.1.2.02.02.007 | B90: 6 | C90: A | D90: Servicios financieros y servicios conexos, servicios inmobiliarios y servicios de leasing | E90: =SUM(E91:E93) -> 6000000 | F90: =SUM(F91:F93) -> 0 | G90: =SUM(G91:G93) -> 0 | H90: =SUM(H91:H93) -> 0 | I90: =SUM(I91:I93) -> 0 | J90: =SUM(J91:J93) -> 6000000 | K90: =SUM(K91:K93) -> 0 | L90: =SUM(L91:L93) -> 0 | ... AA90: =SUM(AA91:AA93) -> 2042723
A91: 2.1.2.02.02.007.01 | B91: 7 | C91: C | D91: Gastos Financieros | J91: =+E91+F91-G91+H91-I91 -> 0 | O91: =SUM(K91:N91) -> 0 | P91: =+'ANEXO No 4A'!I621 -> 0 | U91: =SUM(Q91:T91) -> 0 | Z91: =SUM(V91:Y91) -> 0 | AA91: =+J91-P91 -> 0
A92: 2.1.2.02.02.007.02 | B92: 7 | C92: C | D92: Pólizas | E92: 6000000 | J92: =+E92+F92-G92+H92-I92 -> 6000000 | M92: =3613142-635001 -> 2978141 | N92: 979136 | O92: =SUM(K92:N92) -> 3957277 | P92: =+'ANEXO No 4A'!I634 -> 3957277 | S92: 2978141 | T92: 979136 | U92: =SUM(Q92:T92) -> 3957277 | X92: 2978141 | Y92: 979136 | Z92: =SUM(V92:Y92) -> 3957277 | AA92: =+J92-P92 -> 2042723
A93: 2.1.2.02.02.007.03 | B93: 7 | C93: C | D93: Arrendamientos de bienes muebles e inmuebles | J93: =+E93+F93-G93+H93-I93 -> 0 | O93: =SUM(K93:N93) -> 0 | P93: =+'ANEXO No 4A'!I647 -> 0 | U93: =SUM(Q93:T93) -> 0 | Z93: =SUM(V93:Y93) -> 0 | AA93: =+J93-P93 -> 0
A94: 2.1.2.02.02.008 | B94: 6 | C94: A | D94: Servicios prestados a las empresas y servicios de producción | E94: =SUM(E95:E103) -> 5900000 | F94: =SUM(F95:F103) -> 0 | G94: =SUM(G95:G103) -> 0 | H94: =SUM(H95:H103) -> 0 | I94: =SUM(I95:I103) -> 500000 | J94: =SUM(J95:J103) -> 5400000 | K94: =SUM(K95:K103) -> 0 | L94: =SUM(L95:L103) -> 4200000 | ... AA94: =SUM(AA95:AA103) -> 1200000
A95: 2.1.2.02.02.008.01 | B95: 7 | C95: C | D95: Telefonía | J95: =+E95+F95-G95+H95-I95 -> 0 | O95: =SUM(K95:N95) -> 0 | P95: =+'ANEXO No 4A'!I660 -> 0 | U95: =SUM(Q95:T95) -> 0 | Z95: =SUM(V95:Y95) -> 0 | AA95: =+J95-P95 -> 0
A96: 2.1.2.02.02.008.02 | B96: 7 | C96: C | D96: Internet | J96: =+E96+F96-G96+H96-I96 -> 0 | O96: =SUM(K96:N96) -> 0 | P96: =+'ANEXO No 4A'!I673 -> 0 | U96: =SUM(Q96:T96) -> 0 | Z96: =SUM(V96:Y96) -> 0 | AA96: =+J96-P96 -> 0
A97: 2.1.2.02.02.008.03 | B97: 7 | C97: C | D97: Honorarios | E97: 4200000 | J97: =+E97+F97-G97+H97-I97 -> 4200000 | L97: 4200000 | O97: =SUM(K97:N97) -> 4200000 | P97: =+'ANEXO No 4A'!I686 -> 4200000 | Q97: 1050000 | R97: 1050000 | S97: 1050000 | T97: 1050000 | U97: =SUM(Q97:T97) -> 4200000 | Y97: 3850000 | Z97: =SUM(V97:Y97) -> 3850000 | AA97: =+J97-P97 -> 0
A98: 2.1.2.02.02.008.04 | B98: 7 | C98: C | D98: Remuneración Servicios Técnicos | J98: =+E98+F98-G98+H98-I98 -> 0 | O98: =SUM(K98:N98) -> 0 | P98: =+'ANEXO No 4A'!I699 -> 0 | U98: =SUM(Q98:T98) -> 0 | Z98: =SUM(V98:Y98) -> 0 | AA98: =+J98-P98 -> 0
A99: 2.1.2.02.02.008.05 | B99: 7 | C99: C | D99: Impresos y Publicaciones | J99: =+E99+F99-G99+H99-I99 -> 0 | O99: =SUM(K99:N99) -> 0 | P99: =+'ANEXO No 4A'!I712 -> 0 | U99: =SUM(Q99:T99) -> 0 | Z99: =SUM(V99:Y99) -> 0 | AA99: =+J99-P99 -> 0
A100: 2.1.2.02.02.008.06 | B100: 7 | C100: C | D100: Licencia de Uso Software | J100: =+E100+F100-G100+H100-I100 -> 0 | O100: =SUM(K100:N100) -> 0 | P100: =+'ANEXO No 4A'!I725 -> 0 | U100: =SUM(Q100:T100) -> 0 | Z100: =SUM(V100:Y100) -> 0 | AA100: =+J100-P100 -> 0
A101: 2.1.2.02.02.008.07 | B101: 7 | C101: C | D101: Hosting páginas web | E101: 500000 | I101: 500000 | J101: =+E101+F101-G101+H101-I101 -> 0 | O101: =SUM(K101:N101) -> 0 | P101: =+'ANEXO No 4A'!I738 -> 0 | U101: =SUM(Q101:T101) -> 0 | Z101: =SUM(V101:Y101) -> 0 | AA101: =+J101-P101 -> 0
A102: 2.1.2.02.02.008.08 | B102: 7 | C102: C | D102: Firmas digitales | J102: =+E102+F102-G102+H102-I102 -> 0 | O102: =SUM(K102:N102) -> 0 | P102: =+'ANEXO No 4A'!I751 -> 0 | U102: =SUM(Q102:T102) -> 0 | Z102: =SUM(V102:Y102) -> 0 | AA102: =+J102-P102 -> 0
A103: 2.1.2.02.02.008.09 | B103: 7 | C103: C | D103: Mantenimiento de Mobiliario, software y equipos | E103: 1200000 | J103: =+E103+F103-G103+H103-I103 -> 1200000 | O103: =SUM(K103:N103) -> 0 | P103: =+'ANEXO No 4A'!I764 -> 0 | U103: =SUM(Q103:T103) -> 0 | Z103: =SUM(V103:Y103) -> 0 | AA103: =+J103-P103 -> 1200000
A104: 2.1.2.02.02.009 | B104: 6 | C104: A | D104: Servicios para la comunidad, sociales y personales | E104: =SUM(E105:E111) -> 1500000 | F104: =SUM(F105:F111) -> 0 | G104: =SUM(G105:G111) -> 0 | H104: =SUM(H105:H111) -> 0 | I104: =SUM(I105:I111) -> 1500000 | J104: =SUM(J105:J111) -> 0 | K104: =SUM(K105:K111) -> 0 | L104: =SUM(L105:L111) -> 0 | ... AA104: =SUM(AA105:AA111) -> 0
...

Sheet ANEXO No 4A
A1: ='ANEXO No 1'!A1:T1 -> INSTITUCIÓN EDUCATIVA SANTA ANA
A2: ='ANEXO No 1'!A2:T2 -> MUNICIPIO DE COLOMBIA- HUILA
A3: ='ANEXO No 1'!A3:T3 -> NIT: 813.007.522-4
A4: ='ANEXO No 1'!A4:T4 -> CODIGO DANE No.241206001078
A5: ='ANEXO No 1'!A5:T5 -> DIRECCION: VEREDA SANTA ANA
A7: ANEXO No 4A
A8: RELACION DETALLADA DE GASTOS E INVERSIÓN APLICADOS A RECURSOS DE GRATUIDAD
A9: ='ANEXO No 1'!A9:T9 -> VIGENCIA 2025
P10: SIFSE
A11: RUBRO PRESUPUESTAL: 2.1.2.01.01.003.01.02 Bombas, compresores, motores de fuerza hidráulica y motores de potencia neumática y válvulas y sus partes y piezas | P11: FUENTE INGRESO SIFSE | Q11: ITEM DETALLE | R11: VALOR
A12: No. CONTRATO | B12: FECHA CONTRATO | C12: No. RP | D12: FECHA RP | E12: FUENTE | F12: NOMBRE DEL PROVEEDOR | G12: NIT/C.C. | H12: CONCEPTO DEL GASTO O INVERSIÓN | I12: VALOR | J12: PAGO I TRIM | K12: PAGO II TRIM | L12: PAGO III TRIM | M12: PAGO IV TRIM | N12: TOTAL PAGOS | P12: 2 | Q12: 7 | R12: =+I23 -> 0
N13: =SUM(J13:M13) -> 0
N14: =SUM(J14:M14) -> 0
N15: =SUM(J15:M15) -> 0
N16: =SUM(J16:M16) -> 0
N17: =SUM(J17:M17) -> 0
N18: =SUM(J18:M18) -> 0
N19: =SUM(J19:M19) -> 0
N20: =SUM(J20:M20) -> 0
N21: =SUM(J21:M21) -> 0
N22: =SUM(J22:M22) -> 0
A23: SUBTOTAL | I23: =SUM(I13:I22) -> 0 | J23: =SUM(J13:J22) -> 0 | K23: =SUM(K13:K22) -> 0 | L23: =SUM(L13:L22) -> 0 | M23: =SUM(M13:M22) -> 0 | N23: =SUM(N13:N22) -> 0
A24: RUBRO PRESUPUESTAL: 2.1.2.01.01.003.01.06 Otras máquinas para usos generales y sus partes y piezas
A25: No. CONTRATO | B25: FECHA CONTRATO | C25: No. RP | D25: FECHA RP | E25: FUENTE | F25: NOMBRE DEL PROVEEDOR | G25: NIT/C.C. | H25: CONCEPTO DEL GASTO O INVERSIÓN | I25: VALOR | J25: PAGO I TRIM | K25: PAGO II TRIM | L25: PAGO III TRIM | M25: PAGO IV TRIM | N25: TOTAL PAGOS
N26: =SUM(J26:M26) -> 0 | P26: 2 | Q26: 7 | R26: =+I36 -> 0
N27: =SUM(J27:M27) -> 0
N28: =SUM(J28:M28) -> 0
N29: =SUM(J29:M29) -> 0
N30: =SUM(J30:M30) -> 0
N31: =SUM(J31:M31) -> 0
N32: =SUM(J32:M32) -> 0
N33: =SUM(J33:M33) -> 0
N34: =SUM(J34:M34) -> 0
N35: =SUM(J35:M35) -> 0
A36: SUBTOTAL | I36: =SUM(I26:I35) -> 0 | J36: =SUM(J26:J35) -> 0 | K36: =SUM(K26:K35) -> 0 | L36: =SUM(L26:L35) -> 0 | M36: =SUM(M26:M35) -> 0 | N36: =SUM(N26:N35) -> 0
A37: RUBRO PRESUPUESTAL: 2.1.2.01.01.003.02.01 Maquinaria agropecuaria o silvícola y sus partes y piezas
A38: No. CONTRATO | B38: FECHA CONTRATO | C38: No. RP | D38: FECHA RP | E38: FUENTE | F38: NOMBRE DEL PROVEEDOR | G38: NIT/C.C. | H38: CONCEPTO DEL GASTO O INVERSIÓN | I38: VALOR | J38: PAGO I TRIM | K38: PAGO II TRIM | L38: PAGO III TRIM | M38: PAGO IV TRIM | N38: TOTAL PAGOS | P38: 2 | Q38: 7 | R38: =+I49 -> 0
N39: =SUM(J39:M39) -> 0
N40: =SUM(J40:M40) -> 0
N41: =SUM(J41:M41) -> 0
N42: =SUM(J42:M42) -> 0
N43: =SUM(J43:M43) -> 0
N44: =SUM(J44:M44) -> 0
N45: =SUM(J45:M45) -> 0
N46: =SUM(J46:M46) -> 0
N47: =SUM(J47:M47) -> 0
N48: =SUM(J48:M48) -> 0
A49: SUBTOTAL | I49: =SUM(I39:I48) -> 0 | J49: =SUM(J39:J48) -> 0 | K49: =SUM(K39:K48) -> 0 | L49: =SUM(L39:L48) -> 0 | M49: =SUM(M39:M48) -> 0 | N49: =SUM(N39:N48) -> 0
A50: RUBRO PRESUPUESTAL: 2.1.2.01.01.003.02.02 Máquinas herramientas y sus partes, piezas y accesorios
A51: No. CONTRATO | B51: FECHA CONTRATO | C51: No. RP | D51: FECHA RP | E51: FUENTE | F51: NOMBRE DEL PROVEEDOR | G51: NIT/C.C. | H51: CONCEPTO DEL GASTO O INVERSIÓN | I51: VALOR | J51: PAGO I TRIM | K51: PAGO II TRIM | L51: PAGO III TRIM | M51: PAGO IV TRIM | N51: TOTAL PAGOS | P51: 2 | Q51: 7 | R51: =+I62 -> 0
N52: =SUM(J52:M52) -> 0
N53: =SUM(J53:M53) -> 0
N54: =SUM(J54:M54) -> 0
N55: =SUM(J55:M55) -> 0
N56: =SUM(J56:M56) -> 0
N57: =SUM(J57:M57) -> 0
N58: =SUM(J58:M58) -> 0
N59: =SUM(J59:M59) -> 0
N60: =SUM(J60:M60) -> 0
N61: =SUM(J61:M61) -> 0
A62: SUBTOTAL | I62: =SUM(I52:I61) -> 0 | J62: =SUM(J52:J61) -> 0 | K62: =SUM(K52:K61) -> 0 | L62: =SUM(L52:L61) -> 0 | M62: =SUM(M52:M61) -> 0 | N62: =SUM(N52:N61) -> 0
A63: RUBRO PRESUPUESTAL: 2.1.2.01.01.003.02.05 Maquinaria para la elaboración de alimentos, bebidas y tabaco, y sus partes y piezas
A64: No. CONTRATO | B64: FECHA CONTRATO | C64: No. RP | D64: FECHA RP | E64: FUENTE | F64: NOMBRE DEL PROVEEDOR | G64: NIT/C.C. | H64: CONCEPTO DEL GASTO O INVERSIÓN | I64: VALOR | J64: PAGO I TRIM | K64: PAGO II TRIM | L64: PAGO III TRIM | M64: PAGO IV TRIM | N64: TOTAL PAGOS | P64: 2 | Q64: 7 | R64: =+I75 -> 0
N65: =SUM(J65:M65) -> 0
N66: =SUM(J66:M66) -> 0
N67: =SUM(J67:M67) -> 0
N68: =SUM(J68:M68) -> 0
N69: =SUM(J69:M69) -> 0
N70: =SUM(J70:M70) -> 0
N71: =SUM(J71:M71) -> 0
N72: =SUM(J72:M72) -> 0
N73: =SUM(J73:M73) -> 0
N74: =SUM(J74:M74) -> 0
A75: SUBTOTAL | I75: =SUM(I65:I74) -> 0 | J75: =SUM(J65:J74) -> 0 | K75: =SUM(K65:K74) -> 0 | L75: =SUM(L65:L74) -> 0 | M75: =SUM(M65:M74) -> 0 | N75: =SUM(N65:N74) -> 0
A76: RUBRO PRESUPUESTAL: 2.1.2.01.01.003.02.07 Aparatos de uso doméstico y sus partes y piezas
A77: No. CONTRATO | B77: FECHA CONTRATO | C77: No. RP | D77: FECHA RP | E77: FUENTE | F77: NOMBRE DEL PROVEEDOR | G77: NIT/C.C. | H77: CONCEPTO DEL GASTO O INVERSIÓN | I77: VALOR | J77: PAGO I TRIM | K77: PAGO II TRIM | L77: PAGO III TRIM | M77: PAGO IV TRIM | N77: TOTAL PAGOS | P77: 2 | Q77: 7 | R77: =+I88 -> 0
N78: =SUM(J78:M78) -> 0
N79: =SUM(J79:M79) -> 0
N80: =SUM(J80:M80) -> 0
N81: =SUM(J81:M81) -> 0
F82: =+'ANEXO No 4A'!R808 -> 0 | N82: =SUM(J82:M82) -> 0
N83: =SUM(J83:M83) -> 0
N84: =SUM(J84:M84) -> 0
N85: =SUM(J85:M85) -> 0
N86: =SUM(J86:M86) -> 0
N87: =SUM(J87:M87) -> 0
A88: SUBTOTAL | I88: =SUM(I78:I87) -> 0 | J88: =SUM(J78:J87) -> 0 | K88: =SUM(K78:K87) -> 0 | L88: =SUM(L78:L87) -> 0 | M88: =SUM(M78:M87) -> 0 | N88: =SUM(N78:N87) -> 0
A89: RUBRO PRESUPUESTAL: 2.1.2.01.01.003.03.02 Maquinaria de informática y sus partes, piezas y accesorios
A90: No. CONTRATO | B90: FECHA CONTRATO | C90: No. RP | D90: FECHA RP | E90: FUENTE | F90: NOMBRE DEL PROVEEDOR | G90: NIT/C.C. | H90: CONCEPTO DEL GASTO O INVERSIÓN | I90: VALOR | J90: PAGO I TRIM | K90: PAGO II TRIM | L90: PAGO III TRIM | M90: PAGO IV TRIM | N90: TOTAL PAGOS | P90: 2 | Q90: 7 | R90: 0
A91: 9 | B91: 45952 | C91: 13 | D91: 45952 | E91: FI-Calidad Por Gratuidad | F91: CARLOS ALBERTO ROJAS RIVAS, | G91: 7729464 | H91: COMPRAVENTA DE 12 PORTATILES Y 4 MULTIFUNCIONALES | I91: 20000000 | M91: 20000000 | N91: =SUM(J91:M91) -> 20000000 | P91: 2 | Q91: 200 | R91: 0
A92: 9 | B92: 45952 | C92: 13 | D92: 45952 | E92: Calidad Por Gratuidad | F92: CARLOS ALBERTO ROJAS RIVAS, | G92: 7729464 | H92: COMPRAVENTA DE 12 PORTATILES Y 4 MULTIFUNCIONALES | I92: 3500000 | M92: 3500000 | N92: =SUM(J92:M92) -> 3500000 | P92: 2 | Q92: 208 | R92: 0
N93: =SUM(J93:M93) -> 0
N94: =SUM(J94:M94) -> 0
N95: =SUM(J95:M95) -> 0
N96: =SUM(J96:M96) -> 0
N97: =SUM(J97:M97) -> 0
N98: =SUM(J98:M98) -> 0
N99: =SUM(J99:M99) -> 0
N100: =SUM(J100:M100) -> 0
A101: SUBTOTAL | I101: =SUM(I91:I100) -> 23500000 | J101: =SUM(J91:J100) -> 0 | K101: =SUM(K91:K100) -> 0 | L101: =SUM(L91:L100) -> 0 | M101: =SUM(M91:M100) -> 23500000 | N101: =SUM(N91:N100) -> 23500000
...

Sheet ANEXO No 5
A1: ='ANEXO No 1'!A1:T1 -> INSTITUCIÓN EDUCATIVA SANTA ANA
A2: ='ANEXO No 1'!A2:T2 -> MUNICIPIO DE COLOMBIA- HUILA
A3: ='ANEXO No 1'!A3:T3 -> NIT: 813.007.522-4
A4: ='ANEXO No 1'!A4:T4 -> CODIGO DANE No.241206001078
A5: ='ANEXO No 1'!A5:T5 -> DIRECCION: VEREDA SANTA ANA
A7: ANEXO No 5
A8: EJECUCION PRESUPUESTO DE GASTOS E INVERSIÓN DE TRANSFERENCIA DEPARTAMENTAL
A9: ='ANEXO No 1'!A9:T9 -> VIGENCIA 2025
J11: TRIM. 1° | K11: ='ANEXO No 1'!H11 -> 0 | L11: TRIM. 2 | M11: ='ANEXO No 1'!J11 -> 0 | N11: TRIM. 3 | O11: ='ANEXO No 1'!M11 -> 0 | P11: TRIM. 4 | Q11: ='ANEXO No 1'!O11 -> X
A14: CÓDIGO COMPLETO | B14: NIVEL | C14: TIPO | D14: NOMBRE DE LA CUENTA | E14: VALOR APROPIADO INICIAL | F14: MODIFICACIONES | J14: VALOR APROPIADO DEFINITIVO | K14: CERTIFICADOS DISPONIBILIDAD (CDP) | P14: REGISTRO PRESUPUESTAL (RP) | Q14: OBLIGACIONES | V14: PAGOS | AA14: VR. NO EJECUTADO
F15: ADICIONES | G15: REDUCCIONES | H15: CREDITOS | I15: CONTRACREDITOS | K15: TRIMESTRE 1 | L15: TRIMESTRE 2 | M15: TRIMESTRE 3 | N15: TRIMESTRE 4 | O15: ACUMULADO | Q15: TRIMESTRE 1 | R15: TRIMESTRE 2 | S15: TRIMESTRE 3 | T15: TRIMESTRE 4 | U15: ACUMULADO | V15: TRIMESTRE 1 | W15: TRIMESTRE 2 | X15: TRIMESTRE 3 | Y15: TRIMESTRE 4 | Z15: ACUMULADO
A16: 2 | B16: 1 | C16: A | D16: Gastos | E16: =+E17 -> 50270000 | F16: =+F17 -> 4958150 | G16: =+G17 -> 0 | H16: =+H17 -> 0 | I16: =+I17 -> 0 | J16: =+J17 -> 55228150 | K16: =+K17 -> 0 | L16: =+L17 -> 27282342 | ... AA16: =+AA17 -> 8239895
A17: 2.1 | B17: 2 | C17: A | D17: Funcionamiento | E17: =+E18+E112 -> 50270000 | F17: =+F18+F112 -> 4958150 | G17: =+G18+G112 -> 0 | H17: =+H18+H112 -> 0 | I17: =+I18+I112 -> 0 | J17: =+J18+J112 -> 55228150 | K17: =+K18+K112 -> 0 | L17: =+L18+L112 -> 27282342 | ... AA17: =+AA18+AA112 -> 8239895
A18: 2.1.2 | B18: 3 | C18: A | D18: Adquisición de bienes y servicios | E18: =+E19+E65 -> 50270000 | F18: =+F19+F65 -> 4958150 | G18: =+G19+G65 -> 0 | H18: =+H19+H65 -> 0 | I18: =+I19+I65 -> 0 | J18: =+J19+J65 -> 55228150 | K18: =+K19+K65 -> 0 | L18: =+L19+L65 -> 27282342 | ... AA18: =+AA19+AA65 -> 8239895
A19: 2.1.2.01 | B19: 4 | C19: A | D19: Adquisición de activos no financieros | E19: =+E20+E43+E53 -> 0 | F19: =+F20+F43+F53 -> 0 | G19: =+G20+G43+G53 -> 0 | H19: =+H20+H43+H53 -> 0 | I19: =+I20+I43+I53 -> 0 | J19: =+J20+J43+J53 -> 0 | K19: =+K20+K43+K53 -> 0 | L19: =+L20+L43+L53 -> 0 | ... AA19: =+AA20+AA43+AA53 -> 0
A20: 2.1.2.01.01 | B20: 5 | C20: A | D20: Activos Fijos | E20: =+E21 -> 0 | F20: =+F21 -> 0 | G20: =+G21 -> 0 | H20: =+H21 -> 0 | I20: =+I21 -> 0 | J20: =+J21 -> 0 | K20: =+K21 -> 0 | L20: =+L21 -> 0 | ... AA20: =+AA21 -> 0
A21: 2.1.2.01.01.003 | B21: 6 | C21: A | D21: Maquinaria y equipo | E21: =+E22+E25+E30+E32+E39 -> 0 | F21: =+F22+F25+F30+F32+F39 -> 0 | G21: =+G22+G25+G30+G32+G39 -> 0 | H21: =+H22+H25+H30+H32+H39 -> 0 | I21: =+I22+I25+I30+I32+I39 -> 0 | J21: =+J22+J25+J30+J32+J39 -> 0 | K21: =+K22+K25+K30+K32+K39 -> 0 | L21: =+L22+L25+L30+L32+L39 -> 0 | ... AA21: =+AA22+AA25+AA30+AA32+AA39 -> 0
A22: 2.1.2.01.01.003.01 | B22: 7 | C22: A | D22: Maquinaria para uso general | E22: =SUM(E23:E24) -> 0 | F22: =SUM(F23:F24) -> 0 | G22: =SUM(G23:G24) -> 0 | H22: =SUM(H23:H24) -> 0 | I22: =SUM(I23:I24) -> 0 | J22: =SUM(J23:J24) -> 0 | K22: =SUM(K23:K24) -> 0 | L22: =SUM(L23:L24) -> 0 | ... AA22: =SUM(AA23:AA24) -> 0
A23: 2.1.2.01.01.003.01.02 | B23: 8 | C23: C | D23: Bombas, compresores, motores de fuerza hidráulica y motores de potencia neumática y válvulas y sus partes y piezas | J23: =+E23+F23-G23+H23-I23 -> 0 | O23: =SUM(K23:N23) -> 0 | P23: =+'ANEXO No 5A'!I23 -> 0 | U23: =SUM(Q23:T23) -> 0 | Z23: =SUM(V23:Y23) -> 0 | AA23: =+J23-P23 -> 0
A24: 2.1.2.01.01.003.01.06 | B24: 8 | C24: C | D24: Otras máquinas para usos generales y sus partes y piezas | J24: =+E24+F24-G24+H24-I24 -> 0 | O24: =SUM(K24:N24) -> 0 | P24: =+'ANEXO No 5A'!I36 -> 0 | U24: =SUM(Q24:T24) -> 0 | Z24: =SUM(V24:Y24) -> 0 | AA24: =+J24-P24 -> 0
A25: 2.1.2.01.01.003.02 | B25: 7 | C25: A | D25: Maquinaria para usos especiales | E25: =SUM(E26:E29) -> 0 | F25: =SUM(F26:F29) -> 0 | G25: =SUM(G26:G29) -> 0 | H25: =SUM(H26:H29) -> 0 | I25: =SUM(I26:I29) -> 0 | J25: =SUM(J26:J29) -> 0 | K25: =SUM(K26:K29) -> 0 | L25: =SUM(L26:L29) -> 0 | ... AA25: =SUM(AA26:AA29) -> 0
A26: 2.1.2.01.01.003.02.01 | B26: 8 | C26: C | D26: Maquinaria agropecuaria o silvícola y sus partes y piezas | J26: =+E26+F26-G26+H26-I26 -> 0 | O26: =SUM(K26:N26) -> 0 | P26: =+'ANEXO No 5A'!I49 -> 0 | U26: =SUM(Q26:T26) -> 0 | Z26: =SUM(V26:Y26) -> 0 | AA26: =+J26-P26 -> 0
A27: 2.1.2.01.01.003.02.02 | B27: 8 | C27: C | D27: Máquinas herramientas y sus partes, piezas y accesorios | J27: =+E27+F27-G27+H27-I27 -> 0 | O27: =SUM(K27:N27) -> 0 | P27: =+'ANEXO No 5A'!I62 -> 0 | U27: =SUM(Q27:T27) -> 0 | Z27: =SUM(V27:Y27) -> 0 | AA27: =+J27-P27 -> 0
A28: 2.1.2.01.01.003.02.05 | B28: 8 | C28: C | D28: Maquinaria para la elaboración de alimentos, bebidas y tabaco, y sus partes y piezas | J28: =+E28+F28-G28+H28-I28 -> 0 | O28: =SUM(K28:N28) -> 0 | P28: =+'ANEXO No 5A'!I75 -> 0 | U28: =SUM(Q28:T28) -> 0 | Z28: =SUM(V28:Y28) -> 0 | AA28: =+J28-P28 -> 0
A29: 2.1.2.01.01.003.02.07 | B29: 8 | C29: C | D29: Aparatos de uso doméstico y sus partes y piezas | J29: =+E29+F29-G29+H29-I29 -> 0 | O29: =SUM(K29:N29) -> 0 | P29: =+'ANEXO No 5A'!I88 -> 0 | U29: =SUM(Q29:T29) -> 0 | Z29: =SUM(V29:Y29) -> 0 | AA29: =+J29-P29 -> 0
A30: 2.1.2.01.01.003.03 | B30: 7 | C30: A | D30: Maquinaria de oficina, contabilidad e informática | E30: =SUM(E31) -> 0 | F30: =SUM(F31) -> 0 | G30: =SUM(G31) -> 0 | H30: =SUM(H31) -> 0 | I30: =SUM(I31) -> 0 | J30: =SUM(J31) -> 0 | K30: =SUM(K31) -> 0 | L30: =SUM(L31) -> 0 | ... AA30: =SUM(AA31) -> 0
A31: 2.1.2.01.01.003.03.02 | B31: 8 | C31: C | D31: Maquinaria de informática y sus partes, piezas y accesorios | J31: =+E31+F31-G31+H31-I31 -> 0 | O31: =SUM(K31:N31) -> 0 | P31: =+'ANEXO No 5A'!I101 -> 0 | U31: =SUM(Q31:T31) -> 0 | Z31: =SUM(V31:Y31) -> 0 | AA31: =+J31-P31 -> 0
A32: 2.1.2.01.01.003.04 | B32: 7 | C32: A | D32: Maquinaria y aparatos eléctricos | E32: =SUM(E33:E38) -> 0 | F32: =SUM(F33:F38) -> 0 | G32: =SUM(G33:G38) -> 0 | H32: =SUM(H33:H38) -> 0 | I32: =SUM(I33:I38) -> 0 | J32: =SUM(J33:J38) -> 0 | K32: =SUM(K33:K38) -> 0 | L32: =SUM(L33:L38) -> 0 | ... AA32: =SUM(AA33:AA38) -> 0
A33: 2.1.2.01.01.003.04.01 | B33: 8 | C33: C | D33: Motores, generadores y transformadores eléctricos y sus partes y piezas | J33: =+E33+F33-G33+H33-I33 -> 0 | O33: =SUM(K33:N33) -> 0 | P33: =+'ANEXO No 5A'!I114 -> 0 | U33: =SUM(Q33:T33) -> 0 | Z33: =SUM(V33:Y33) -> 0 | AA33: =+J33-P33 -> 0
A34: 2.1.2.01.01.003.04.02 | B34: 8 | C34: C | D34: Aparatos de control eléctrico y distribución de electricidad y sus partes y piezas | J34: =+E34+F34-G34+H34-I34 -> 0 | O34: =SUM(K34:N34) -> 0 | P34: =+'ANEXO No 5A'!I127 -> 0 | U34: =SUM(Q34:T34) -> 0 | Z34: =SUM(V34:Y34) -> 0 | AA34: =+J34-P34 -> 0
A35: 2.1.2.01.01.003.04.03 | B35: 8 | C35: C | D35: Hilos y cables aislados; cable de fibra óptica | J35: =+E35+F35-G35+H35-I35 -> 0 | O35: =SUM(K35:N35) -> 0 | P35: =+'ANEXO No 5A'!I140 -> 0 | U35: =SUM(Q35:T35) -> 0 | Z35: =SUM(V35:Y35) -> 0 | AA35: =+J35-P35 -> 0
A36: 2.1.2.01.01.003.04.04 | B36: 8 | C36: C | D36: Acumuladores, pilas y baterías primarias y sus partes y piezas | J36: =+E36+F36-G36+H36-I36 -> 0 | O36: =SUM(K36:N36) -> 0 | P36: =+'ANEXO No 5A'!I153 -> 0 | U36: =SUM(Q36:T36) -> 0 | Z36: =SUM(V36:Y36) -> 0 | AA36: =+J36-P36 -> 0
A37: 2.1.2.01.01.003.04.05 | B37: 8 | C37: C | D37: Lámparas eléctricas de incandescencia o descarga; lámparas de arco, equipo para alumbrado eléctrico; sus partes y piezas | J37: =+E37+F37-G37+H37-I37 -> 0 | O37: =SUM(K37:N37) -> 0 | P37: =+'ANEXO No 5A'!I166 -> 0 | U37: =SUM(Q37:T37) -> 0 | Z37: =SUM(V37:Y37) -> 0 | AA37: =+J37-P37 -> 0
A38: 2.1.2.01.01.003.04.06 | B38: 8 | C38: C | D38: Otro equipo eléctrico y sus partes y piezas | J38: =+E38+F38-G38+H38-I38 -> 0 | O38: =SUM(K38:N38) -> 0 | P38: =+'ANEXO No 5A'!I179 -> 0 | U38: =SUM(Q38:T38) -> 0 | Z38: =SUM(V38:Y38) -> 0 | AA38: =+J38-P38 -> 0
A39: 2.1.2.01.01.003.05 | B39: 7 | C39: A | D39: Equipo y aparatos de radio, televisión y comunicaciones | E39: =SUM(E40:E42) -> 0 | F39: =SUM(F40:F42) -> 0 | G39: =SUM(G40:G42) -> 0 | H39: =SUM(H40:H42) -> 0 | I39: =SUM(I40:I42) -> 0 | J39: =SUM(J40:J42) -> 0 | K39: =SUM(K40:K42) -> 0 | L39: =SUM(L40:L42) -> 0 | ... AA39: =SUM(AA40:AA42) -> 0
A40: 2.1.2.01.01.003.05.02 | B40: 8 | C40: C | D40: Aparatos transmisores de televisión y radio; televisión, video y cámaras digitales; teléfonos | J40: =+E40+F40-G40+H40-I40 -> 0 | O40: =SUM(K40:N40) -> 0 | P40: =+'ANEXO No 5A'!I192 -> 0 | U40: =SUM(Q40:T40) -> 0 | Z40: =SUM(V40:Y40) -> 0 | AA40: =+J40-P40 -> 0
A41: 2.1.2.01.01.003.05.03 | B41: 8 | C41: C | D41: Radiorreceptores y receptores de televisión; aparatos para la grabación y reproducción de sonido y video; micrófonos, altavoces, amplificadores, etc. | J41: =+E41+F41-G41+H41-I41 -> 0 | O41: =SUM(K41:N41) -> 0 | P41: =+'ANEXO No 5A'!I205 -> 0 | U41: =SUM(Q41:T41) -> 0 | Z41: =SUM(V41:Y41) -> 0 | AA41: =+J41-P41 -> 0
A42: 2.1.2.01.01.003.05.05 | B42: 8 | C42: C | D42: Discos, cintas, dispositivos de almacenamiento en estado sólido no volátiles y otros medios, no grabados | J42: =+E42+F42-G42+H42-I42 -> 0 | O42: =SUM(K42:N42) -> 0 | P42: =+'ANEXO No 5A'!I218 -> 0 | U42: =SUM(Q42:T42) -> 0 | Z42: =SUM(V42:Y42) -> 0 | AA42: =+J42-P42 -> 0
A43: 2.1.2.01.01.004 | B43: 6 | C43: A | D43: Activos fijos no clasificados como maquinaria y equipo | E43: =+E44 -> 0 | F43: =+F44 -> 0 | G43: =+G44 -> 0 | H43: =+H44 -> 0 | I43: =+I44 -> 0 | J43: =+J44 -> 0 | K43: =+K44 -> 0 | L43: =+L44 -> 0 | ... AA43: =+AA44 -> 0
A44: 2.1.2.01.01.004.01 | B44: 7 | C44: A | D44: Muebles, instrumentos musicales, artículos de deporte y antigüedades | E44: =+E45+E51+E52 -> 0 | F44: =+F45+F51+F52 -> 0 | G44: =+G45+G51+G52 -> 0 | H44: =+H45+H51+H52 -> 0 | I44: =+I45+I51+I52 -> 0 | J44: =+J45+J51+J52 -> 0 | K44: =+K45+K51+K52 -> 0 | L44: =+L45+L51+L52 -> 0 | ... AA44: =+AA45+AA51+AA52 -> 0
A45: 2.1.2.01.01.004.01.01 | B45: 8 | C45: A | D45: Muebles | E45: =SUM(E46:E50) -> 0 | F45: =SUM(F46:F50) -> 0 | G45: =SUM(G46:G50) -> 0 | H45: =SUM(H46:H50) -> 0 | I45: =SUM(I46:I50) -> 0 | J45: =SUM(J46:J50) -> 0 | K45: =SUM(K46:K50) -> 0 | L45: =SUM(L46:L50) -> 0 | ... AA45: =SUM(AA46:AA50) -> 0
A46: 2.1.2.01.01.004.01.01.01 | B46: 9 | C46: C | D46: Asientos | J46: =+E46+F46-G46+H46-I46 -> 0 | O46: =SUM(K46:N46) -> 0 | P46: =+'ANEXO No 5A'!I231 -> 0 | U46: =SUM(Q46:T46) -> 0 | Z46: =SUM(V46:Y46) -> 0 | AA46: =+J46-P46 -> 0
A47: 2.1.2.01.01.004.01.01.02 | B47: 9 | C47: C | D47: Muebles del tipo utilizado en la oficina | J47: =+E47+F47-G47+H47-I47 -> 0 | O47: =SUM(K47:N47) -> 0 | P47: =+'ANEXO No 5A'!I244 -> 0 | U47: =SUM(Q47:T47) -> 0 | Z47: =SUM(V47:Y47) -> 0 | AA47: =+J47-P47 -> 0
A48: 2.1.2.01.01.004.01.01.03 | B48: 9 | C48: C | D48: Muebles de madera, del tipo usado en la cocina | J48: =+E48+F48-G48+H48-I48 -> 0 | O48: =SUM(K48:N48) -> 0 | P48: =+'ANEXO No 5A'!I257 -> 0 | U48: =SUM(Q48:T48) -> 0 | Z48: =SUM(V48:Y48) -> 0 | AA48: =+J48-P48 -> 0
A49: 2.1.2.01.01.004.01.01.04 | B49: 9 | C49: C | D49: Otros muebles N.C.P. | J49: =+E49+F49-G49+H49-I49 -> 0 | O49: =SUM(K49:N49) -> 0 | P49: =+'ANEXO No 5A'!I270 -> 0 | U49: =SUM(Q49:T49) -> 0 | Z49: =SUM(V49:Y49) -> 0 | AA49: =+J49-P49 -> 0
A50: 2.1.2.01.01.004.01.01.05 | B50: 9 | C50: C | D50: Somieres, colchones con muebles, rellenos o guarnecidos interiormente con cualquier material, de caucho o plásticos celulares, recubiertos o no | J50: =+E50+F50-G50+H50-I50 -> 0 | O50: =SUM(K50:N50) -> 0 | P50: =+'ANEXO No 5A'!I283 -> 0 | U50: =SUM(Q50:T50) -> 0 | Z50: =SUM(V50:Y50) -> 0 | AA50: =+J50-P50 -> 0
A51: 2.1.2.01.01.004.01.02 | B51: 8 | C51: C | D51: Instrumentos musicales | J51: =+E51+F51-G51+H51-I51 -> 0 | O51: =SUM(K51:N51) -> 0 | P51: =+'ANEXO No 5A'!I296 -> 0 | U51: =SUM(Q51:T51) -> 0 | Z51: =SUM(V51:Y51) -> 0 | AA51: =+J51-P51 -> 0
A52: 2.1.2.01.01.004.01.03 | B52: 8 | C52: C | D52: Artículos de deporte | J52: =+E52+F52-G52+H52-I52 -> 0 | O52: =SUM(K52:N52) -> 0 | P52: =+'ANEXO No 5A'!I309 -> 0 | U52: =SUM(Q52:T52) -> 0 | Z52: =SUM(V52:Y52) -> 0 | AA52: =+J52-P52 -> 0
A53: 2.1.2.01.01.005 | B53: 6 | C53: A | D53: Otros activos fijos | E53: =+E54+E61 -> 0 | F53: =+F54+F61 -> 0 | G53: =+G54+G61 -> 0 | H53: =+H54+H61 -> 0 | I53: =+I54+I61 -> 0 | J53: =+J54+J61 -> 0 | K53: =+K54+K61 -> 0 | L53: =+L54+L61 -> 0 | ... AA53: =+AA54+AA61 -> 0
A54: 2.1.2.01.01.005.01 | B54: 7 | C54: A | D54: Recursos biológicos cultivados | E54: =+E55+E58 -> 0 | F54: =+F55+F58 -> 0 | G54: =+G55+G58 -> 0 | H54: =+H55+H58 -> 0 | I54: =+I55+I58 -> 0 | J54: =+J55+J58 -> 0 | K54: =+K55+K58 -> 0 | L54: =+L55+L58 -> 0 | ... AA54: =+AA55+AA58 -> 0
A55: 2.1.2.01.01.005.01.01 | B55: 8 | C55: A | D55: Recursos animales que generan productos en forma repetida | E55: =SUM(E56:E57) -> 0 | F55: =SUM(F56:F57) -> 0 | G55: =SUM(G56:G57) -> 0 | H55: =SUM(H56:H57) -> 0 | I55: =SUM(I56:I57) -> 0 | J55: =SUM(J56:J57) -> 0 | K55: =SUM(K56:K57) -> 0 | L55: =SUM(L56:L57) -> 0 | ... AA55: =SUM(AA56:AA57) -> 0
A56: 2.1.2.01.01.005.01.01.01 | B56: 9 | C56: C | D56: Animales de cría | J56: =+E56+F56-G56+H56-I56 -> 0 | O56: =SUM(K56:N56) -> 0 | P56: =+'ANEXO No 5A'!I322 -> 0 | U56: =SUM(Q56:T56) -> 0 | Z56: =SUM(V56:Y56) -> 0 | AA56: =+J56-P56 -> 0
A57: 2.1.2.01.01.005.01.01.02 | B57: 9 | C57: C | D57: Ganado lechero | J57: =+E57+F57-G57+H57-I57 -> 0 | O57: =SUM(K57:N57) -> 0 | P57: =+'ANEXO No 5A'!I335 -> 0 | U57: =SUM(Q57:T57) -> 0 | Z57: =SUM(V57:Y57) -> 0 | AA57: =+J57-P57 -> 0
A58: 2.1.2.01.01.005.01.02 | B58: 8 | C58: A | D58: Árboles, cultivos y plantas que generan productos en forma repetida | E58: =SUM(E59:E60) -> 0 | F58: =SUM(F59:F60) -> 0 | G58: =SUM(G59:G60) -> 0 | H58: =SUM(H59:H60) -> 0 | I58: =SUM(I59:I60) -> 0 | J58: =SUM(J59:J60) -> 0 | K58: =SUM(K59:K60) -> 0 | L58: =SUM(L59:L60) -> 0 | ... AA58: =SUM(AA59:AA60) -> 0
A59: 2.1.2.01.01.005.01.02.01 | B59: 9 | C59: C | D59: Árboles frutales | J59: =+E59+F59-G59+H59-I59 -> 0 | O59: =SUM(K59:N59) -> 0 | P59: =+'ANEXO No 5A'!I348 -> 0 | U59: =SUM(Q59:T59) -> 0 | Z59: =SUM(V59:Y59) -> 0 | AA59: =+J59-P59 -> 0
A60: 2.1.2.01.01.005.01.02.06 | B60: 9 | C60: C | D60: Otros árboles, cultivos y plantas que generan productos en forma repetida | J60: =+E60+F60-G60+H60-I60 -> 0 | O60: =SUM(K60:N60) -> 0 | P60: =+'ANEXO No 5A'!I361 -> 0 | U60: =SUM(Q60:T60) -> 0 | Z60: =SUM(V60:Y60) -> 0 | AA60: =+J60-P60 -> 0
A61: 2.1.2.01.01.005.02 | B61: 7 | C61: A | D61: Productos de la propiedad intelectual | E61: =+E62 -> 0 | F61: =+F62 -> 0 | G61: =+G62 -> 0 | H61: =+H62 -> 0 | I61: =+I62 -> 0 | J61: =+J62 -> 0 | K61: =+K62 -> 0 | L61: =+L62 -> 0 | ... AA61: =+AA62 -> 0
A62: 2.1.2.01.01.005.02.03 | B62: 8 | C62: A | D62: Programas de informática y bases de datos | E62: =+E63 -> 0 | F62: =+F63 -> 0 | G62: =+G63 -> 0 | H62: =+H63 -> 0 | I62: =+I63 -> 0 | J62: =+J63 -> 0 | K62: =+K63 -> 0 | L62: =+L63 -> 0 | ... AA62: =+AA63 -> 0
A63: 2.1.2.01.01.005.02.03.01 | B63: 9 | C63: A | D63: Programas de informática | E63: =SUM(E64) -> 0 | F63: =SUM(F64) -> 0 | G63: =SUM(G64) -> 0 | H63: =SUM(H64) -> 0 | I63: =SUM(I64) -> 0 | J63: =SUM(J64) -> 0 | K63: =SUM(K64) -> 0 | L63: =SUM(L64) -> 0 | ... AA63: =SUM(AA64) -> 0
A64: 2.1.2.01.01.005.02.03.01.01 | B64: 10 | C64: C | D64: Paquetes de software | J64: =+E64+F64-G64+H64-I64 -> 0 | O64: =SUM(K64:N64) -> 0 | P64: =+'ANEXO No 5A'!I374 -> 0 | U64: =SUM(Q64:T64) -> 0 | Z64: =SUM(V64:Y64) -> 0 | AA64: =+J64-P64 -> 0
A65: 2.1.2.02 | B65: 4 | C65: A | D65: Adquisiciones diferentes de activos | E65: =+E66+E77 -> 50270000 | F65: =+F66+F77 -> 4958150 | G65: =+G66+G77 -> 0 | H65: =+H66+H77 -> 0 | I65: =+I66+I77 -> 0 | J65: =+J66+J77 -> 55228150 | K65: =+K66+K77 -> 0 | L65: =+L66+L77 -> 27282342 | ... AA65: =+AA66+AA77 -> 8239895
A66: 2.1.2.02.01 | B66: 5 | C66: A | D66: Materiales y suministros | E66: =+E67+E70 -> 0 | F66: =+F67+F70 -> 0 | G66: =+G67+G70 -> 0 | H66: =+H67+H70 -> 0 | I66: =+I67+I70 -> 0 | J66: =+J67+J70 -> 0 | K66: =+K67+K70 -> 0 | L66: =+L67+L70 -> 0 | ... AA66: =+AA67+AA70 -> 0
A67: 2.1.2.02.01.000 | B67: 6 | C67: A | D67: Agricultura, silvicultura y productos de la pesca | E67: =SUM(E68:E69) -> 0 | F67: =SUM(F68:F69) -> 0 | G67: =SUM(G68:G69) -> 0 | H67: =SUM(H68:H69) -> 0 | I67: =SUM(I68:I69) -> 0 | J67: =SUM(J68:J69) -> 0 | K67: =SUM(K68:K69) -> 0 | L67: =SUM(L68:L69) -> 0 | ... AA67: =SUM(AA68:AA69) -> 0
A68: 2.1.2.02.01.000.01 | B68: 7 | C68: C | D68: Insumos para la agricultura, la horticultura y silvicultura | J68: =+E68+F68-G68+H68-I68 -> 0 | O68: =SUM(K68:N68) -> 0 | P68: =+'ANEXO No 5A'!I387 -> 0 | U68: =SUM(Q68:T68) -> 0 | Z68: =SUM(V68:Y68) -> 0 | AA68: =+J68-P68 -> 0
A69: 2.1.2.02.01.000.02 | B69: 7 | C69: C | D69: Insumos para el sostenimiento de semovientes | J69: =+E69+F69-G69+H69-I69 -> 0 | O69: =SUM(K69:N69) -> 0 | P69: =+'ANEXO No 5A'!I400 -> 0 | U69: =SUM(Q69:T69) -> 0 | Z69: =SUM(V69:Y69) -> 0 | AA69: =+J69-P69 -> 0
A70: 2.1.2.02.01.003 | B70: 6 | C70: A | D70: Otros bienes transportables (excepto productos metálicos, maquinaria y equipo) | E70: =SUM(E71:E76) -> 0 | F70: =SUM(F71:F76) -> 0 | G70: =SUM(G71:G76) -> 0 | H70: =SUM(H71:H76) -> 0 | I70: =SUM(I71:I76) -> 0 | J70: =SUM(J71:J76) -> 0 | K70: =SUM(K71:K76) -> 0 | L70: =SUM(L71:L76) -> 0 | ... AA70: =SUM(AA71:AA76) -> 0
A71: 2.1.2.02.01.003.01 | B71: 7 | C71: C | D71: Compra y recarga de tóner y cartuchos | J71: =+E71+F71-G71+H71-I71 -> 0 | O71: =SUM(K71:N71) -> 0 | P71: =+'ANEXO No 5A'!I413 -> 0 | U71: =SUM(Q71:T71) -> 0 | Z71: =SUM(V71:Y71) -> 0 | AA71: =+J71-P71 -> 0
A72: 2.1.2.02.01.003.02 | B72: 7 | C72: C | D72: Compra y recarga de extintores | J72: =+E72+F72-G72+H72-I72 -> 0 | O72: =SUM(K72:N72) -> 0 | P72: =+'ANEXO No 5A'!I426 -> 0 | U72: =SUM(Q72:T72) -> 0 | Z72: =SUM(V72:Y72) -> 0 | AA72: =+J72-P72 -> 0
A73: 2.1.2.02.01.003.03 | B73: 7 | C73: C | D73: Textos, libros, guías y demás material pedagógico | J73: =+E73+F73-G73+H73-I73 -> 0 | O73: =SUM(K73:N73) -> 0 | P73: =+'ANEXO No 5A'!I439 -> 0 | U73: =SUM(Q73:T73) -> 0 | Z73: =SUM(V73:Y73) -> 0 | AA73: =+J73-P73 -> 0
A74: 2.1.2.02.01.003.04 | B74: 7 | C74: C | D74: Textos, libros, guías y demás material administrativo | J74: =+E74+F74-G74+H74-I74 -> 0 | O74: =SUM(K74:N74) -> 0 | P74: =+'ANEXO No 5A'!I452 -> 0 | U74: =SUM(Q74:T74) -> 0 | Z74: =SUM(V74:Y74) -> 0 | AA74: =+J74-P74 -> 0
A75: 2.1.2.02.01.003.05 | B75: 7 | C75: C | D75: Artículos de aseo y elementos de bioseguridad | J75: =+E75+F75-G75+H75-I75 -> 0 | O75: =SUM(K75:N75) -> 0 | P75: =+'ANEXO No 5A'!I465 -> 0 | U75: =SUM(Q75:T75) -> 0 | Z75: =SUM(V75:Y75) -> 0 | AA75: =+J75-P75 -> 0
A76: 2.1.2.02.01.003.06 | B76: 7 | C76: C | D76: Combustibles y lubricantes | J76: =+E76+F76-G76+H76-I76 -> 0 | O76: =SUM(K76:N76) -> 0 | P76: =+'ANEXO No 5A'!I478 -> 0 | U76: =SUM(Q76:T76) -> 0 | Z76: =SUM(V76:Y76) -> 0 | AA76: =+J76-P76 -> 0
A77: 2.1.2.02.02 | B77: 5 | C77: A | D77: Adquisición de servicios | E77: =+E78+E81+E90+E94+E104 -> 50270000 | F77: =+F78+F81+F90+F94+F104 -> 4958150 | G77: =+G78+G81+G90+G94+G104 -> 0 | H77: =+H78+H81+H90+H94+H104 -> 0 | I77: =+I78+I81+I90+I94+I104 -> 0 | J77: =+J78+J81+J90+J94+J104 -> 55228150 | K77: =+K78+K81+K90+K94+K104 -> 0 | L77: =+L78+L81+L90+L94+L104 -> 27282342 | ... AA77: =+AA78+AA81+AA90+AA94+AA104 -> 8239895
A78: 2.1.2.02.02.005 | B78: 6 | C78: A | D78: Servicios de la construcción | E78: =SUM(E79:E80) -> 8000000 | F78: =SUM(F79:F80) -> 0 | G78: =SUM(G79:G80) -> 0 | H78: =SUM(H79:H80) -> 0 | I78: =SUM(I79:I80) -> 0 | J78: =SUM(J79:J80) -> 8000000 | K78: =SUM(K79:K80) -> 0 | L78: =SUM(L79:L80) -> 0 | ... AA78: =SUM(AA79:AA80) -> 8000000
A79: 2.1.2.02.02.005.01 | B79: 7 | C79: C | D79: Mantenimiento del Establecimiento | J79: =+E79+F79-G79+H79-I79 -> 0 | O79: =SUM(K79:N79) -> 0 | P79: =+'ANEXO No 5A'!I491 -> 0 | U79: =SUM(Q79:T79) -> 0 | Z79: =SUM(V79:Y79) -> 0 | AA79: =+J79-P79 -> 0
A80: 2.1.2.02.02.005.02 | B80: 7 | C80: C | D80: Adecuaciones de Infraestuctura Residencia Escolar | E80: 8000000 | J80: =+E80+F80-G80+H80-I80 -> 8000000 | O80: =SUM(K80:N80) -> 0 | P80: =+'ANEXO No 5A'!I504 -> 0 | U80: =SUM(Q80:T80) -> 0 | Z80: =SUM(V80:Y80) -> 0 | AA80: =+J80-P80 -> 8000000
A81: 2.1.2.02.02.006 | B81: 6 | C81: A | D81: Comercio y Distribucion; alojamiento; servicios de suministro de comidas y bebidas; servicios de transporte; y servicios de distribución de electricidad, gas y agua | E81: =SUM(E82:E89) -> 42270000 | F81: =SUM(F82:F89) -> 4958150 | G81: =SUM(G82:G89) -> 0 | H81: =SUM(H82:H89) -> 0 | I81: =SUM(I82:I89) -> 0 | J81: =SUM(J82:J89) -> 47228150 | K81: =SUM(K82:K89) -> 0 | L81: =SUM(L82:L89) -> 27282342 | ... AA81: =SUM(AA82:AA89) -> 239895
A82: 2.1.2.02.02.006.01 | B82: 7 | C82: C | D82: Servicio de Acueducto | J82: =+E82+F82-G82+H82-I82 -> 0 | O82: =SUM(K82:N82) -> 0 | P82: =+'ANEXO No 5A'!I517 -> 0 | U82: =SUM(Q82:T82) -> 0 | Z82: =SUM(V82:Y82) -> 0 | AA82: =+J82-P82 -> 0
A83: 2.1.2.02.02.006.02 | B83: 7 | C83: C | D83: Servicio de Energía | E83: 270000 | F83: 393465 | J83: =+E83+F83-G83+H83-I83 -> 663465 | N83: 423570 | O83: =SUM(K83:N83) -> 423570 | P83: =+'ANEXO No 5A'!I530 -> 423570 | T83: 423570 | U83: =SUM(Q83:T83) -> 423570 | Y83: 423570 | Z83: =SUM(V83:Y83) -> 423570 | AA83: =+J83-P83 -> 239895
A84: 2.1.2.02.02.006.03 | B84: 7 | C84: C | D84: Servicio de Gas | J84: =+E84+F84-G84+H84-I84 -> 0 | O84: =SUM(K84:N84) -> 0 | P84: =+'ANEXO No 5A'!I543 -> 0 | U84: =SUM(Q84:T84) -> 0 | Z84: =SUM(V84:Y84) -> 0 | AA84: =+J84-P84 -> 0
A85: 2.1.2.02.02.006.04 | B85: 7 | C85: C | D85: Viáticos y gastos de viaje (Estudiantes) | J85: =+E85+F85-G85+H85-I85 -> 0 | O85: =SUM(K85:N85) -> 0 | P85: =+'ANEXO No 5A'!I556 -> 0 | U85: =SUM(Q85:T85) -> 0 | Z85: =SUM(V85:Y85) -> 0 | AA85: =+J85-P85 -> 0
A86: 2.1.2.02.02.006.05 | B86: 7 | C86: C | D86: Gastos de transporte y comunicación | J86: =+E86+F86-G86+H86-I86 -> 0 | O86: =SUM(K86:N86) -> 0 | P86: =+'ANEXO No 5A'!I569 -> 0 | U86: =SUM(Q86:T86) -> 0 | Z86: =SUM(V86:Y86) -> 0 | AA86: =+J86-P86 -> 0
A87: 2.1.2.02.02.006.06 | B87: 7 | C87: C | D87: Alimentación Estudiantes Residencia Escolar | E87: 42000000 | F87: 4564685 | J87: =+E87+F87-G87+H87-I87 -> 46564685 | L87: 27282342 | N87: 19282343 | O87: =SUM(K87:N87) -> 46564685 | P87: =+'ANEXO No 5A'!I582 -> 46564685 | R87: 9093700 | S87: =9196000+8992642 -> 18188642 | T87: 19282343 | U87: =SUM(Q87:T87) -> 46564685 | W87: 9093700 | X87: 18188642 | Y87: 19282343 | Z87: =SUM(V87:Y87) -> 46564685 | AA87: =+J87-P87 -> 0
A88: 2.1.2.02.02.006.07 | B88: 7 | C88: C | D88: Alimentación Escolar (Dec.0846 del 2023) | J88: =+E88+F88-G88+H88-I88 -> 0 | O88: =SUM(K88:N88) -> 0 | P88: =+'ANEXO No 5A'!I595 -> 0 | U88: =SUM(Q88:T88) -> 0 | Z88: =SUM(V88:Y88) -> 0 | AA88: =+J88-P88 -> 0
A89: 2.1.2.02.02.006.08 | B89: 7 | C89: C | D89: Insumos para elaboración de productos procesados | J89: =+E89+F89-G89+H89-I89 -> 0 | O89: =SUM(K89:N89) -> 0 | P89: =+'ANEXO No 5A'!I608 -> 0 | U89: =SUM(Q89:T89) -> 0 | Z89: =SUM(V89:Y89) -> 0 | AA89: =+J89-P89 -> 0
A90: 2.1.2.02.02.007 | B90: 6 | C90: A | D90: Servicios financieros y servicios conexos, servicios inmobiliarios y servicios de leasing | E90: =SUM(E91:E93) -> 0 | F90: =SUM(F91:F93) -> 0 | G90: =SUM(G91:G93) -> 0 | H90: =SUM(H91:H93) -> 0 | I90: =SUM(I91:I93) -> 0 | J90: =SUM(J91:J93) -> 0 | K90: =SUM(K91:K93) -> 0 | L90: =SUM(L91:L93) -> 0 | ... AA90: =SUM(AA91:AA93) -> 0
A91: 2.1.2.02.02.007.01 | B91: 7 | C91: C | D91: Gastos Financieros | J91: =+E91+F91-G91+H91-I91 -> 0 | O91: =SUM(K91:N91) -> 0 | P91: =+'ANEXO No 5A'!I621 -> 0 | U91: =SUM(Q91:T91) -> 0 | Z91: =SUM(V91:Y91) -> 0 | AA91: =+J91-P91 -> 0
A92: 2.1.2.02.02.007.02 | B92: 7 | C92: C | D92: Pólizas | J92: =+E92+F92-G92+H92-I92 -> 0 | O92: =SUM(K92:N92) -> 0 | P92: =+'ANEXO No 5A'!I634 -> 0 | U92: =SUM(Q92:T92) -> 0 | Z92: =SUM(V92:Y92) -> 0 | AA92: =+J92-P92 -> 0
A93: 2.1.2.02.02.007.03 | B93: 7 | C93: C | D93: Arrendamientos de bienes muebles e inmuebles | J93: =+E93+F93-G93+H93-I93 -> 0 | O93: =SUM(K93:N93) -> 0 | P93: =+'ANEXO No 5A'!I647 -> 0 | U93: =SUM(Q93:T93) -> 0 | Z93: =SUM(V93:Y93) -> 0 | AA93: =+J93-P93 -> 0
A94: 2.1.2.02.02.008 | B94: 6 | C94: A | D94: Servicios prestados a las empresas y servicios de producción | E94: =SUM(E95:E103) -> 0 | F94: =SUM(F95:F103) -> 0 | G94: =SUM(G95:G103) -> 0 | H94: =SUM(H95:H103) -> 0 | I94: =SUM(I95:I103) -> 0 | J94: =SUM(J95:J103) -> 0 | K94: =SUM(K95:K103) -> 0 | L94: =SUM(L95:L103) -> 0 | ... AA94: =SUM(AA95:AA103) -> 0
A95: 2.1.2.02.02.008.01 | B95: 7 | C95: C | D95: Telefonía | J95: =+E95+F95-G95+H95-I95 -> 0 | O95: =SUM(K95:N95) -> 0 | P95: =+'ANEXO No 5A'!I660 -> 0 | U95: =SUM(Q95:T95) -> 0 | Z95: =SUM(V95:Y95) -> 0 | AA95: =+J95-P95 -> 0
A96: 2.1.2.02.02.008.02 | B96: 7 | C96: C | D96: Internet | J96: =+E96+F96-G96+H96-I96 -> 0 | O96: =SUM(K96:N96) -> 0 | P96: =+'ANEXO No 5A'!I673 -> 0 | U96: =SUM(Q96:T96) -> 0 | Z96: =SUM(V96:Y96) -> 0 | AA96: =+J96-P96 -> 0
A97: 2.1.2.02.02.008.03 | B97: 7 | C97: C | D97: Honorarios | J97: =+E97+F97-G97+H97-I97 -> 0 | O97: =SUM(K97:N97) -> 0 | P97: =+'ANEXO No 5A'!I686 -> 0 | U97: =SUM(Q97:T97) -> 0 | Z97: =SUM(V97:Y97) -> 0 | AA97: =+J97-P97 -> 0
A98: 2.1.2.02.02.008.04 | B98: 7 | C98: C | D98: Remuneración Servicios Técnicos | J98: =+E98+F98-G98+H98-I98 -> 0 | O98: =SUM(K98:N98) -> 0 | P98: =+'ANEXO No 5A'!I699 -> 0 | U98: =SUM(Q98:T98) -> 0 | Z98: =SUM(V98:Y98) -> 0 | AA98: =+J98-P98 -> 0
A99: 2.1.2.02.02.008.05 | B99: 7 | C99: C | D99: Impresos y Publicaciones | J99: =+E99+F99-G99+H99-I99 -> 0 | O99: =SUM(K99:N99) -> 0 | P99: =+'ANEXO No 5A'!I712 -> 0 | U99: =SUM(Q99:T99) -> 0 | Z99: =SUM(V99:Y99) -> 0 | AA99: =+J99-P99 -> 0
A100: 2.1.2.02.02.008.06 | B100: 7 | C100: C | D100: Licencia de Uso Software | J100: =+E100+F100-G100+H100-I100 -> 0 | O100: =SUM(K100:N100) -> 0 | P100: =+'ANEXO No 5A'!I725 -> 0 | U100: =SUM(Q100:T100) -> 0 | Z100: =SUM(V100:Y100) -> 0 | AA100: =+J100-P100 -> 0
A101: 2.1.2.02.02.008.07 | B101: 7 | C101: C | D101: Hosting páginas web | J101: =+E101+F101-G101+H101-I101 -> 0 | O101: =SUM(K101:N101) -> 0 | P101: =+'ANEXO No 5A'!I738 -> 0 | U101: =SUM(Q101:T101) -> 0 | Z101: =SUM(V101:Y101) -> 0 | AA101: =+J101-P101 -> 0
A102: 2.1.2.02.02.008.08 | B102: 7 | C102: C | D102: Firmas digitales | J102: =+E102+F102-G102+H102-I102 -> 0 | O102: =SUM(K102:N102) -> 0 | P102: =+'ANEXO No 5A'!I751 -> 0 | U102: =SUM(Q102:T102) -> 0 | Z102: =SUM(V102:Y102) -> 0 | AA102: =+J102-P102 -> 0
A103: 2.1.2.02.02.008.09 | B103: 7 | C103: C | D103: Mantenimiento de Mobiliario, software y equipos | J103: =+E103+F103-G103+H103-I103 -> 0 | O103: =SUM(K103:N103) -> 0 | P103: =+'ANEXO No 5A'!I764 -> 0 | U103: =SUM(Q103:T103) -> 0 | Z103: =SUM(V103:Y103) -> 0 | AA103: =+J103-P103 -> 0
A104: 2.1.2.02.02.009 | B104: 6 | C104: A | D104: Servicios para la comunidad, sociales y personales | E104: =SUM(E105:E111) -> 0 | F104: =SUM(F105:F111) -> 0 | G104: =SUM(G105:G111) -> 0 | H104: =SUM(H105:H111) -> 0 | I104: =SUM(I105:I111) -> 0 | J104: =SUM(J105:J111) -> 0 | K104: =SUM(K105:K111) -> 0 | L104: =SUM(L105:L111) -> 0 | ... AA104: =SUM(AA105:AA111) -> 0
...

Sheet ANEXO No 5A
A1: ='ANEXO No 1'!A1:T1 -> INSTITUCIÓN EDUCATIVA SANTA ANA
A2: ='ANEXO No 1'!A2:T2 -> MUNICIPIO DE COLOMBIA- HUILA
A3: ='ANEXO No 1'!A3:T3 -> NIT: 813.007.522-4
A4: ='ANEXO No 1'!A4:T4 -> CODIGO DANE No.241206001078
A5: ='ANEXO No 1'!A5:T5 -> DIRECCION: VEREDA SANTA ANA
A7: ANEXO No 5A
A8: RELACION DETALLADA DE GASTOS E INVERSIÓN APLICADOS A DE TRANSFERENCIA DEPARTAMENTAL
A9: ='ANEXO No 1'!A9:T9 -> VIGENCIA 2025
P10: SIFSE
A11: RUBRO PRESUPUESTAL: 2.1.2.01.01.003.01.02 Bombas, compresores, motores de fuerza hidráulica y motores de potencia neumática y válvulas y sus partes y piezas | P11: FUENTE INGRESO SIFSE | Q11: ITEM DETALLE | R11: VALOR
A12: No. CONTRATO | B12: FECHA CONTRATO | C12: No. RP | D12: FECHA RP | E12: FUENTE | F12: NOMBRE DEL PROVEEDOR | G12: NIT/C.C. | H12: CONCEPTO DEL GASTO O INVERSIÓN | I12: VALOR | J12: PAGO I TRIM | K12: PAGO II TRIM | L12: PAGO III TRIM | M12: PAGO IV TRIM | N12: TOTAL PAGOS | P12: 3 | Q12: 7 | R12: =+I23 -> 0
N13: =SUM(J13:M13) -> 0
N14: =SUM(J14:M14) -> 0
N15: =SUM(J15:M15) -> 0
N16: =SUM(J16:M16) -> 0
N17: =SUM(J17:M17) -> 0
N18: =SUM(J18:M18) -> 0
N19: =SUM(J19:M19) -> 0
N20: =SUM(J20:M20) -> 0
N21: =SUM(J21:M21) -> 0
N22: =SUM(J22:M22) -> 0
A23: SUBTOTAL | I23: =SUM(I13:I22) -> 0 | J23: =SUM(J13:J22) -> 0 | K23: =SUM(K13:K22) -> 0 | L23: =SUM(L13:L22) -> 0 | M23: =SUM(M13:M22) -> 0 | N23: =SUM(N13:N22) -> 0
A24: RUBRO PRESUPUESTAL: 2.1.2.01.01.003.01.06 Otras máquinas para usos generales y sus partes y piezas
A25: No. CONTRATO | B25: FECHA CONTRATO | C25: No. RP | D25: FECHA RP | E25: FUENTE | F25: NOMBRE DEL PROVEEDOR | G25: NIT/C.C. | H25: CONCEPTO DEL GASTO O INVERSIÓN | I25: VALOR | J25: PAGO I TRIM | K25: PAGO II TRIM | L25: PAGO III TRIM | M25: PAGO IV TRIM | N25: TOTAL PAGOS
N26: =SUM(J26:M26) -> 0 | P26: 3 | Q26: 7 | R26: =+I36 -> 0
N27: =SUM(J27:M27) -> 0
N28: =SUM(J28:M28) -> 0
N29: =SUM(J29:M29) -> 0
N30: =SUM(J30:M30) -> 0
N31: =SUM(J31:M31) -> 0
N32: =SUM(J32:M32) -> 0
N33: =SUM(J33:M33) -> 0
N34: =SUM(J34:M34) -> 0
N35: =SUM(J35:M35) -> 0
A36: SUBTOTAL | I36: =SUM(I26:I35) -> 0 | J36: =SUM(J26:J35) -> 0 | K36: =SUM(K26:K35) -> 0 | L36: =SUM(L26:L35) -> 0 | M36: =SUM(M26:M35) -> 0 | N36: =SUM(N26:N35) -> 0
A37: RUBRO PRESUPUESTAL: 2.1.2.01.01.003.02.01 Maquinaria agropecuaria o silvícola y sus partes y piezas
A38: No. CONTRATO | B38: FECHA CONTRATO | C38: No. RP | D38: FECHA RP | E38: FUENTE | F38: NOMBRE DEL PROVEEDOR | G38: NIT/C.C. | H38: CONCEPTO DEL GASTO O INVERSIÓN | I38: VALOR | J38: PAGO I TRIM | K38: PAGO II TRIM | L38: PAGO III TRIM | M38: PAGO IV TRIM | N38: TOTAL PAGOS | P38: 3 | Q38: 7 | R38: =+I49 -> 0
N39: =SUM(J39:M39) -> 0
N40: =SUM(J40:M40) -> 0
N41: =SUM(J41:M41) -> 0
N42: =SUM(J42:M42) -> 0
N43: =SUM(J43:M43) -> 0
N44: =SUM(J44:M44) -> 0
N45: =SUM(J45:M45) -> 0
N46: =SUM(J46:M46) -> 0
N47: =SUM(J47:M47) -> 0
N48: =SUM(J48:M48) -> 0
A49: SUBTOTAL | I49: =SUM(I39:I48) -> 0 | J49: =SUM(J39:J48) -> 0 | K49: =SUM(K39:K48) -> 0 | L49: =SUM(L39:L48) -> 0 | M49: =SUM(M39:M48) -> 0 | N49: =SUM(N39:N48) -> 0
A50: RUBRO PRESUPUESTAL: 2.1.2.01.01.003.02.02 Máquinas herramientas y sus partes, piezas y accesorios
A51: No. CONTRATO | B51: FECHA CONTRATO | C51: No. RP | D51: FECHA RP | E51: FUENTE | F51: NOMBRE DEL PROVEEDOR | G51: NIT/C.C. | H51: CONCEPTO DEL GASTO O INVERSIÓN | I51: VALOR | J51: PAGO I TRIM | K51: PAGO II TRIM | L51: PAGO III TRIM | M51: PAGO IV TRIM | N51: TOTAL PAGOS | P51: 3 | Q51: 7 | R51: =+I62 -> 0
N52: =SUM(J52:M52) -> 0
N53: =SUM(J53:M53) -> 0
N54: =SUM(J54:M54) -> 0
N55: =SUM(J55:M55) -> 0
N56: =SUM(J56:M56) -> 0
N57: =SUM(J57:M57) -> 0
N58: =SUM(J58:M58) -> 0
N59: =SUM(J59:M59) -> 0
N60: =SUM(J60:M60) -> 0
N61: =SUM(J61:M61) -> 0
A62: SUBTOTAL | I62: =SUM(I52:I61) -> 0 | J62: =SUM(J52:J61) -> 0 | K62: =SUM(K52:K61) -> 0 | L62: =SUM(L52:L61) -> 0 | M62: =SUM(M52:M61) -> 0 | N62: =SUM(N52:N61) -> 0
A63: RUBRO PRESUPUESTAL: 2.1.2.01.01.003.02.05 Maquinaria para la elaboración de alimentos, bebidas y tabaco, y sus partes y piezas
A64: No. CONTRATO | B64: FECHA CONTRATO | C64: No. RP | D64: FECHA RP | E64: FUENTE | F64: NOMBRE DEL PROVEEDOR | G64: NIT/C.C. | H64: CONCEPTO DEL GASTO O INVERSIÓN | I64: VALOR | J64: PAGO I TRIM | K64: PAGO II TRIM | L64: PAGO III TRIM | M64: PAGO IV TRIM | N64: TOTAL PAGOS | P64: 3 | Q64: 7 | R64: =+I75 -> 0
N65: =SUM(J65:M65) -> 0
N66: =SUM(J66:M66) -> 0
N67: =SUM(J67:M67) -> 0
N68: =SUM(J68:M68) -> 0
N69: =SUM(J69:M69) -> 0
N70: =SUM(J70:M70) -> 0
N71: =SUM(J71:M71) -> 0
N72: =SUM(J72:M72) -> 0
N73: =SUM(J73:M73) -> 0
N74: =SUM(J74:M74) -> 0
A75: SUBTOTAL | I75: =SUM(I65:I74) -> 0 | J75: =SUM(J65:J74) -> 0 | K75: =SUM(K65:K74) -> 0 | L75: =SUM(L65:L74) -> 0 | M75: =SUM(M65:M74) -> 0 | N75: =SUM(N65:N74) -> 0
A76: RUBRO PRESUPUESTAL: 2.1.2.01.01.003.02.07 Aparatos de uso doméstico y sus partes y piezas
A77: No. CONTRATO | B77: FECHA CONTRATO | C77: No. RP | D77: FECHA RP | E77: FUENTE | F77: NOMBRE DEL PROVEEDOR | G77: NIT/C.C. | H77: CONCEPTO DEL GASTO O INVERSIÓN | I77: VALOR | J77: PAGO I TRIM | K77: PAGO II TRIM | L77: PAGO III TRIM | M77: PAGO IV TRIM | N77: TOTAL PAGOS | P77: 3 | Q77: 7 | R77: =+I88 -> 0
N78: =SUM(J78:M78) -> 0
N79: =SUM(J79:M79) -> 0
N80: =SUM(J80:M80) -> 0
N81: =SUM(J81:M81) -> 0
N82: =SUM(J82:M82) -> 0
N83: =SUM(J83:M83) -> 0
N84: =SUM(J84:M84) -> 0
N85: =SUM(J85:M85) -> 0
N86: =SUM(J86:M86) -> 0
N87: =SUM(J87:M87) -> 0
A88: SUBTOTAL | I88: =SUM(I78:I87) -> 0 | J88: =SUM(J78:J87) -> 0 | K88: =SUM(K78:K87) -> 0 | L88: =SUM(L78:L87) -> 0 | M88: =SUM(M78:M87) -> 0 | N88: =SUM(N78:N87) -> 0
A89: RUBRO PRESUPUESTAL: 2.1.2.01.01.003.03.02 Maquinaria de informática y sus partes, piezas y accesorios
A90: No. CONTRATO | B90: FECHA CONTRATO | C90: No. RP | D90: FECHA RP | E90: FUENTE | F90: NOMBRE DEL PROVEEDOR | G90: NIT/C.C. | H90: CONCEPTO DEL GASTO O INVERSIÓN | I90: VALOR | J90: PAGO I TRIM | K90: PAGO II TRIM | L90: PAGO III TRIM | M90: PAGO IV TRIM | N90: TOTAL PAGOS | P90: 3 | Q90: 7 | R90: =+I101 -> 0
N91: =SUM(J91:M91) -> 0
N92: =SUM(J92:M92) -> 0
N93: =SUM(J93:M93) -> 0
N94: =SUM(J94:M94) -> 0
N95: =SUM(J95:M95) -> 0
N96: =SUM(J96:M96) -> 0
N97: =SUM(J97:M97) -> 0
N98: =SUM(J98:M98) -> 0
N99: =SUM(J99:M99) -> 0
N100: =SUM(J100:M100) -> 0
A101: SUBTOTAL | I101: =SUM(I91:I100) -> 0 | J101: =SUM(J91:J100) -> 0 | K101: =SUM(K91:K100) -> 0 | L101: =SUM(L91:L100) -> 0 | M101: =SUM(M91:M100) -> 0 | N101: =SUM(N91:N100) -> 0
...

Sheet ANEXO No 6 
A1: ='ANEXO No 1'!A1:T1 -> INSTITUCIÓN EDUCATIVA SANTA ANA
A2: ='ANEXO No 1'!A2:T2 -> MUNICIPIO DE COLOMBIA- HUILA
A3: ='ANEXO No 1'!A3:T3 -> NIT: 813.007.522-4
A4: ='ANEXO No 1'!A4:T4 -> CODIGO DANE No.241206001078
A5: ='ANEXO No 1'!A5:T5 -> DIRECCION: VEREDA SANTA ANA
A7: ANEXO No 6
A8: EJECUCION PRESUPUESTO DE GASTOS E INVERSIÓN DE TRANSFERENCIAS MUNICIPALES (No Incluye Gratuidad)
A9: ='ANEXO No 1'!A9:T9 -> VIGENCIA 2025
J11: TRIM. 1° | K11: ='ANEXO No 1'!H11 -> 0 | L11: TRIM. 2 | M11: ='ANEXO No 1'!J11 -> 0 | N11: TRIM. 3 | O11: ='ANEXO No 1'!M11 -> 0 | P11: TRIM. 4 | Q11: ='ANEXO No 1'!O11 -> X
A14: CÓDIGO COMPLETO | B14: NIVEL | C14: TIPO | D14: NOMBRE DE LA CUENTA | E14: VALOR APROPIADO INICIAL | F14: MODIFICACIONES | J14: VALOR APROPIADO DEFINITIVO | K14: CERTIFICADOS DISPONIBILIDAD (CDP) | P14: REGISTRO PRESUPUESTAL (RP) | Q14: OBLIGACIONES | V14: PAGOS | AA14: VR. NO EJECUTADO
F15: ADICIONES | G15: REDUCCIONES | H15: CREDITOS | I15: CONTRACREDITOS | K15: TRIMESTRE 1 | L15: TRIMESTRE 2 | M15: TRIMESTRE 3 | N15: TRIMESTRE 4 | O15: ACUMULADO | Q15: TRIMESTRE 1 | R15: TRIMESTRE 2 | S15: TRIMESTRE 3 | T15: TRIMESTRE 4 | U15: ACUMULADO | V15: TRIMESTRE 1 | W15: TRIMESTRE 2 | X15: TRIMESTRE 3 | Y15: TRIMESTRE 4 | Z15: ACUMULADO
A16: 2 | B16: 1 | C16: A | D16: Gastos | E16: =+E17 -> 10000000 | F16: =+F17 -> 5000000 | G16: =+G17 -> 0 | H16: =+H17 -> 0 | I16: =+I17 -> 0 | J16: =+J17 -> 15000000 | K16: =+K17 -> 0 | L16: =+L17 -> 0 | ... AA16: =+AA17 -> 369784
A17: 2.1 | B17: 2 | C17: A | D17: Funcionamiento | E17: =+E18+E112 -> 10000000 | F17: =+F18+F112 -> 5000000 | G17: =+G18+G112 -> 0 | H17: =+H18+H112 -> 0 | I17: =+I18+I112 -> 0 | J17: =+J18+J112 -> 15000000 | K17: =+K18+K112 -> 0 | L17: =+L18+L112 -> 0 | ... AA17: =+AA18+AA112 -> 369784
A18: 2.1.2 | B18: 3 | C18: A | D18: Adquisición de bienes y servicios | E18: =+E19+E65 -> 10000000 | F18: =+F19+F65 -> 5000000 | G18: =+G19+G65 -> 0 | H18: =+H19+H65 -> 0 | I18: =+I19+I65 -> 0 | J18: =+J19+J65 -> 15000000 | K18: =+K19+K65 -> 0 | L18: =+L19+L65 -> 0 | ... AA18: =+AA19+AA65 -> 369784
A19: 2.1.2.01 | B19: 4 | C19: A | D19: Adquisición de activos no financieros | E19: =+E20+E43+E53 -> 0 | F19: =+F20+F43+F53 -> 0 | G19: =+G20+G43+G53 -> 0 | H19: =+H20+H43+H53 -> 0 | I19: =+I20+I43+I53 -> 0 | J19: =+J20+J43+J53 -> 0 | K19: =+K20+K43+K53 -> 0 | L19: =+L20+L43+L53 -> 0 | ... AA19: =+AA20+AA43+AA53 -> 0
A20: 2.1.2.01.01 | B20: 5 | C20: A | D20: Activos Fijos | E20: =+E21 -> 0 | F20: =+F21 -> 0 | G20: =+G21 -> 0 | H20: =+H21 -> 0 | I20: =+I21 -> 0 | J20: =+J21 -> 0 | K20: =+K21 -> 0 | L20: =+L21 -> 0 | ... AA20: =+AA21 -> 0
A21: 2.1.2.01.01.003 | B21: 6 | C21: A | D21: Maquinaria y equipo | E21: =+E22+E25+E30+E32+E39 -> 0 | F21: =+F22+F25+F30+F32+F39 -> 0 | G21: =+G22+G25+G30+G32+G39 -> 0 | H21: =+H22+H25+H30+H32+H39 -> 0 | I21: =+I22+I25+I30+I32+I39 -> 0 | J21: =+J22+J25+J30+J32+J39 -> 0 | K21: =+K22+K25+K30+K32+K39 -> 0 | L21: =+L22+L25+L30+L32+L39 -> 0 | ... AA21: =+AA22+AA25+AA30+AA32+AA39 -> 0
A22: 2.1.2.01.01.003.01 | B22: 7 | C22: A | D22: Maquinaria para uso general | E22: =SUM(E23:E24) -> 0 | F22: =SUM(F23:F24) -> 0 | G22: =SUM(G23:G24) -> 0 | H22: =SUM(H23:H24) -> 0 | I22: =SUM(I23:I24) -> 0 | J22: =SUM(J23:J24) -> 0 | K22: =SUM(K23:K24) -> 0 | L22: =SUM(L23:L24) -> 0 | ... AA22: =SUM(AA23:AA24) -> 0
A23: 2.1.2.01.01.003.01.02 | B23: 8 | C23: C | D23: Bombas, compresores, motores de fuerza hidráulica y motores de potencia neumática y válvulas y sus partes y piezas | J23: =+E23+F23-G23+H23-I23 -> 0 | O23: =SUM(K23:N23) -> 0 | P23: =+'ANEXO No 6A'!I23 -> 0 | U23: =SUM(Q23:T23) -> 0 | Z23: =SUM(V23:Y23) -> 0 | AA23: =+J23-P23 -> 0
A24: 2.1.2.01.01.003.01.06 | B24: 8 | C24: C | D24: Otras máquinas para usos generales y sus partes y piezas | J24: =+E24+F24-G24+H24-I24 -> 0 | O24: =SUM(K24:N24) -> 0 | P24: =+'ANEXO No 6A'!I36 -> 0 | U24: =SUM(Q24:T24) -> 0 | Z24: =SUM(V24:Y24) -> 0 | AA24: =+J24-P24 -> 0
A25: 2.1.2.01.01.003.02 | B25: 7 | C25: A | D25: Maquinaria para usos especiales | E25: =SUM(E26:E29) -> 0 | F25: =SUM(F26:F29) -> 0 | G25: =SUM(G26:G29) -> 0 | H25: =SUM(H26:H29) -> 0 | I25: =SUM(I26:I29) -> 0 | J25: =SUM(J26:J29) -> 0 | K25: =SUM(K26:K29) -> 0 | L25: =SUM(L26:L29) -> 0 | ... AA25: =SUM(AA26:AA29) -> 0
A26: 2.1.2.01.01.003.02.01 | B26: 8 | C26: C | D26: Maquinaria agropecuaria o silvícola y sus partes y piezas | J26: =+E26+F26-G26+H26-I26 -> 0 | O26: =SUM(K26:N26) -> 0 | P26: =+'ANEXO No 6A'!I49 -> 0 | U26: =SUM(Q26:T26) -> 0 | Z26: =SUM(V26:Y26) -> 0 | AA26: =+J26-P26 -> 0
A27: 2.1.2.01.01.003.02.02 | B27: 8 | C27: C | D27: Máquinas herramientas y sus partes, piezas y accesorios | J27: =+E27+F27-G27+H27-I27 -> 0 | O27: =SUM(K27:N27) -> 0 | P27: =+'ANEXO No 6A'!I62 -> 0 | U27: =SUM(Q27:T27) -> 0 | Z27: =SUM(V27:Y27) -> 0 | AA27: =+J27-P27 -> 0
A28: 2.1.2.01.01.003.02.05 | B28: 8 | C28: C | D28: Maquinaria para la elaboración de alimentos, bebidas y tabaco, y sus partes y piezas | J28: =+E28+F28-G28+H28-I28 -> 0 | O28: =SUM(K28:N28) -> 0 | P28: =+'ANEXO No 6A'!I75 -> 0 | U28: =SUM(Q28:T28) -> 0 | Z28: =SUM(V28:Y28) -> 0 | AA28: =+J28-P28 -> 0
A29: 2.1.2.01.01.003.02.07 | B29: 8 | C29: C | D29: Aparatos de uso doméstico y sus partes y piezas | J29: =+E29+F29-G29+H29-I29 -> 0 | O29: =SUM(K29:N29) -> 0 | P29: =+'ANEXO No 6A'!I88 -> 0 | U29: =SUM(Q29:T29) -> 0 | Z29: =SUM(V29:Y29) -> 0 | AA29: =+J29-P29 -> 0
A30: 2.1.2.01.01.003.03 | B30: 7 | C30: A | D30: Maquinaria de oficina, contabilidad e informática | E30: =SUM(E31) -> 0 | F30: =SUM(F31) -> 0 | G30: =SUM(G31) -> 0 | H30: =SUM(H31) -> 0 | I30: =SUM(I31) -> 0 | J30: =SUM(J31) -> 0 | K30: =SUM(K31) -> 0 | L30: =SUM(L31) -> 0 | ... AA30: =SUM(AA31) -> 0
A31: 2.1.2.01.01.003.03.02 | B31: 8 | C31: C | D31: Maquinaria de informática y sus partes, piezas y accesorios | J31: =+E31+F31-G31+H31-I31 -> 0 | O31: =SUM(K31:N31) -> 0 | P31: =+'ANEXO No 6A'!I101 -> 0 | U31: =SUM(Q31:T31) -> 0 | Z31: =SUM(V31:Y31) -> 0 | AA31: =+J31-P31 -> 0
A32: 2.1.2.01.01.003.04 | B32: 7 | C32: A | D32: Maquinaria y aparatos eléctricos | E32: =SUM(E33:E38) -> 0 | F32: =SUM(F33:F38) -> 0 | G32: =SUM(G33:G38) -> 0 | H32: =SUM(H33:H38) -> 0 | I32: =SUM(I33:I38) -> 0 | J32: =SUM(J33:J38) -> 0 | K32: =SUM(K33:K38) -> 0 | L32: =SUM(L33:L38) -> 0 | ... AA32: =SUM(AA33:AA38) -> 0
A33: 2.1.2.01.01.003.04.01 | B33: 8 | C33: C | D33: Motores, generadores y transformadores eléctricos y sus partes y piezas | J33: =+E33+F33-G33+H33-I33 -> 0 | O33: =SUM(K33:N33) -> 0 | P33: =+'ANEXO No 6A'!I114 -> 0 | U33: =SUM(Q33:T33) -> 0 | Z33: =SUM(V33:Y33) -> 0 | AA33: =+J33-P33 -> 0
A34: 2.1.2.01.01.003.04.02 | B34: 8 | C34: C | D34: Aparatos de control eléctrico y distribución de electricidad y sus partes y piezas | J34: =+E34+F34-G34+H34-I34 -> 0 | O34: =SUM(K34:N34) -> 0 | P34: =+'ANEXO No 6A'!I127 -> 0 | U34: =SUM(Q34:T34) -> 0 | Z34: =SUM(V34:Y34) -> 0 | AA34: =+J34-P34 -> 0
A35: 2.1.2.01.01.003.04.03 | B35: 8 | C35: C | D35: Hilos y cables aislados; cable de fibra óptica | J35: =+E35+F35-G35+H35-I35 -> 0 | O35: =SUM(K35:N35) -> 0 | P35: =+'ANEXO No 6A'!I140 -> 0 | U35: =SUM(Q35:T35) -> 0 | Z35: =SUM(V35:Y35) -> 0 | AA35: =+J35-P35 -> 0
A36: 2.1.2.01.01.003.04.04 | B36: 8 | C36: C | D36: Acumuladores, pilas y baterías primarias y sus partes y piezas | J36: =+E36+F36-G36+H36-I36 -> 0 | O36: =SUM(K36:N36) -> 0 | P36: =+'ANEXO No 6A'!I153 -> 0 | U36: =SUM(Q36:T36) -> 0 | Z36: =SUM(V36:Y36) -> 0 | AA36: =+J36-P36 -> 0
A37: 2.1.2.01.01.003.04.05 | B37: 8 | C37: C | D37: Lámparas eléctricas de incandescencia o descarga; lámparas de arco, equipo para alumbrado eléctrico; sus partes y piezas | J37: =+E37+F37-G37+H37-I37 -> 0 | O37: =SUM(K37:N37) -> 0 | P37: =+'ANEXO No 6A'!I166 -> 0 | U37: =SUM(Q37:T37) -> 0 | Z37: =SUM(V37:Y37) -> 0 | AA37: =+J37-P37 -> 0
A38: 2.1.2.01.01.003.04.06 | B38: 8 | C38: C | D38: Otro equipo eléctrico y sus partes y piezas | J38: =+E38+F38-G38+H38-I38 -> 0 | O38: =SUM(K38:N38) -> 0 | P38: =+'ANEXO No 6A'!I179 -> 0 | U38: =SUM(Q38:T38) -> 0 | Z38: =SUM(V38:Y38) -> 0 | AA38: =+J38-P38 -> 0
A39: 2.1.2.01.01.003.05 | B39: 7 | C39: A | D39: Equipo y aparatos de radio, televisión y comunicaciones | E39: =SUM(E40:E42) -> 0 | F39: =SUM(F40:F42) -> 0 | G39: =SUM(G40:G42) -> 0 | H39: =SUM(H40:H42) -> 0 | I39: =SUM(I40:I42) -> 0 | J39: =SUM(J40:J42) -> 0 | K39: =SUM(K40:K42) -> 0 | L39: =SUM(L40:L42) -> 0 | ... AA39: =SUM(AA40:AA42) -> 0
A40: 2.1.2.01.01.003.05.02 | B40: 8 | C40: C | D40: Aparatos transmisores de televisión y radio; televisión, video y cámaras digitales; teléfonos | J40: =+E40+F40-G40+H40-I40 -> 0 | O40: =SUM(K40:N40) -> 0 | P40: =+'ANEXO No 6A'!I192 -> 0 | U40: =SUM(Q40:T40) -> 0 | Z40: =SUM(V40:Y40) -> 0 | AA40: =+J40-P40 -> 0
A41: 2.1.2.01.01.003.05.03 | B41: 8 | C41: C | D41: Radiorreceptores y receptores de televisión; aparatos para la grabación y reproducción de sonido y video; micrófonos, altavoces, amplificadores, etc. | J41: =+E41+F41-G41+H41-I41 -> 0 | O41: =SUM(K41:N41) -> 0 | P41: =+'ANEXO No 6A'!I205 -> 0 | U41: =SUM(Q41:T41) -> 0 | Z41: =SUM(V41:Y41) -> 0 | AA41: =+J41-P41 -> 0
A42: 2.1.2.01.01.003.05.05 | B42: 8 | C42: C | D42: Discos, cintas, dispositivos de almacenamiento en estado sólido no volátiles y otros medios, no grabados | J42: =+E42+F42-G42+H42-I42 -> 0 | O42: =SUM(K42:N42) -> 0 | P42: =+'ANEXO No 6A'!I218 -> 0 | U42: =SUM(Q42:T42) -> 0 | Z42: =SUM(V42:Y42) -> 0 | AA42: =+J42-P42 -> 0
A43: 2.1.2.01.01.004 | B43: 6 | C43: A | D43: Activos fijos no clasificados como maquinaria y equipo | E43: =+E44 -> 0 | F43: =+F44 -> 0 | G43: =+G44 -> 0 | H43: =+H44 -> 0 | I43: =+I44 -> 0 | J43: =+J44 -> 0 | K43: =+K44 -> 0 | L43: =+L44 -> 0 | ... AA43: =+AA44 -> 0
A44: 2.1.2.01.01.004.01 | B44: 7 | C44: A | D44: Muebles, instrumentos musicales, artículos de deporte y antigüedades | E44: =+E45+E51+E52 -> 0 | F44: =+F45+F51+F52 -> 0 | G44: =+G45+G51+G52 -> 0 | H44: =+H45+H51+H52 -> 0 | I44: =+I45+I51+I52 -> 0 | J44: =+J45+J51+J52 -> 0 | K44: =+K45+K51+K52 -> 0 | L44: =+L45+L51+L52 -> 0 | ... AA44: =+AA45+AA51+AA52 -> 0
A45: 2.1.2.01.01.004.01.01 | B45: 8 | C45: A | D45: Muebles | E45: =SUM(E46:E50) -> 0 | F45: =SUM(F46:F50) -> 0 | G45: =SUM(G46:G50) -> 0 | H45: =SUM(H46:H50) -> 0 | I45: =SUM(I46:I50) -> 0 | J45: =SUM(J46:J50) -> 0 | K45: =SUM(K46:K50) -> 0 | L45: =SUM(L46:L50) -> 0 | ... AA45: =SUM(AA46:AA50) -> 0
A46: 2.1.2.01.01.004.01.01.01 | B46: 9 | C46: C | D46: Asientos | J46: =+E46+F46-G46+H46-I46 -> 0 | O46: =SUM(K46:N46) -> 0 | P46: =+'ANEXO No 6A'!I231 -> 0 | U46: =SUM(Q46:T46) -> 0 | Z46: =SUM(V46:Y46) -> 0 | AA46: =+J46-P46 -> 0
A47: 2.1.2.01.01.004.01.01.02 | B47: 9 | C47: C | D47: Muebles del tipo utilizado en la oficina | J47: =+E47+F47-G47+H47-I47 -> 0 | O47: =SUM(K47:N47) -> 0 | P47: =+'ANEXO No 6A'!I244 -> 0 | U47: =SUM(Q47:T47) -> 0 | Z47: =SUM(V47:Y47) -> 0 | AA47: =+J47-P47 -> 0
A48: 2.1.2.01.01.004.01.01.03 | B48: 9 | C48: C | D48: Muebles de madera, del tipo usado en la cocina | J48: =+E48+F48-G48+H48-I48 -> 0 | O48: =SUM(K48:N48) -> 0 | P48: =+'ANEXO No 6A'!I257 -> 0 | U48: =SUM(Q48:T48) -> 0 | Z48: =SUM(V48:Y48) -> 0 | AA48: =+J48-P48 -> 0
A49: 2.1.2.01.01.004.01.01.04 | B49: 9 | C49: C | D49: Otros muebles N.C.P. | J49: =+E49+F49-G49+H49-I49 -> 0 | O49: =SUM(K49:N49) -> 0 | P49: =+'ANEXO No 6A'!I270 -> 0 | U49: =SUM(Q49:T49) -> 0 | Z49: =SUM(V49:Y49) -> 0 | AA49: =+J49-P49 -> 0
A50: 2.1.2.01.01.004.01.01.05 | B50: 9 | C50: C | D50: Somieres, colchones con muebles, rellenos o guarnecidos interiormente con cualquier material, de caucho o plásticos celulares, recubiertos o no | J50: =+E50+F50-G50+H50-I50 -> 0 | O50: =SUM(K50:N50) -> 0 | P50: =+'ANEXO No 6A'!I283 -> 0 | U50: =SUM(Q50:T50) -> 0 | Z50: =SUM(V50:Y50) -> 0 | AA50: =+J50-P50 -> 0
A51: 2.1.2.01.01.004.01.02 | B51: 8 | C51: C | D51: Instrumentos musicales | J51: =+E51+F51-G51+H51-I51 -> 0 | O51: =SUM(K51:N51) -> 0 | P51: =+'ANEXO No 6A'!I296 -> 0 | U51: =SUM(Q51:T51) -> 0 | Z51: =SUM(V51:Y51) -> 0 | AA51: =+J51-P51 -> 0
A52: 2.1.2.01.01.004.01.03 | B52: 8 | C52: C | D52: Artículos de deporte | J52: =+E52+F52-G52+H52-I52 -> 0 | O52: =SUM(K52:N52) -> 0 | P52: =+'ANEXO No 6A'!I309 -> 0 | U52: =SUM(Q52:T52) -> 0 | Z52: =SUM(V52:Y52) -> 0 | AA52: =+J52-P52 -> 0
A53: 2.1.2.01.01.005 | B53: 6 | C53: A | D53: Otros activos fijos | E53: =+E54+E61 -> 0 | F53: =+F54+F61 -> 0 | G53: =+G54+G61 -> 0 | H53: =+H54+H61 -> 0 | I53: =+I54+I61 -> 0 | J53: =+J54+J61 -> 0 | K53: =+K54+K61 -> 0 | L53: =+L54+L61 -> 0 | ... AA53: =+AA54+AA61 -> 0
A54: 2.1.2.01.01.005.01 | B54: 7 | C54: A | D54: Recursos biológicos cultivados | E54: =+E55+E58 -> 0 | F54: =+F55+F58 -> 0 | G54: =+G55+G58 -> 0 | H54: =+H55+H58 -> 0 | I54: =+I55+I58 -> 0 | J54: =+J55+J58 -> 0 | K54: =+K55+K58 -> 0 | L54: =+L55+L58 -> 0 | ... AA54: =+AA55+AA58 -> 0
A55: 2.1.2.01.01.005.01.01 | B55: 8 | C55: A | D55: Recursos animales que generan productos en forma repetida | E55: =SUM(E56:E57) -> 0 | F55: =SUM(F56:F57) -> 0 | G55: =SUM(G56:G57) -> 0 | H55: =SUM(H56:H57) -> 0 | I55: =SUM(I56:I57) -> 0 | J55: =SUM(J56:J57) -> 0 | K55: =SUM(K56:K57) -> 0 | L55: =SUM(L56:L57) -> 0 | ... AA55: =SUM(AA56:AA57) -> 0
A56: 2.1.2.01.01.005.01.01.01 | B56: 9 | C56: C | D56: Animales de cría | J56: =+E56+F56-G56+H56-I56 -> 0 | O56: =SUM(K56:N56) -> 0 | P56: =+'ANEXO No 6A'!I322 -> 0 | U56: =SUM(Q56:T56) -> 0 | Z56: =SUM(V56:Y56) -> 0 | AA56: =+J56-P56 -> 0
A57: 2.1.2.01.01.005.01.01.02 | B57: 9 | C57: C | D57: Ganado lechero | J57: =+E57+F57-G57+H57-I57 -> 0 | O57: =SUM(K57:N57) -> 0 | P57: =+'ANEXO No 6A'!I335 -> 0 | U57: =SUM(Q57:T57) -> 0 | Z57: =SUM(V57:Y57) -> 0 | AA57: =+J57-P57 -> 0
A58: 2.1.2.01.01.005.01.02 | B58: 8 | C58: A | D58: Árboles, cultivos y plantas que generan productos en forma repetida | E58: =SUM(E59:E60) -> 0 | F58: =SUM(F59:F60) -> 0 | G58: =SUM(G59:G60) -> 0 | H58: =SUM(H59:H60) -> 0 | I58: =SUM(I59:I60) -> 0 | J58: =SUM(J59:J60) -> 0 | K58: =SUM(K59:K60) -> 0 | L58: =SUM(L59:L60) -> 0 | ... AA58: =SUM(AA59:AA60) -> 0
A59: 2.1.2.01.01.005.01.02.01 | B59: 9 | C59: C | D59: Árboles frutales | J59: =+E59+F59-G59+H59-I59 -> 0 | O59: =SUM(K59:N59) -> 0 | P59: =+'ANEXO No 6A'!I348 -> 0 | U59: =SUM(Q59:T59) -> 0 | Z59: =SUM(V59:Y59) -> 0 | AA59: =+J59-P59 -> 0
A60: 2.1.2.01.01.005.01.02.06 | B60: 9 | C60: C | D60: Otros árboles, cultivos y plantas que generan productos en forma repetida | J60: =+E60+F60-G60+H60-I60 -> 0 | O60: =SUM(K60:N60) -> 0 | P60: =+'ANEXO No 6A'!I361 -> 0 | U60: =SUM(Q60:T60) -> 0 | Z60: =SUM(V60:Y60) -> 0 | AA60: =+J60-P60 -> 0
A61: 2.1.2.01.01.005.02 | B61: 7 | C61: A | D61: Productos de la propiedad intelectual | E61: =+E62 -> 0 | F61: =+F62 -> 0 | G61: =+G62 -> 0 | H61: =+H62 -> 0 | I61: =+I62 -> 0 | J61: =+J62 -> 0 | K61: =+K62 -> 0 | L61: =+L62 -> 0 | ... AA61: =+AA62 -> 0
A62: 2.1.2.01.01.005.02.03 | B62: 8 | C62: A | D62: Programas de informática y bases de datos | E62: =+E63 -> 0 | F62: =+F63 -> 0 | G62: =+G63 -> 0 | H62: =+H63 -> 0 | I62: =+I63 -> 0 | J62: =+J63 -> 0 | K62: =+K63 -> 0 | L62: =+L63 -> 0 | ... AA62: =+AA63 -> 0
